Workbook
Name clubl5: Clubs!$B$6:$E$19
Name clubl5: #REF!
Name Clubs: [1]Lists!$A$2:$A$18
Name Clubs: [1]Lists!$A$2:$A$18
Name Clubs: Lists!$A$2:$A$18
Name Edibles: [1]Lists!$F$2:$F$21
Name Edibles: [1]Lists!$F$2:$F$21
Name Edibles: Lists!$G$2:$G$21
Name Fish: #REF!
Name Individuals: #REF!
Name Inedibles: [1]Lists!$I$2:$I$26
Name Inedibles: [1]Lists!$I$2:$I$26
Name Inedibles: Lists!$K$2:$K$26
Name kgList: [1]Lists!$J$2:$AF$261
Name kgList: [1]Lists!$J$2:$AF$261
Name kgList: Lists!$L$2:$AH$261
Name Master: [1]MASTERLIST!$A$5:$E$1000
Name Master: [1]MASTERLIST!$A$5:$E$1000
Name Master: MASTERLIST!$A$5:$E$995
Name Shark: #REF!
Name Status: Lists!$C$2:$C$9

Sheet Lists
A1: Clubs | C1: Status | D1: Scientific Name | E1: Min Length | F1: Length to measure | G1: Edibles | H1: Scientific Name | I1: Min Length | J1: Length to measure | K1: Inedibles | M1: length | Q1: KgList
A2: Atlantic Angling Club | B2: AAC | C2: Deseased | D2: Diplodus sargus capensis | E2: 25 | F2: Fork length | G2: Blacktail | H2: Galeichthys ater | I2: 40 | J2: Fork length | K2: Catfish - Sea Black | L2: cm | M2: Blacktail | N2: Galjoen | O2: Kob | P2: Steenbras West Coast | Q2: Garrick | R2: Shad | S2: Redfinger | T2: Shark Copper (Male) | U2: Shark Copper (Female) | V2: Shark Cow / Sevengill | W2: Shark Spotted Gully | X2: Shark Hound Smooth | Y2: Shark Soupfin | Z2: Guitarfish - Lesser | AA2: Elephantfish | AB2: Ray Blue (Male) | AC2: Ray Blue (Female) | AD2: Ray Bull / Eagle | AE2: Ray Diamond / ButterFly | AF2: Skate Spearnose | AG2: Green Eye Spurdog shark | AH2: Catfish - Sea Black
A3: Benguella | B3: BEN | C3: Ladies Grand Master | G3: Bluefin Gurnard | H3: Galeichthys feliceps | J3: Fork length | K3: Catfish - Sea White | L3: 1
A4: Henties Bay | B4: HEN | C4: Ladies Master | G4: Cape Gurnard | H4: Callorhinchus capensis | I4: 50 | J4: Total length | K4: Elephantfish | L4: 2
A5: Mako | B5: MAKO | C5: Ladies Veteran | D5: Dichistius capensis | E5: 30 | F5: Total length | G5: Galjoen | H5: Squalus chloroculus | I5: 66 | K5: Green Eye Spurdog shark | L5: 3
A6: Namib Park | B6: NPAC | C6: Ladies Senoir | D6: Lichia amia | E6: 36 | F6: Fork length | G6: Garrick | H6: Rhinobatos blochii | J6: Total length | K6: Guitarfish - Bluntnose | L6: 4
A7: Okahandja | B7: OKH | C7: Ladies U/21 | G7: Geelbek | H7: Rhinobatos leucospilus | J7: Total length | K7: Guitarfish - Greyspot | L7: 5
A8: Orca Angling Club | B8: ORCA | C8: Ladies U/16 | G8: Grunter - Spotted | H8: Rhinobatos annulatus | I8: 65 | J8: Total length | K8: Guitarfish - Lesser | L8: 6
A9: Otjiwarongo | B9: OTJ | C9: Men Grandmasters | D9: Argyrosomus inodorus | E9: 40 | F9: Total length | G9: Kob | H9: Dasyatis chrysonota chrysonota | I9: 30 | J9: Disc width | K9: Ray Blue (Female) | L9: 7
A10: Penguin | B10: PEN | C10: Men Masters | G10: Lyre Gurnard | H10: Dasyatis chrysonota chrysonota | I10: 32 | J10: Disc width | K10: Ray Blue (Male) | L10: 8
A11: Seagulls WHK | B11: SWHK | C11: Men Veterans | G11: Maasbanker | H11: Myliobatus aquila | I11: 38 | J11: Disc width | K11: Ray Bull / Eagle | L11: 9
A12: Seagulls WVB | B12: SWVB | C12: Men Senior | G12: Redfinger | H12: Gymnura natalensis | I12: 48 | J12: Disc width | K12: Ray Diamond / ButterFly | L12: 10
A13: Skeleton Coast | B13: SKUL | C13: Men U/21 | D13: Pomatomus saltatrix | E13: 38 | F13: Fork length | G13: Shad | H13: Pteromylaeus bovinus | J13: Disc width | K13: Ray Duckbill | L13: 11
A14: Steenbras | B14: STEEN | C14: Men U/16 | G14: Steenbras Sand | H14: Carcharhinus brachyurus | I14: 44 | J14: Pre-caudal length | K14: Shark Copper (Female) | L14: 12
A15: Walvis Bay | B15: WAL | D15: Lithognathus aureti | E15: 40 | F15: Fork length | G15: Steenbras West Coast | H15: Carcharhinus brachyurus | I15: 44 | J15: Pre-caudal length | K15: Shark Copper (Male) | L15: 13
A16: Welwitschia | B16: WEL | G16: Steenbras White | H16: Notorynchus cepedianus | I16: 53 | J16: Pre-caudal length | K16: Shark Cow / Sevengill | L16: 14
G17: Strepie | H17: Mustelus mustelus | I17: 68 | J17: Total length | K17: Shark Hound Smooth | L17: 15
G18: Striped Mullet | H18: Mustelus palumbes | I18: 68 | J18: Total length | K18: Shark Hound Whitespotted | L18: 16
G19: Tuna Eastern Little | H19: Galeocerdo cuvier | J19: Pre-caudal length | K19: Shark Ragged Tooth | L19: 17
G20: White Stumpnose | H20: Galeorhinus galeus | I20: 36 | J20: Pre-caudal length | K20: Shark Soupfin | L20: 18
G21: Yellowtail amberjack | H21: Triakis megalopterus | I21: 65 | J21: Total length | K21: Shark Spotted Gully | L21: 19
H22: Dipturus doutrei | J22: Disc width | K22: Skate - Javelin | L22: 20
H23: Raja clavata | J23: Disc width | K23: Skate - Thornback | L23: 21
H24: Raja alba | I24: 50 | J24: Disc width | K24: Skate Spearnose | L24: 23 | M24: 0.3 | S24: 0
K25: Spiney dogfish Bluntnose | L25: 24 | M25: 0.4 | S25: 0
K26: Spiney dogfish Spotted | L26: 25 | M26: 0.4 | S26: 0
K27: Spinner shark - Long nose | L27: 26 | M27: 0.5 | S27: 0
K28: Tresher Shark | L28: 27 | M28: 0.6 | S28: 0
L29: 28 | M29: 0.6 | S29: 0
L30: 29 | M30: 0.7 | S30: 0
L31: 30 | M31: 0.84160148 | N31: 0.5 | S31: 0 | AC31: 1.0179249
L32: 31 | M32: 0.9282937 | N32: 0.5 | S32: 0 | AC32: 1.1324446
L33: 32 | M33: 1.0207335 | N33: 0.6 | P33: 0.7 | S33: 0 | AB33: 0.95836376 | AC33: 1.2555905
L34: 33 | M34: 1.1191044 | N34: 0.7 | P34: 0.8 | S34: 0 | AB34: 1.0570748 | AC34: 1.3729856
L35: 34 | M35: 1.22359 | N35: 0.7 | P35: 0.9 | S35: 0 | AB35: 1.1557858 | AC35: 1.4918184
L36: 35 | M36: 1.3343735 | N36: 0.78195192 | P36: 0.9 | S36: 0 | AB36: 1.2544969 | AC36: 1.680296
L37: 36 | M37: 1.4516383 | N37: 0.85379096 | P37: 1 | Q37: 0.67361769 | S37: 0 | Y37: 1.0020532 | AB37: 1.3532079 | AC37: 1.8414706
L38: 37 | M38: 1.5755678 | N38: 0.92998754 | P38: 1.1 | Q38: 0.7258366 | S38: 0 | Y38: 1.0678087 | AB38: 1.451919 | AC38: 2.0136313
L39: 38 | M39: 1.7063452 | N39: 1.0106774 | P39: 1.2 | Q39: 0.78054773 | R39: 0.73085122 | S39: 0 | Y39: 1.1335641 | AB39: 1.6569162 | AC39: 2.1960132 | AD39: 0.9628367
L40: 39 | M40: 1.8441537 | N40: 1.0959969 | P40: 1.3 | Q40: 0.83779974 | R40: 0.78967185 | S40: 0 | Y40: 1.1993196 | AB40: 1.7998651 | AC40: 2.389526 | AD40: 1.0424834
L41: 40 | M41: 1.9891765 | N41: 1.1860826 | O41: 0.65065738 | P41: 1.4 | Q41: 0.89764092 | R41: 0.85155591 | S41: 0 | Y41: 1.2650751 | AB41: 1.9505771 | AC41: 2.5945375 | AD41: 1.127331 | AH41: 0.98692061
L42: 41 | M42: 2.1415966 | N42: 1.2810715 | O42: 0.70137925 | P42: 1.5 | Q42: 0.96011925 | R42: 0.91658036 | S42: 0 | Y42: 1.3308306 | AB42: 2.1102279 | AC42: 2.8114178 | AD42: 1.2234013 | AH42: 1.0649112
L43: 42 | M43: 2.3015972 | N43: 1.3811013 | O43: 0.75468867 | P43: 1.6 | Q43: 1.0252824 | R43: 0.9848592 | S43: 0 | Y43: 1.396586 | AB43: 2.2786218 | AC43: 3.0405392 | AD43: 1.3194716 | AH43: 1.1469608
L44: 43 | M44: 2.4693612 | N44: 1.4863098 | O44: 0.81065132 | P44: 1.7 | Q44: 1.0931776 | R44: 1.0563972 | S44: 0 | Y44: 1.4623415 | AB44: 2.4560121 | AC44: 3.2822764 | AD44: 1.4155418 | AH44: 1.2331764
L45: 44 | M45: 2.6450717 | N45: 1.5968352 | O45: 0.86933292 | P45: 1.8 | Q45: 1.1638519 | R45: 1.1313064 | S45: 0 | T45: 0.9695481 | U45: 0.96756273 | Y45: 1.596075 | AB45: 2.6426535 | AC45: 3.5370064 | AD45: 1.5078594 | AH45: 1.3236652
L46: 45 | M46: 2.8289115 | N46: 1.7128163 | O46: 0.93079926 | P46: 1.9 | Q46: 1.237352 | R46: 1.2096634 | S46: 0 | T46: 1.0404588 | U46: 1.0376029 | Y46: 1.6844899 | AB46: 2.8388018 | AC46: 3.8051084 | AD46: 1.6151878 | AH46: 1.4185347
L47: 46 | M47: 3.0210635 | N47: 1.8343922 | O47: 0.9951162 | P47: 2.1 | Q47: 1.3137244 | R47: 1.2915452 | S47: 0 | T47: 1.1148248 | U47: 1.1110052 | Y47: 1.7842344 | AB47: 3.0447136 | AC47: 4.0869636 | AD47: 1.7 | AH47: 1.5178926
L48: 47 | M48: 3.2217107 | N48: 1.9617021 | O48: 1.0623496 | P48: 2.2 | Q48: 1.3930151 | R48: 1.3770283 | S48: 0 | T48: 1.1927338 | U48: 1.1878527 | Y48: 1.8839789 | AB48: 3.2606469 | AC48: 4.3829555 | AD48: 1.8 | AH48: 1.6218466
L49: 48 | M49: 3.4310357 | N49: 2.0948861 | O49: 1.1325656 | P49: 2.4 | Q49: 1.4752701 | R49: 1.4661896 | S49: 0 | T49: 1.2742739 | U49: 1.2682285 | Y49: 1.9530418 | AB49: 3.4868606 | AC49: 4.6934697 | AD49: 2 | AE49: 0.96047262 | AH49: 1.7305048
L50: 49 | N50: 2.2340841 | O50: 1.20583 | P50: 2.5 | Q50: 1.5605349 | R50: 1.5591058 | S50: 0 | T50: 1.3595333 | U50: 1.3522162 | Y50: 2.0487272 | AB50: 3.7236145 | AC50: 5.0188938 | AD50: 2.1 | AE50: 1.0285084 | AH50: 1.8439754
L51: 50 | N51: 2.3794367 | O51: 1.2822089 | P51: 2.7 | Q51: 1.6488549 | R51: 1.6558534 | S51: 0 | T51: 1.4486005 | U51: 1.4398992 | Y51: 2.1470246 | AA51: 0.99625 | AB51: 3.9711696 | AC51: 5.3596174 | AD51: 2.2 | AE51: 1.0965443 | AF51: 1 | AH51: 1.9623668
L52: 51 | N52: 2.5310848 | O52: 1.3617686 | P52: 2.8 | Q52: 1.7402751 | R52: 1.756509 | S52: 0 | T52: 1.5415644 | U52: 1.5313614 | Y52: 2.2435806 | AA52: 1.0572285 | AB52: 4.2297878 | AC52: 5.7160322 | AD52: 2.4 | AE52: 1.1645801 | AF52: 1.1 | AH52: 2.0857875
L53: 52 | N53: 2.6891695 | O53: 1.4445752 | P53: 3 | Q53: 1.8348403 | R53: 1.8611493 | S53: 0 | T53: 1.6385139 | U53: 1.6266868 | Y53: 2.340572 | AA53: 1.1206458 | AB53: 4.499732 | AC53: 6.0885318 | AD53: 2.5 | AE53: 1.2266098 | AF53: 1.1 | AH53: 2.2143462
L54: 53 | N54: 2.8538324 | O54: 1.5306949 | P54: 3.1 | Q54: 1.9325953 | R54: 1.9698509 | S54: 0 | T54: 1.7395385 | U54: 1.7259596 | V54: 1.0148951 | Y54: 2.457758 | AA54: 1.1865497 | AB54: 4.7812662 | AC54: 6.4775119 | AD54: 2.7 | AE54: 1.3060911 | AF54: 1.2 | AH54: 2.348152
L55: 54 | N55: 3.0252152 | O55: 1.620194 | P55: 3.3 | Q55: 2.0335842 | R55: 2.0826902 | S55: 0 | T55: 1.8447276 | U55: 1.829264 | V55: 1.1726034 | Y55: 2.5666711 | AA55: 1.2549881 | AB55: 5.074655 | AC55: 6.8833698 | AD55: 2.8 | AE55: 1.3855723 | AF55: 1.3 | AH55: 2.4873137
L56: 55 | N56: 3.2034603 | O56: 1.7131388 | P56: 3.5 | Q56: 2.1378513 | R56: 2.1997437 | S56: 0 | T56: 1.954171 | U56: 1.9366847 | V56: 1.3303117 | Y56: 2.6755841 | AA56: 1.3260087 | AB56: 5.3801642 | AC56: 7.306505 | AD56: 3 | AE56: 1.4650536 | AF56: 1.3 | AH56: 2.6319408
L57: 56 | N57: 3.3887099 | O57: 1.8095958 | P57: 3.7 | Q57: 2.2454404 | R57: 2.3210879 | S57: 0 | T57: 2.0679586 | U57: 2.0483062 | V57: 1.48802 | Y57: 2.7844972 | AA57: 1.3996595 | AB57: 5.6980605 | AC57: 7.7473187 | AD57: 3.2 | AE57: 1.5 | AF57: 1.4 | AH57: 2.7821425
L58: 57 | N58: 3.581107 | O58: 1.9096314 | P58: 3.9 | Q58: 2.3563953 | R58: 2.4467992 | S58: 0 | T58: 2.1861809 | U58: 2.1642134 | V58: 1.6457283 | Y58: 2.9096408 | AA58: 1.4759882 | AB58: 6.0286114 | AC58: 8.206214 | AD58: 3.3 | AE58: 1.6 | AF58: 1.5 | AH58: 2.9380285
L59: 58 | N59: 3.7807947 | O59: 2.013312 | P59: 4.1 | Q59: 2.4707594 | R59: 2.5769541 | S59: 0 | T59: 2.3089281 | U59: 2.2844915 | V59: 1.8034366 | Y59: 3.0185539 | AA59: 1.5550426 | AB59: 6.3720854 | AC59: 8.6835958 | AD59: 3.5 | AE59: 1.7 | AF59: 1.6 | AH59: 3.0997085
L60: 59 | N60: 3.9879162 | O60: 2.1207042 | P60: 4.3 | Q60: 2.5885759 | R60: 2.7116289 | S60: 0 | T60: 2.436291 | U60: 2.4092255 | V60: 1.9611449 | Y60: 3.1323361 | AA60: 1.6368706 | AB60: 6.7287518 | AC60: 9.1798708 | AD60: 3.7 | AE60: 1.8 | AF60: 1.7 | AH60: 3.2672923
L61: 60 | N61: 4.2026154 | O61: 2.2318746 | P61: 4.5 | Q61: 2.7098879 | R61: 2.8509 | S61: 0 | T61: 2.5683605 | U61: 2.5385008 | V61: 2.1188532 | Y61: 3.2461184 | AA61: 1.72152 | AB61: 7.0988808 | AC61: 9.6954474 | AD61: 3.9 | AE61: 1.9 | AF61: 1.8 | AH61: 3.4408899
L62: 61 | N62: 4.4250363 | O62: 2.3468897 | P62: 4.8 | Q62: 2.8347383 | R62: 2.9948437 | S62: 0 | T62: 2.7052277 | U62: 2.6724029 | V62: 2.2765615 | Y62: 3.3599006 | AA62: 1.8090386 | AB62: 7.4827434 | AC62: 10.230736 | AD62: 4.1 | AE62: 2 | AF62: 1.9 | AH62: 3.6206116
L63: 62 | N63: 4.655323 | O63: 2.4658163 | P63: 5 | Q63: 2.9631697 | R63: 3.1435364 | S63: 0 | T63: 2.846984 | U63: 2.8110174 | V63: 2.4342698 | Y63: 3.5362877 | AA63: 1.8994742 | AB63: 7.8806116 | AC63: 10.786148 | AD63: 4.3 | AE63: 2.1 | AF63: 2 | AH63: 3.8065677
L64: 63 | N64: 4.8936202 | O64: 2.5887211 | P64: 5.2 | Q64: 3.0952246 | R64: 3.2970543 | S64: 0 | T64: 2.9937209 | U64: 2.9544303 | V64: 2.5919781 | Y64: 3.670007 | AA64: 1.9928746 | AB64: 8.292758 | AC64: 11.362097 | AD64: 4.5 | AE64: 2.2 | AF64: 2.1 | AH64: 3.9988686
L65: 64 | N65: 5.1400728 | O65: 2.7156707 | P65: 5.5 | Q65: 3.2309452 | R65: 3.4554736 | S65: 0 | T65: 3.1455303 | U65: 3.1027275 | V65: 2.7496864 | Y65: 3.8037262 | Z65: 0.90796475 | AA65: 2.0892877 | AB65: 8.7194561 | AC65: 11.958999 | AD65: 4.7 | AE65: 2.3 | AF65: 2.2 | AH65: 4.1976249
L66: 65 | N66: 5.3948258 | O66: 2.8467321 | P66: 5.7 | Q66: 3.3703738 | R66: 3.6188707 | S66: 0 | T66: 3.3025039 | U66: 3.255995 | V66: 2.9073947 | W66: 0.98816706 | Y66: 3.9374454 | Z66: 0.95381995 | AA66: 2.1887612 | AB66: 9.1609804 | AC66: 12.577271 | AD66: 5 | AE66: 2.4 | AF66: 2.3 | AH66: 4.4029474
L67: 66 | N67: 5.6580246 | O67: 2.9819719 | P67: 6 | Q67: 3.513552 | R67: 3.7873216 | S67: 0 | T67: 3.4647341 | U67: 3.4143192 | V67: 3.0659975 | W67: 1.0413009 | Y67: 4.0711646 | Z67: 0.99967514 | AA67: 2.2913431 | AB67: 9.6176059 | AC67: 13.217331 | AD67: 5.2 | AE67: 2.6 | AF67: 2.4 | AG67: 0.98816706 | AH67: 4.6149469
L68: 67 | N68: 5.9298149 | O68: 3.1214572 | P68: 6.3 | Q68: 3.6605219 | R68: 3.9609027 | S68: 0 | T68: 3.6323132 | U68: 3.5777865 | V68: 3.2210225 | W68: 1.0964278 | Y68: 4.2048838 | Z68: 1.0502458 | AA68: 2.3970811 | AB68: 10.089609 | AC68: 13.879599 | AD68: 5.5 | AE68: 2.7 | AF68: 2.5 | AG68: 1.0413009 | AH68: 4.8337346
L69: 68 | N69: 6.2103426 | O69: 3.2652548 | P69: 6.6 | Q69: 3.8113247 | R69: 4.13969 | S69: 0 | T69: 3.8053337 | U69: 3.7464834 | V69: 3.3814141 | W69: 1.150226 | X69: 0.95651425 | Y69: 4.3813469 | Z69: 1.0913855 | AA69: 2.506023 | AB69: 10.577265 | AC69: 14.564497 | AD69: 5.7 | AE69: 2.8 | AF69: 2.6 | AG69: 1.0964278 | AH69: 5.0594215
L70: 69 | N70: 6.4997539 | O70: 3.4134317 | P70: 6.8 | Q70: 3.9660021 | R70: 4.3237597 | S70: 0 | T70: 3.9838885 | U70: 3.9204967 | V70: 3.5472749 | W70: 1.2043564 | X70: 1.0066815 | Y70: 4.5322616 | Z70: 1.1531485 | AA70: 2.6182167 | AB70: 11.080853 | AC70: 15.272449 | AD70: 6 | AE70: 2.9 | AF70: 2.7 | AG70: 1.150226 | AH70: 5.292119
L71: 70 | N71: 6.7981953 | O71: 3.5660549 | P71: 7.1 | Q71: 4.1245951 | R71: 4.5131879 | S71: 0 | T71: 4.1680704 | U71: 4.0999131 | V71: 3.6959363 | W71: 1.2584868 | X71: 1.0587008 | Y71: 4.6831764 | Z71: 1.2149115 | AA71: 2.73371 | AB71: 11.600651 | AC71: 16.003879 | AD71: 6.2 | AE71: 3 | AF71: 2.9 | AG71: 1.2043564 | AH71: 5.5319385
L72: 71 | N72: 7.1058134 | O72: 3.7231914 | P72: 7.5 | Q72: 4.2871449 | R72: 4.7080508 | S72: 0 | T72: 4.3579727 | U72: 4.2848197 | V72: 3.8536446 | W72: 1.3126172 | X72: 1.1126128 | Y72: 4.8340911 | Z72: 1.2766744 | AA72: 2.8525507 | AB72: 12.136937 | AC72: 16.759214 | AD72: 6.5 | AE72: 3.2 | AF72: 3.0333333 | AG72: 1.2584868 | AH72: 5.7789915
L73: 72 | N73: 7.4227552 | O73: 3.8849083 | P73: 7.8 | Q73: 4.4536924 | R73: 4.9084243 | S73: 0 | T73: 4.5536886 | U73: 4.4753036 | V73: 4.0787066 | W73: 1.3667476 | X73: 1.1684581 | Y73: 4.9850058 | Z73: 1.3384374 | AA73: 2.9747866 | AB73: 12.689992 | AC73: 17.538883 | AD73: 6.8 | AE73: 3.3 | AF73: 3.1833333 | AG73: 1.3126172 | AH73: 6.0333897
L74: 73 | N74: 7.749168 | O74: 4.0512727 | P74: 8.1 | Q74: 4.6242783 | R74: 5.1143846 | S74: 0 | T74: 4.7553117 | U74: 4.6714521 | V74: 4.2588662 | W74: 1.420878 | X74: 1.2262778 | Y74: 5.1359205 | Z74: 1.4002003 | AA74: 3.1004655 | AB74: 13.260095 | AC74: 18.343314 | AD74: 7.1 | AE74: 3.5 | AF74: 3.3333333 | AG74: 1.3667476 | AH74: 6.295245
L75: 74 | N75: 8.085199 | O75: 4.2223518 | P75: 8.4 | Q75: 4.7989431 | R75: 5.3260076 | S75: 0 | T75: 4.9629357 | U75: 4.8733524 | V75: 4.4502514 | W75: 1.4750084 | X75: 1.2861131 | Y75: 5.2868353 | Z75: 1.4619633 | AA75: 3.2296353 | AB75: 13.847528 | AC75: 19.172938 | AD75: 7.4 | AE75: 3.6 | AF75: 3.4833333 | AG75: 1.420878 | AH75: 6.5646692
L76: 75 | N76: 8.4309962 | O76: 4.3982127 | P76: 8.8 | Q76: 4.9777274 | R76: 5.5433694 | S76: 0 | T76: 5.1766545 | U76: 5.0810922 | V76: 4.6631007 | W76: 1.6144539 | X76: 1.3429456 | Y76: 5.4994146 | Z76: 1.5237263 | AA76: 3.3623437 | AB76: 14.452573 | AC76: 20.028189 | AD76: 7.7 | AE76: 3.4 | AF76: 3.6333333 | AG76: 1.4750084 | AH76: 6.8417744
L77: 76 | N77: 8.7867073 | O77: 4.5789227 | P77: 9.1 | Q77: 5.1606714 | R77: 5.766546 | S77: 0 | T77: 5.396562 | U77: 5.2947591 | V77: 4.8616406 | W77: 1.6970227 | X77: 1.4007777 | Y77: 5.6710067 | Z77: 1.5854892 | AA77: 3.4986387 | AB77: 15.075513 | AC77: 20.909501 | AD77: 8 | AE77: 3.5 | AF77: 3.7833333 | AG77: 1.6144539 | AH77: 7.1266728
L78: 77 | N78: 9.1524805 | O78: 4.7645489 | P78: 9.5 | Q78: 5.3478152 | R78: 5.9956134 | S78: 0 | T78: 5.6227527 | U78: 5.5144408 | V78: 5.0637579 | W78: 1.7938107 | X78: 1.4586098 | Y78: 5.8425987 | Z78: 1.6472522 | AA78: 3.638568 | AB78: 15.716631 | AC78: 21.817308 | AD78: 8.4 | AE78: 3.6 | AF78: 3.9333333 | AG78: 1.6970227 | AH78: 7.4194767
L79: 78 | N79: 9.5284643 | O79: 4.9551588 | P79: 9.8 | Q79: 5.5391989 | R79: 6.2306474 | S79: 0 | T79: 5.8553208 | U79: 5.7402253 | V79: 5.2658751 | W79: 1.8905986 | X79: 1.5164419 | Y79: 6.0141908 | Z79: 1.7090152 | AA79: 3.7821794 | AB79: 16.37621 | AC79: 22.752047 | AD79: 8.7 | AF79: 4 | AG79: 1.7938107 | AH79: 7.7202985
L80: 79 | N80: 9.9148072 | O80: 5.1508197 | P80: 10.2 | Q80: 5.7348622 | R80: 6.4717241 | S80: 0 | T80: 6.094361 | U80: 5.9722006 | V80: 5.4679924 | W80: 1.9294637 | X80: 1.574274 | Y80: 6.1857829 | Z80: 1.7707781 | AA80: 3.9295208 | AB80: 17.054536 | AC80: 23.714158 | AD80: 9 | AF80: 4.2333333 | AG80: 1.8905986 | AH80: 8.0292507
L81: 80 | N81: 10.311658 | O81: 5.3515988 | P81: 10.6 | Q81: 5.934845 | R81: 6.7189192 | S81: 0 | T81: 6.339968 | U81: 6.2104549 | V81: 5.7667845 | W81: 2.0141958 | X81: 1.6898047 | Y81: 6.3573749 | Z81: 1.8325411 | AA81: 4.08064 | AB81: 17.751894 | AC81: 24.704079 | AD81: 9.4 | AF81: 4.3833333 | AG81: 1.9294637 | AH81: 8.3464461
L82: 81 | N82: 10.719166 | O82: 5.5575636 | P82: 11 | Q82: 6.1391867 | R82: 6.9723088 | S82: 0 | T82: 6.5922368 | U82: 6.4550763 | V82: 6.0066099 | W82: 2.1018921 | X82: 1.7668696 | Y82: 6.574302 | Z82: 1.894304 | AA82: 4.2355848 | AB82: 18.46857 | AC82: 25.722253 | AD82: 9.8 | AF82: 4.6 | AG82: 2.0141958 | AH82: 8.6719973
L83: 82 | N83: 11.137481 | O83: 5.7687816 | P83: 11.4 | Q83: 6.3479269 | R83: 7.2319687 | S83: 0 | T83: 6.8512624 | U83: 6.7061534 | V83: 6.2532818 | W83: 2.19226 | X83: 1.853551 | Y83: 6.7307824 | Z83: 1.9922866 | AA83: 4.394403 | AB83: 19.204851 | AC83: 26.769121 | AD83: 10.1 | AF83: 4.7 | AG83: 2.1018921 | AH83: 9.0060172
L84: 83 | N84: 11.566751 | O84: 5.9853202 | P84: 11.8 | Q84: 6.5611047 | R84: 7.4979748 | S84: 0 | T84: 7.1171401 | U84: 6.9637746 | V84: 6.5069086 | W84: 2.2853466 | X84: 1.9222952 | Y84: 6.957007 | Z84: 2.0705804 | AA84: 4.5571424 | AB84: 19.961023 | AC84: 27.845127 | AD84: 10.5 | AF84: 4.9 | AG84: 2.19226 | AH84: 9.3486188
L85: 84 | N85: 12.007128 | O85: 6.2072468 | P85: 12.2 | Q85: 6.7787594 | R85: 7.7704028 | S85: 0 | T85: 7.3899653 | U85: 7.2280286 | V85: 6.7675991 | W85: 2.3811997 | X85: 2.0100813 | Y85: 7.1529907 | Z85: 2.1509578 | AA85: 4.7238509 | AB85: 20.737376 | AC85: 28.950717 | AD85: 10.9 | AF85: 5.1 | AG85: 2.2853466 | AH85: 9.6999153
L86: 85 | N86: 12.458759 | O86: 6.4346291 | P86: 12.7 | Q86: 7.0009301 | R86: 8.0493286 | S86: 0 | T86: 7.6698337 | U86: 7.4990041 | V86: 7.0354623 | W86: 2.4798669 | X86: 2.0950389 | Y86: 7.3520779 | Z86: 2.2334485 | AA86: 4.8945762 | AB86: 21.534198 | AC86: 30.086337 | AD86: 11.3 | AF86: 5.3 | AG86: 2.3811997 | AH86: 10.06002
L87: 86 | N87: 12.921797 | O87: 6.6675346 | P87: 13.1 | Q87: 7.2276555 | R87: 8.334828 | S87: 0 | T87: 7.956841 | U87: 7.7767901 | V87: 7.3106078 | W87: 2.5813965 | X87: 2.1825302 | Y87: 7.5490962 | Z87: 2.3180822 | AA87: 5.0693663 | AB87: 22.351778 | AC87: 31.252436 | AD87: 11.7 | AF87: 5.5 | AG87: 2.4798669 | AH87: 10.429046
L88: 87 | N88: 13.396391 | O88: 6.9060309 | P88: 13.6 | Q88: 7.4589746 | S88: 0 | T88: 8.251083 | U88: 8.0614753 | V88: 7.5931453 | W88: 2.6858365 | X88: 2.2726002 | Y88: 7.7466316 | Z88: 2.4048887 | AA88: 5.2482689 | AB88: 23.190405 | AC88: 32.449462 | AD88: 12.1 | AF88: 5.7 | AG88: 2.5813965 | AH88: 10.807106
L89: 88 | N89: 13.882692 | O89: 7.1501855 | P89: 14 | Q89: 7.694926 | S89: 0 | T89: 8.5526559 | U89: 8.3531491 | V89: 7.8831852 | W89: 2.7932356 | X89: 2.3652937 | Y89: 7.9441671 | Z89: 2.4938978 | AA89: 5.4313318 | AB89: 24.050372 | AC89: 33.677867 | AD89: 12.6 | AF89: 5.9 | AG89: 2.6858365 | AH89: 11.194315
L90: 89 | N90: 14.38085 | O90: 7.4000662 | P90: 14.5 | Q90: 7.9355482 | S90: 0 | T90: 8.8616558 | U90: 8.6519006 | V90: 8.1808378 | W90: 2.9036427 | X90: 2.4606562 | Y90: 8.1796944 | Z90: 2.5851395 | AA90: 5.6186029 | AB90: 24.931968 | AC90: 34.938101 | AD90: 13 | AF90: 6.1 | AG90: 2.7932356 | AH90: 11.590786
L91: 90 | N91: 14.891018 | O91: 7.6557407 | P91: 15 | Q91: 8.1808797 | S91: 0 | T91: 9.1781791 | U91: 8.957819 | V91: 8.4862143 | W91: 3.0171066 | X91: 2.5587331 | Y91: 8.4 | Z91: 2.6786436 | AA91: 5.81013 | AB91: 25.835486 | AC91: 36.230619 | AD91: 13.5 | AF91: 6.3 | AG91: 2.9036427 | AH91: 11.996632
L92: 91 | O92: 7.9172766 | P92: 15.5 | Q92: 8.4309587 | S92: 0 | T92: 9.5023225 | U92: 9.2709939 | V92: 8.7994257 | W92: 3.1336766 | X92: 2.6595703 | Y92: 8.6 | Z92: 2.7744403 | AA92: 6.0059609 | AB92: 26.761218 | AC92: 37.555875 | AD92: 13.9 | AF92: 6.6 | AG92: 3.0171066 | AH92: 12.411968
L93: 92 | O93: 8.1847418 | P93: 16 | Q93: 8.6858234 | S93: 0 | T93: 9.8341824 | U93: 9.5915148 | V93: 9.1205838 | W93: 3.2534023 | X93: 2.7632139 | Y93: 8.8 | Z93: 2.8725596 | AA93: 6.2061434 | AB93: 27.709457 | AC93: 38.914324 | AD93: 14.4 | AF93: 6.8 | AG93: 3.1336766 | AH93: 12.836908
L94: 93 | O94: 8.4582039 | P94: 16.5 | Q94: 8.945512 | S94: 0 | T94: 10.173856 | U94: 9.9194714 | V94: 9.4498004 | W94: 3.3763334 | X94: 2.8697102 | Y94: 9.1 | Z94: 2.9730316 | AA94: 6.4107253 | AB94: 28.680497 | AC94: 40.306424 | AD94: 14.9 | AF94: 7 | AG94: 3.2534023 | AH94: 13.271564
L95: 94 | O95: 8.7377308 | P95: 17 | Q95: 9.2100623 | S95: 0 | T95: 10.52144 | U95: 10.254953 | V95: 9.7871878 | W95: 3.5025198 | X95: 2.9791058 | Y95: 9.3 | Z95: 3.0758867 | AA95: 6.6197545 | AB95: 29.674632 | AC95: 41.732633 | AD95: 15.4 | AF95: 7.3 | AG95: 3.3763334 | AH95: 13.716053
L96: 95 | O96: 9.0233904 | P96: 17.6 | Q96: 9.4795122 | S96: 0 | T96: 10.877031 | U96: 10.59805 | V96: 10.132859 | W96: 3.6320117 | X96: 3.0914474 | Y96: 9.5 | Z96: 3.1811549 | AA96: 6.8332787 | AB96: 30.692157 | AC96: 43.19341 | AD96: 15.9 | AF96: 7.5 | AG96: 3.5025198 | AH96: 14.170487
L97: 96 | O97: 9.3152504 | P97: 18.1 | Q97: 9.7538995 | S97: 0 | T97: 11.240727 | U97: 10.948853 | V97: 10.486926 | W97: 3.7648597 | X97: 3.2067822 | Y97: 9.8 | Z97: 3.2888667 | AA97: 7.0513459 | AB97: 31.733367 | AC97: 44.689217 | AD97: 16.4 | AF97: 7.8 | AG97: 3.6320117 | AH97: 14.634982
L98: 97 | O98: 9.6133789 | P98: 18.7 | Q98: 10.033262 | S98: 0 | T98: 11.612626 | U98: 11.307451 | V98: 10.849503 | W98: 3.9011142 | X98: 3.3251575 | Y98: 10 | Z98: 3.3990525 | AA98: 7.2740038 | AB98: 32.798558 | AC98: 46.220514 | AD98: 16.9 | AF98: 8 | AG98: 3.7648597 | AH98: 15.109651
L99: 98 | O99: 9.9178436 | P99: 19.2 | Q99: 10.317636 | S99: 0 | T99: 11.992824 | U99: 11.673934 | V99: 11.220704 | W99: 4.0408262 | X99: 3.4466208 | Y99: 10.2 | Z99: 3.5117426 | AA99: 7.5013002 | AB99: 33.888026 | AC99: 47.787766 | AD99: 17.5 | AF99: 8.3 | AG99: 3.9011142 | AH99: 15.594609
L100: 99 | O100: 10.228713 | P100: 19.8 | Q100: 10.607061 | S100: 0 | T100: 12.38142 | U100: 12.048393 | V100: 11.600641 | W100: 4.1840468 | X100: 3.57122 | Y100: 10.5 | Z100: 3.6269676 | AA100: 7.733283 | AB100: 35.00207 | AC100: 49.391436 | AD100: 18 | AF100: 8.6 | AG100: 4.0408262 | AH100: 16.089972
...

Sheet MASTERLIST
A1: Only complete Black areas on sheet
B2: MASTER ANGLERS LIST
A4: Number | B4: Club | C4: Name | D4: Surname | E4: Status | F4: DOB | G4: Date Today | H4: Age | I4: Status | J4: Gender | K4: ID Number | L4: Nationality | N4: Club | O4: 2022 | P4: 2021 | Q4: Diff
A5: N0001 | B5: Mako | C5: Philip | D5: Swartz | E5: =CONCATENATE(J5," ",I5) -> Men U/16 | F5: 40618 | G5: 44926 | H5: =INT(YEARFRAC(F5,G5)) -> 11 | I5: =IF(H5="","Senior",IF(H5>59.999,"Grand Masters",IF(H5>49.999,"Master",IF(H5>39.999,"Veteran",IF(H5>21.999,"Senior",IF(H5>16.999,"U/21","U/16")))))) -> U/16 | J5: Men | K5: 20110316 | L5: Nam | N5: Atlantic Angling Club | O5: 31 | P5: 30 | Q5: =O5-P5 -> 1
A6: N0002 | B6: Mako | C6: Marco | D6: Klein | E6: =CONCATENATE(J6," ",I6) -> Men Senior | F6: 30372 | G6: =$G$5 -> 44926 | H6: =INT(YEARFRAC(F6,G6)) -> 39 | I6: =IF(H6="","Senior",IF(H6>59.999,"Grand Masters",IF(H6>49.999,"Master",IF(H6>39.999,"Veteran",IF(H6>21.999,"Senior",IF(H6>16.999,"U/21","U/16")))))) -> Senior | J6: Men | K6: 83032510597 | L6: Nam | N6: Benguella | O6: 43 | P6: 37 | Q6: =O6-P6 -> 6
A7: N0003 | B7: Welwitschia | C7: Bertie | D7: Diedericks | E7: =CONCATENATE(J7," ",I7) -> Men Grand Masters | F7: 22219 | G7: =$G$5 -> 44926 | H7: =INT(YEARFRAC(F7,G7)) -> 62 | I7: =IF(H7="","Senior",IF(H7>59.999,"Grand Masters",IF(H7>49.999,"Master",IF(H7>39.999,"Veteran",IF(H7>21.999,"Senior",IF(H7>16.999,"U/21","U/16")))))) -> Grand Masters | J7: Men | K7: 6010300356 | L7: Nam | N7: Henties Bay | O7: 20 | P7: 34 | Q7: =O7-P7 -> -14
A8: N0004 | B8: Penguin | C8: Charles | D8: Bothma | E8: =CONCATENATE(J8," ",I8) -> Men Grand Masters | F8: 21920 | G8: =$G$5 -> 44926 | H8: =INT(YEARFRAC(F8,G8)) -> 62 | I8: =IF(H8="","Senior",IF(H8>59.999,"Grand Masters",IF(H8>49.999,"Master",IF(H8>39.999,"Veteran",IF(H8>21.999,"Senior",IF(H8>16.999,"U/21","U/16")))))) -> Grand Masters | J8: Men | K8: 60010501142 | L8: Nam | N8: Mako | O8: 29 | P8: 30 | Q8: =O8-P8 -> -1
A9: N0005 | B9: Penguin | C9: Lesley | D9: Page | E9: =CONCATENATE(J9," ",I9) -> Men Master | F9: 24611 | G9: =$G$5 -> 44926 | H9: =INT(YEARFRAC(F9,G9)) -> 55 | I9: =IF(H9="","Senior",IF(H9>59.999,"Grand Masters",IF(H9>49.999,"Master",IF(H9>39.999,"Veteran",IF(H9>21.999,"Senior",IF(H9>16.999,"U/21","U/16")))))) -> Master | J9: Men | K9: 67051900234 | L9: Nam | N9: Namib Park | O9: 26 | P9: 24 | Q9: =O9-P9 -> 2
A10: N0006 | B10: Penguin | C10: Nico | D10: Kotze | E10: =CONCATENATE(J10," ",I10) -> Men Veteran | F10: 27611 | G10: =$G$5 -> 44926 | H10: =INT(YEARFRAC(F10,G10)) -> 47 | I10: =IF(H10="","Senior",IF(H10>59.999,"Grand Masters",IF(H10>49.999,"Master",IF(H10>39.999,"Veteran",IF(H10>21.999,"Senior",IF(H10>16.999,"U/21","U/16")))))) -> Veteran | J10: Men | K10: 75080500042 | L10: Nam | N10: Okahandja | O10: 23 | P10: 31 | Q10: =O10-P10 -> -8
A11: N0007 | B11: Orca Angling Club | C11: Brian | D11: Curtis | E11: =CONCATENATE(J11," ",I11) -> Men Senior | F11: 31732 | G11: =$G$5 -> 44926 | H11: =INT(YEARFRAC(F11,G11)) -> 36 | I11: =IF(H11="","Senior",IF(H11>59.999,"Grand Masters",IF(H11>49.999,"Master",IF(H11>39.999,"Veteran",IF(H11>21.999,"Senior",IF(H11>16.999,"U/21","U/16")))))) -> Senior | J11: Men | K11: 86111600125 | L11: Nam | N11: Orca Angling Club | O11: 30 | P11: 28 | Q11: =O11-P11 -> 2
A12: N0008 | B12: Namib Park | C12: Andre | D12: Coetzee | E12: =CONCATENATE(J12," ",I12) -> Men Grand Masters | F12: 21511 | G12: =$G$5 -> 44926 | H12: =INT(YEARFRAC(F12,G12)) -> 64 | I12: =IF(H12="","Senior",IF(H12>59.999,"Grand Masters",IF(H12>49.999,"Master",IF(H12>39.999,"Veteran",IF(H12>21.999,"Senior",IF(H12>16.999,"U/21","U/16")))))) -> Grand Masters | J12: Men | K12: 58112200165 | L12: Nam | N12: Otjiwarongo | O12: 25 | P12: 30 | Q12: =O12-P12 -> -5
A13: N0009 | B13: Penguin | C13: Henry | D13: Loubser | E13: =CONCATENATE(J13," ",I13) -> Men Grand Masters | F13: 22339 | G13: =$G$5 -> 44926 | H13: =INT(YEARFRAC(F13,G13)) -> 61 | I13: =IF(H13="","Senior",IF(H13>59.999,"Grand Masters",IF(H13>49.999,"Master",IF(H13>39.999,"Veteran",IF(H13>21.999,"Senior",IF(H13>16.999,"U/21","U/16")))))) -> Grand Masters | J13: Men | K13: 61022700219 | L13: Nam | N13: Penguin | O13: 45 | P13: 45 | Q13: =O13-P13 -> 0
A14: N0010 | B14: Namib Park | C14: Johan | D14: Hoon | E14: =CONCATENATE(J14," ",I14) -> Men Senior | F14: 30807 | G14: =$G$5 -> 44926 | H14: =INT(YEARFRAC(F14,G14)) -> 38 | I14: =IF(H14="","Senior",IF(H14>59.999,"Grand Masters",IF(H14>49.999,"Master",IF(H14>39.999,"Veteran",IF(H14>21.999,"Senior",IF(H14>16.999,"U/21","U/16")))))) -> Senior | J14: Men | K14: 84050510057 | L14: Nam | N14: Seagull Angling Club | O14: 37 | P14: 43 | Q14: =O14-P14 -> -6
A15: N0011 | B15: Atlantic Angling Club | C15: Johan | D15: Mostert | E15: =CONCATENATE(J15," ",I15) -> Men Senior | F15: 30975 | G15: =$G$5 -> 44926 | H15: =INT(YEARFRAC(F15,G15)) -> 38 | I15: =IF(H15="","Senior",IF(H15>59.999,"Grand Masters",IF(H15>49.999,"Master",IF(H15>39.999,"Veteran",IF(H15>21.999,"Senior",IF(H15>16.999,"U/21","U/16")))))) -> Senior | J15: Men | K15: 84102010033 | L15: Nam | N15: Steenbras | O15: 29 | P15: 33 | Q15: =O15-P15 -> -4
A16: N0012 | B16: xWelwitschia | C16: Walter | D16: Hankey | E16: =CONCATENATE(J16," ",I16) -> Men Master | F16: 23941 | G16: =$G$5 -> 44926 | H16: =INT(YEARFRAC(F16,G16)) -> 57 | I16: =IF(H16="","Senior",IF(H16>59.999,"Grand Masters",IF(H16>49.999,"Master",IF(H16>39.999,"Veteran",IF(H16>21.999,"Senior",IF(H16>16.999,"U/21","U/16")))))) -> Master | J16: Men | K16: 65071800039 | L16: Nam | N16: Walvis Bay | O16: 47 | P16: 44 | Q16: =O16-P16 -> 3
A17: N0013 | B17: Namib Park | C17: Rodger | D17: Boon | E17: =CONCATENATE(J17," ",I17) -> Men Master | F17: 24486 | G17: =$G$5 -> 44926 | H17: =INT(YEARFRAC(F17,G17)) -> 55 | I17: =IF(H17="","Senior",IF(H17>59.999,"Grand Masters",IF(H17>49.999,"Master",IF(H17>39.999,"Veteran",IF(H17>21.999,"Senior",IF(H17>16.999,"U/21","U/16")))))) -> Master | J17: Men | K17: 67011410031 | L17: Nam | N17: Welwitschia | O17: 25 | P17: 23 | Q17: =O17-P17 -> 2
A18: N0014 | B18: Welwitschia | C18: Willem | D18: Steyn | E18: =CONCATENATE(J18," ",I18) -> Men Veteran | F18: 29313 | G18: =$G$5 -> 44926 | H18: =INT(YEARFRAC(F18,G18)) -> 42 | I18: =IF(H18="","Senior",IF(H18>59.999,"Grand Masters",IF(H18>49.999,"Master",IF(H18>39.999,"Veteran",IF(H18>21.999,"Senior",IF(H18>16.999,"U/21","U/16")))))) -> Veteran | J18: Men | K18: 80040210723 | L18: Nam | N18: Total | O18: =SUM(O5:O17) -> 410 | P18: =SUM(P5:P17) -> 432 | Q18: =O18-P18 -> -22
A19: N0015 | B19: Okahandja | C19: Herman | D19: Fourie | E19: =CONCATENATE(J19," ",I19) -> Men Grand Masters | F19: 21134 | G19: =$G$5 -> 44926 | H19: =INT(YEARFRAC(F19,G19)) -> 65 | I19: =IF(H19="","Senior",IF(H19>59.999,"Grand Masters",IF(H19>49.999,"Master",IF(H19>39.999,"Veteran",IF(H19>21.999,"Senior",IF(H19>16.999,"U/21","U/16")))))) -> Grand Masters | J19: Men | K19: 57111000857 | L19: Nam
A20: N0016 | B20: Welwitschia | C20: Johan | D20: Diedericks | E20: =CONCATENATE(J20," ",I20) -> Men Senior | F20: 30854 | G20: =$G$5 -> 44926 | H20: =INT(YEARFRAC(F20,G20)) -> 38 | I20: =IF(H20="","Senior",IF(H20>59.999,"Grand Masters",IF(H20>49.999,"Master",IF(H20>39.999,"Veteran",IF(H20>21.999,"Senior",IF(H20>16.999,"U/21","U/16")))))) -> Senior | J20: Men | K20: 8406211010 | L20: Nam
A21: N0017 | B21: Mako | C21: Riaan | D21: Tap | E21: =CONCATENATE(J21," ",I21) -> Men Veteran | F21: 29431 | G21: =$G$5 -> 44926 | H21: =INT(YEARFRAC(F21,G21)) -> 42 | I21: =IF(H21="","Senior",IF(H21>59.999,"Grand Masters",IF(H21>49.999,"Master",IF(H21>39.999,"Veteran",IF(H21>21.999,"Senior",IF(H21>16.999,"U/21","U/16")))))) -> Veteran | J21: Men | K21: 80072910364 | L21: Nam
A22: N0018 | B22: Walvis Bay | C22: Garreth | D22: Wolfaardt | E22: =CONCATENATE(J22," ",I22) -> Men Veteran | F22: 29413 | G22: =$G$5 -> 44926 | H22: =INT(YEARFRAC(F22,G22)) -> 42 | I22: =IF(H22="","Senior",IF(H22>59.999,"Grand Masters",IF(H22>49.999,"Master",IF(H22>39.999,"Veteran",IF(H22>21.999,"Senior",IF(H22>16.999,"U/21","U/16")))))) -> Veteran | J22: Men | K22: 8007115166081 | L22: SA
A23: N0019 | B23: Mako | C23: Johan | D23: Visser | E23: =CONCATENATE(J23," ",I23) -> Men Senior | F23: 30621 | G23: =$G$5 -> 44926 | H23: =INT(YEARFRAC(F23,G23)) -> 39 | I23: =IF(H23="","Senior",IF(H23>59.999,"Grand Masters",IF(H23>49.999,"Master",IF(H23>39.999,"Veteran",IF(H23>21.999,"Senior",IF(H23>16.999,"U/21","U/16")))))) -> Senior | J23: Men | K23: 83110110075 | L23: Nam
A24: N0020 | B24: Welwitschia | C24: Morne | D24: Horn | E24: =CONCATENATE(J24," ",I24) -> Men Veteran | F24: 27345 | G24: =$G$5 -> 44926 | H24: =INT(YEARFRAC(F24,G24)) -> 48 | I24: =IF(H24="","Senior",IF(H24>59.999,"Grand Masters",IF(H24>49.999,"Master",IF(H24>39.999,"Veteran",IF(H24>21.999,"Senior",IF(H24>16.999,"U/21","U/16")))))) -> Veteran | J24: Men | K24: 741112500052 | L24: Nam
A25: N0021 | B25: Penguin | C25: Hanjo | D25: Doll | E25: =CONCATENATE(J25," ",I25) -> Men Senior | F25: 32308 | G25: =$G$5 -> 44926 | H25: =INT(YEARFRAC(F25,G25)) -> 34 | I25: =IF(H25="","Senior",IF(H25>59.999,"Grand Masters",IF(H25>49.999,"Master",IF(H25>39.999,"Veteran",IF(H25>21.999,"Senior",IF(H25>16.999,"U/21","U/16")))))) -> Senior | J25: Men | K25: 88061400073 | L25: Nam
A26: N0022 | B26: XPenguin | C26: Warren | D26: Deysel | E26: =CONCATENATE(J26," ",I26) -> Men Veteran | F26: 29064 | G26: =$G$5 -> 44926 | H26: =INT(YEARFRAC(F26,G26)) -> 43 | I26: =IF(H26="","Senior",IF(H26>59.999,"Grand Masters",IF(H26>49.999,"Master",IF(H26>39.999,"Veteran",IF(H26>21.999,"Senior",IF(H26>16.999,"U/21","U/16")))))) -> Veteran | J26: Men | K26: 79072810236 | L26: Nam
A27: N0023 | B27: Atlantic Angling Club | C27: Jörg | D27: Walter | E27: =CONCATENATE(J27," ",I27) -> Men Grand Masters | F27: 21415 | G27: =$G$5 -> 44926 | H27: =INT(YEARFRAC(F27,G27)) -> 64 | I27: =IF(H27="","Senior",IF(H27>59.999,"Grand Masters",IF(H27>49.999,"Master",IF(H27>39.999,"Veteran",IF(H27>21.999,"Senior",IF(H27>16.999,"U/21","U/16")))))) -> Grand Masters | J27: Men | K27: 58081800913 | L27: Nam
A28: N0024 | B28: Mako | C28: Andrew | D28: Van Der Westhuizen | E28: =CONCATENATE(J28," ",I28) -> Men Veteran | F28: 28801 | G28: =$G$5 -> 44926 | H28: =INT(YEARFRAC(F28,G28)) -> 44 | I28: =IF(H28="","Senior",IF(H28>59.999,"Grand Masters",IF(H28>49.999,"Master",IF(H28>39.999,"Veteran",IF(H28>21.999,"Senior",IF(H28>16.999,"U/21","U/16")))))) -> Veteran | J28: Men | K28: 78110710131 | L28: Nam
A29: N0025 | B29: Orca Angling Club | C29: Heini | D29: Zahrt | E29: =CONCATENATE(J29," ",I29) -> Men Senior | F29: 32974 | G29: =$G$5 -> 44926 | H29: =INT(YEARFRAC(F29,G29)) -> 32 | I29: =IF(H29="","Senior",IF(H29>59.999,"Grand Masters",IF(H29>49.999,"Master",IF(H29>39.999,"Veteran",IF(H29>21.999,"Senior",IF(H29>16.999,"U/21","U/16")))))) -> Senior | J29: Men | K29: 90041100816 | L29: Nam
A30: N0026 | B30: Henties Bay | C30: Johan | D30: Agenbag | E30: =CONCATENATE(J30," ",I30) -> Men Master | F30: 25129 | G30: =$G$5 -> 44926 | H30: =INT(YEARFRAC(F30,G30)) -> 54 | I30: =IF(H30="","Senior",IF(H30>59.999,"Grand Masters",IF(H30>49.999,"Master",IF(H30>39.999,"Veteran",IF(H30>21.999,"Senior",IF(H30>16.999,"U/21","U/16")))))) -> Master | J30: Men | K30: 68101800654 | L30: Nam
... A45: N0041 | B45: Walvis Bay | C45: Terence | D45: Clark | E45: =CONCATENATE(J45," ",I45) -> Men Grand Masters | F45: 22712 | G45: =$G$5 -> 44926 | H45: =INT(YEARFRAC(F45,G45)) -> 60 | I45: =IF(H45="","Senior",IF(H45>59.999,"Grand Masters",IF(H45>49.999,"Master",IF(H45>39.999,"Veteran",IF(H45>21.999,"Senior",IF(H45>16.999,"U/21","U/16")))))) -> Grand Masters | J45: Men | K45: 62030700864 | L45: Nam
A46: N0042 | B46: xBenguella | C46: Marcus | D46: Kirchner-Frankle | E46: =CONCATENATE(J46," ",I46) -> Men Senior | F46: 32651 | G46: =$G$5 -> 44926 | H46: =INT(YEARFRAC(F46,G46)) -> 33 | I46: =IF(H46="","Senior",IF(H46>59.999,"Grand Masters",IF(H46>49.999,"Master",IF(H46>39.999,"Veteran",IF(H46>21.999,"Senior",IF(H46>16.999,"U/21","U/16")))))) -> Senior | J46: Men
A47: N0043 | B47: Welwitschia | C47: Cecil | D47: Laubscher | E47: =CONCATENATE(J47," ",I47) -> Ladies Master | F47: 25790 | G47: =$G$5 -> 44926 | H47: =INT(YEARFRAC(F47,G47)) -> 52 | I47: =IF(H47="","Senior",IF(H47>59.999,"Grand Masters",IF(H47>49.999,"Master",IF(H47>39.999,"Veteran",IF(H47>21.999,"Senior",IF(H47>16.999,"U/21","U/16")))))) -> Master | J47: Ladies | K47: 70081000162 | L47: Nam
A48: N0044 | B48: Orca Angling Club | C48: Leon | D48: Krauze | E48: =CONCATENATE(J48," ",I48) -> Men Veteran | F48: 27461 | G48: =$G$5 -> 44926 | H48: =INT(YEARFRAC(F48,G48)) -> 47 | I48: =IF(H48="","Senior",IF(H48>59.999,"Grand Masters",IF(H48>49.999,"Master",IF(H48>39.999,"Veteran",IF(H48>21.999,"Senior",IF(H48>16.999,"U/21","U/16")))))) -> Veteran | J48: Men | K48: 75030810390 | L48: Nam
A49: N0045 | B49: Seagull Angling Club | C49: Chrisjan | D49: Potgieter | E49: =CONCATENATE(J49," ",I49) -> Men Senior | F49: 30490 | G49: =$G$5 -> 44926 | H49: =INT(YEARFRAC(F49,G49)) -> 39 | I49: =IF(H49="","Senior",IF(H49>59.999,"Grand Masters",IF(H49>49.999,"Master",IF(H49>39.999,"Veteran",IF(H49>21.999,"Senior",IF(H49>16.999,"U/21","U/16")))))) -> Senior | J49: Men | K49: 83062610476 | L49: Nam
A50: N0046 | B50: Penguin | C50: Marius | D50: Kruger | E50: =CONCATENATE(J50," ",I50) -> Men Veteran | F50: 27652 | G50: =$G$5 -> 44926 | H50: =INT(YEARFRAC(F50,G50)) -> 47 | I50: =IF(H50="","Senior",IF(H50>59.999,"Grand Masters",IF(H50>49.999,"Master",IF(H50>39.999,"Veteran",IF(H50>21.999,"Senior",IF(H50>16.999,"U/21","U/16")))))) -> Veteran | J50: Men | K50: 75091510613 | L50: Nam
A51: N0047 | B51: xSkeleton Coast | C51: Jaco | D51: Smit | E51: =CONCATENATE(J51," ",I51) -> Men Senior | F51: 31089 | G51: =$G$5 -> 44926 | H51: =INT(YEARFRAC(F51,G51)) -> 37 | I51: =IF(H51="","Senior",IF(H51>59.999,"Grand Masters",IF(H51>49.999,"Master",IF(H51>39.999,"Veteran",IF(H51>21.999,"Senior",IF(H51>16.999,"U/21","U/16")))))) -> Senior | J51: Men
A52: N0048 | B52: Penguin | C52: Morne | D52: Burger | E52: =CONCATENATE(J52," ",I52) -> Men Veteran | F52: 27577 | G52: =$G$5 -> 44926 | H52: =INT(YEARFRAC(F52,G52)) -> 47 | I52: =IF(H52="","Senior",IF(H52>59.999,"Grand Masters",IF(H52>49.999,"Master",IF(H52>39.999,"Veteran",IF(H52>21.999,"Senior",IF(H52>16.999,"U/21","U/16")))))) -> Veteran | J52: Men | K52: 75070200097 | L52: Nam
A53: N0049 | B53: xSeagulls WHK | C53: Gideon | D53: Scheepers | E53: =CONCATENATE(J53," ",I53) -> Men Master | F53: 25812 | G53: =$G$5 -> 44926 | H53: =INT(YEARFRAC(F53,G53)) -> 52 | I53: =IF(H53="","Senior",IF(H53>59.999,"Grand Masters",IF(H53>49.999,"Master",IF(H53>39.999,"Veteran",IF(H53>21.999,"Senior",IF(H53>16.999,"U/21","U/16")))))) -> Master | J53: Men | K53: 70090100115 | L53: Nam
A54: N0050 | B54: Seagull Angling Club | C54: Sean | D54: Van Den Heuvel | E54: =CONCATENATE(J54," ",I54) -> Men Veteran | F54: 28439 | G54: =$G$5 -> 44926 | H54: =INT(YEARFRAC(F54,G54)) -> 45 | I54: =IF(H54="","Senior",IF(H54>59.999,"Grand Masters",IF(H54>49.999,"Master",IF(H54>39.999,"Veteran",IF(H54>21.999,"Senior",IF(H54>16.999,"U/21","U/16")))))) -> Veteran | J54: Men | K54: 77111010566 | L54: Nam
A55: N0051 | B55: Penguin | C55: Bernard | D55: Pretorius | E55: =CONCATENATE(J55," ",I55) -> Men Master | F55: 24962 | G55: =$G$5 -> 44926 | H55: =INT(YEARFRAC(F55,G55)) -> 54 | I55: =IF(H55="","Senior",IF(H55>59.999,"Grand Masters",IF(H55>49.999,"Master",IF(H55>39.999,"Veteran",IF(H55>21.999,"Senior",IF(H55>16.999,"U/21","U/16")))))) -> Master | J55: Men | K55: 6805045042088 | L55: SA
A56: N0052 | B56: xAtlantic Angling Club | C56: Kai | D56: Metzger | E56: =CONCATENATE(J56," ",I56) -> Men Veteran | F56: 28585 | G56: =$G$5 -> 44926 | H56: =INT(YEARFRAC(F56,G56)) -> 44 | I56: =IF(H56="","Senior",IF(H56>59.999,"Grand Masters",IF(H56>49.999,"Master",IF(H56>39.999,"Veteran",IF(H56>21.999,"Senior",IF(H56>16.999,"U/21","U/16")))))) -> Veteran | J56: Men | K56: 78040510678 | L56: Nam
A57: N0053 | B57: Walvis Bay | C57: Stefan | D57: Du Preez | E57: =CONCATENATE(J57," ",I57) -> Men Master | F57: 24914 | G57: =$G$5 -> 44926 | H57: =INT(YEARFRAC(F57,G57)) -> 54 | I57: =IF(H57="","Senior",IF(H57>59.999,"Grand Masters",IF(H57>49.999,"Master",IF(H57>39.999,"Veteran",IF(H57>21.999,"Senior",IF(H57>16.999,"U/21","U/16")))))) -> Master | J57: Men | K57: 6803175151084 | L57: SA
A58: N0054 | B58: Steenbras | C58: Danie | D58: Klopper | E58: =CONCATENATE(J58," ",I58) -> Men Senior | F58: 32024 | G58: =$G$5 -> 44926 | H58: =INT(YEARFRAC(F58,G58)) -> 35 | I58: =IF(H58="","Senior",IF(H58>59.999,"Grand Masters",IF(H58>49.999,"Master",IF(H58>39.999,"Veteran",IF(H58>21.999,"Senior",IF(H58>16.999,"U/21","U/16")))))) -> Senior | J58: Men | K58: 87090400174 | L58: Nam
A59: N0055 | B59: xNamib Park | C59: Morne | D59: Von Bosch | E59: =CONCATENATE(J59," ",I59) -> Men Senior | F59: 34851 | G59: =$G$5 -> 44926 | H59: =INT(YEARFRAC(F59,G59)) -> 27 | I59: =IF(H59="","Senior",IF(H59>59.999,"Grand Masters",IF(H59>49.999,"Master",IF(H59>39.999,"Veteran",IF(H59>21.999,"Senior",IF(H59>16.999,"U/21","U/16")))))) -> Senior | J59: Men | K59: 95060100073 | L59: Nam
A60: N0056 | B60: Orca Angling Club | C60: Alec | D60: Landers | E60: =CONCATENATE(J60," ",I60) -> Men Senior | F60: 32459 | G60: =$G$5 -> 44926 | H60: =INT(YEARFRAC(F60,G60)) -> 34 | I60: =IF(H60="","Senior",IF(H60>59.999,"Grand Masters",IF(H60>49.999,"Master",IF(H60>39.999,"Veteran",IF(H60>21.999,"Senior",IF(H60>16.999,"U/21","U/16")))))) -> Senior | J60: Men | K60: 88111200021 | L60: Nam
A61: N0057 | B61: Mako | C61: Jeri | D61: Drake | E61: =CONCATENATE(J61," ",I61) -> Men Grand Masters | F61: 20458 | G61: =$G$5 -> 44926 | H61: =INT(YEARFRAC(F61,G61)) -> 66 | I61: =IF(H61="","Senior",IF(H61>59.999,"Grand Masters",IF(H61>49.999,"Master",IF(H61>39.999,"Veteran",IF(H61>21.999,"Senior",IF(H61>16.999,"U/21","U/16")))))) -> Grand Masters | J61: Men | K61: 56010410061 | L61: Brit
A62: N0058 | B62: xSkeleton Coast | C62: Jan | D62: Olivier | E62: =CONCATENATE(J62," ",I62) -> Men Master | F62: 25556 | G62: =$G$5 -> 44926 | H62: =INT(YEARFRAC(F62,G62)) -> 53 | I62: =IF(H62="","Senior",IF(H62>59.999,"Grand Masters",IF(H62>49.999,"Master",IF(H62>39.999,"Veteran",IF(H62>21.999,"Senior",IF(H62>16.999,"U/21","U/16")))))) -> Master | J62: Men | K62: 69121910049 | L62: Nam
A63: N0059 | B63: Welwitschia | C63: Hennie | D63: Du Plessis | E63: =CONCATENATE(J63," ",I63) -> Men Senior | F63: 31040 | G63: =$G$5 -> 44926 | H63: =INT(YEARFRAC(F63,G63)) -> 38 | I63: =IF(H63="","Senior",IF(H63>59.999,"Grand Masters",IF(H63>49.999,"Master",IF(H63>39.999,"Veteran",IF(H63>21.999,"Senior",IF(H63>16.999,"U/21","U/16")))))) -> Senior | J63: Men | K63: 84122410436 | L63: Nam
... A80: N0076 | B80: xOkahandja | C80: Eddie | D80: Cowley | E80: =CONCATENATE(J80," ",I80) -> Men Grand Masters | F80: 18620 | G80: =$G$5 -> 44926 | H80: =INT(YEARFRAC(F80,G80)) -> 72 | I80: =IF(H80="","Senior",IF(H80>59.999,"Grand Masters",IF(H80>49.999,"Master",IF(H80>39.999,"Veteran",IF(H80>21.999,"Senior",IF(H80>16.999,"U/21","U/16")))))) -> Grand Masters | J80: Men | K80: 50122300181 | L80: Nam
A81: N0077 | B81: xHenties Bay | C81: Wanda | D81: Langeveldt | E81: =CONCATENATE(J81," ",I81) -> Ladies Senior | F81: 34565 | G81: =$G$5 -> 44926 | H81: =INT(YEARFRAC(F81,G81)) -> 28 | I81: =IF(H81="","Senior",IF(H81>59.999,"Grand Masters",IF(H81>49.999,"Master",IF(H81>39.999,"Veteran",IF(H81>21.999,"Senior",IF(H81>16.999,"U/21","U/16")))))) -> Senior | J81: Ladies
A82: N0078 | B82: Seagull Angling Club | C82: Richard | D82: Kotze | E82: =CONCATENATE(J82," ",I82) -> Men Grand Masters | F82: 22431 | G82: =$G$5 -> 44926 | H82: =INT(YEARFRAC(F82,G82)) -> 61 | I82: =IF(H82="","Senior",IF(H82>59.999,"Grand Masters",IF(H82>49.999,"Master",IF(H82>39.999,"Veteran",IF(H82>21.999,"Senior",IF(H82>16.999,"U/21","U/16")))))) -> Grand Masters | J82: Men | K82: 61053010028 | L82: Nam
A83: N0079 | B83: xOkahandja | C83: Botha | D83: Jansen | E83: =CONCATENATE(J83," ",I83) -> Men Senior | F83: 30695 | G83: =$G$5 -> 44926 | H83: =INT(YEARFRAC(F83,G83)) -> 38 | I83: =IF(H83="","Senior",IF(H83>59.999,"Grand Masters",IF(H83>49.999,"Master",IF(H83>39.999,"Veteran",IF(H83>21.999,"Senior",IF(H83>16.999,"U/21","U/16")))))) -> Senior | J83: Men
A84: N0080 | B84: xPenguin | C84: Shane | D84: Milne | E84: =CONCATENATE(J84," ",I84) -> Men Veteran | F84: 26667 | G84: =$G$5 -> 44926 | H84: =INT(YEARFRAC(F84,G84)) -> 49 | I84: =IF(H84="","Senior",IF(H84>59.999,"Grand Masters",IF(H84>49.999,"Master",IF(H84>39.999,"Veteran",IF(H84>21.999,"Senior",IF(H84>16.999,"U/21","U/16")))))) -> Veteran | J84: Men
A85: N0081 | B85: Mako | C85: John-John | D85: Warrington | E85: =CONCATENATE(J85," ",I85) -> Men Veteran | F85: 29685 | G85: =$G$5 -> 44926 | H85: =INT(YEARFRAC(F85,G85)) -> 41 | I85: =IF(H85="","Senior",IF(H85>59.999,"Grand Masters",IF(H85>49.999,"Master",IF(H85>39.999,"Veteran",IF(H85>21.999,"Senior",IF(H85>16.999,"U/21","U/16")))))) -> Veteran | J85: Men | K85: 8104091035 | L85: Nam
A86: N0082 | B86: xOrca Angling Club | C86: Johan | D86: Potgieter | E86: =CONCATENATE(J86," ",I86) -> Men Senior | F86: 33104 | G86: =$G$5 -> 44926 | H86: =INT(YEARFRAC(F86,G86)) -> 32 | I86: =IF(H86="","Senior",IF(H86>59.999,"Grand Masters",IF(H86>49.999,"Master",IF(H86>39.999,"Veteran",IF(H86>21.999,"Senior",IF(H86>16.999,"U/21","U/16")))))) -> Senior | J86: Men | K86: 90081900667 | L86: Nam
A87: N0083 | B87: Otjiwarongo | C87: Wikus | D87: Van Wyk | E87: =CONCATENATE(J87," ",I87) -> Men Veteran | F87: 29073 | G87: =$G$5 -> 44926 | H87: =INT(YEARFRAC(F87,G87)) -> 43 | I87: =IF(H87="","Senior",IF(H87>59.999,"Grand Masters",IF(H87>49.999,"Master",IF(H87>39.999,"Veteran",IF(H87>21.999,"Senior",IF(H87>16.999,"U/21","U/16")))))) -> Veteran | J87: Men | K87: 79080610798 | L87: Nam
A88: N0084 | B88: Namib Park | C88: Sarah-Ann | D88: Mills | E88: =CONCATENATE(J88," ",I88) -> Ladies Master | F88: 25299 | G88: =$G$5 -> 44926 | H88: =INT(YEARFRAC(F88,G88)) -> 53 | I88: =IF(H88="","Senior",IF(H88>59.999,"Grand Masters",IF(H88>49.999,"Master",IF(H88>39.999,"Veteran",IF(H88>21.999,"Senior",IF(H88>16.999,"U/21","U/16")))))) -> Master | J88: Ladies | K88: 6906040033088 | L88: Nam
A89: N0085 | B89: xSteenbras | C89: Denys | D89: Opperman | E89: =CONCATENATE(J89," ",I89) -> Men Veteran | F89: 26708 | G89: =$G$5 -> 44926 | H89: =INT(YEARFRAC(F89,G89)) -> 49 | I89: =IF(H89="","Senior",IF(H89>59.999,"Grand Masters",IF(H89>49.999,"Master",IF(H89>39.999,"Veteran",IF(H89>21.999,"Senior",IF(H89>16.999,"U/21","U/16")))))) -> Veteran | J89: Men | K89: 73021300081 | L89: Nam
A90: N0086 | B90: Mako | C90: Hendrik | D90: Dry | E90: =CONCATENATE(J90," ",I90) -> Men Veteran | F90: 28375 | G90: =$G$5 -> 44926 | H90: =INT(YEARFRAC(F90,G90)) -> 45 | I90: =IF(H90="","Senior",IF(H90>59.999,"Grand Masters",IF(H90>49.999,"Master",IF(H90>39.999,"Veteran",IF(H90>21.999,"Senior",IF(H90>16.999,"U/21","U/16")))))) -> Veteran | J90: Men | K90: 77090700046 | L90: Nam
A91: N0087 | B91: Benguella | C91: Pieter | D91: De Beer | E91: =CONCATENATE(J91," ",I91) -> Men Grand Masters | F91: 22924 | G91: =$G$5 -> 44926 | H91: =INT(YEARFRAC(F91,G91)) -> 60 | I91: =IF(H91="","Senior",IF(H91>59.999,"Grand Masters",IF(H91>49.999,"Master",IF(H91>39.999,"Veteran",IF(H91>21.999,"Senior",IF(H91>16.999,"U/21","U/16")))))) -> Grand Masters | J91: Men | K91: 62100510029 | L91: Nam
A92: N0088 | B92: xSeagull Angling Club | C92: Heiko | D92: Halbich | E92: =CONCATENATE(J92," ",I92) -> Men Veteran | F92: 28088 | G92: =$G$5 -> 44926 | H92: =INT(YEARFRAC(F92,G92)) -> 46 | I92: =IF(H92="","Senior",IF(H92>59.999,"Grand Masters",IF(H92>49.999,"Master",IF(H92>39.999,"Veteran",IF(H92>21.999,"Senior",IF(H92>16.999,"U/21","U/16")))))) -> Veteran | J92: Men | K92: 761124102801 | L92: Nam
A93: N0089 | B93: Welwitschia | C93: Michael | D93: Maree | E93: =CONCATENATE(J93," ",I93) -> Men Veteran | F93: 28314 | G93: =$G$5 -> 44926 | H93: =INT(YEARFRAC(F93,G93)) -> 45 | I93: =IF(H93="","Senior",IF(H93>59.999,"Grand Masters",IF(H93>49.999,"Master",IF(H93>39.999,"Veteran",IF(H93>21.999,"Senior",IF(H93>16.999,"U/21","U/16")))))) -> Veteran | J93: Men | K93: 77070810547 | L93: Nam
A94: N0090 | B94: xOkahandja | C94: James | D94: Scholtz | E94: =CONCATENATE(J94," ",I94) -> Men Veteran | F94: 30256 | G94: =$G$5 -> 44926 | H94: =INT(YEARFRAC(F94,G94)) -> 40 | I94: =IF(H94="","Senior",IF(H94>59.999,"Grand Masters",IF(H94>49.999,"Master",IF(H94>39.999,"Veteran",IF(H94>21.999,"Senior",IF(H94>16.999,"U/21","U/16")))))) -> Veteran | J94: Men | K94: 82110110252 | L94: Nam
A95: N0091 | B95: Benguella | C95: Deon | D95: Jacobs | E95: =CONCATENATE(J95," ",I95) -> Men Grand Masters | F95: 19577 | G95: =$G$5 -> 44926 | H95: =INT(YEARFRAC(F95,G95)) -> 69 | I95: =IF(H95="","Senior",IF(H95>59.999,"Grand Masters",IF(H95>49.999,"Master",IF(H95>39.999,"Veteran",IF(H95>21.999,"Senior",IF(H95>16.999,"U/21","U/16")))))) -> Grand Masters | J95: Men | K95: 53080610059 | L95: Nam
A96: N0092 | B96: Otjiwarongo | C96: Joseph | D96: Payne | E96: =CONCATENATE(J96," ",I96) -> Men Veteran | F96: 29297 | G96: =$G$5 -> 44926 | H96: =INT(YEARFRAC(F96,G96)) -> 42 | I96: =IF(H96="","Senior",IF(H96>59.999,"Grand Masters",IF(H96>49.999,"Master",IF(H96>39.999,"Veteran",IF(H96>21.999,"Senior",IF(H96>16.999,"U/21","U/16")))))) -> Veteran | J96: Men | K96: 80031710557 | L96: Nam
... A102: N0098 | B102: xBenguella | C102: Johan | D102: Grebe | E102: =CONCATENATE(J102," ",I102) -> Men Grand Masters | F102: 19489 | G102: =$G$5 -> 44926 | H102: =INT(YEARFRAC(F102,G102)) -> 69 | I102: =IF(H102="","Senior",IF(H102>59.999,"Grand Masters",IF(H102>49.999,"Master",IF(H102>39.999,"Veteran",IF(H102>21.999,"Senior",IF(H102>16.999,"U/21","U/16")))))) -> Grand Masters | J102: Men | K102: 53051000264 | L102: Nam
A103: N0099 | B103: xOkahandja | C103: JJ | D103: Joubert | E103: =CONCATENATE(J103," ",I103) -> Men U/21 | F103: 38321 | G103: =$G$5 -> 44926 | H103: =INT(YEARFRAC(F103,G103)) -> 18 | I103: =IF(H103="","Senior",IF(H103>59.999,"Grand Masters",IF(H103>49.999,"Master",IF(H103>39.999,"Veteran",IF(H103>21.999,"Senior",IF(H103>16.999,"U/21","U/16")))))) -> U/21 | J103: Men | L103: Nam
A104: N0100 | B104: Walvis Bay | C104: Werner | D104: Van Riet | E104: =CONCATENATE(J104," ",I104) -> Men Veteran | F104: 29831 | G104: =$G$5 -> 44926 | H104: =INT(YEARFRAC(F104,G104)) -> 41 | I104: =IF(H104="","Senior",IF(H104>59.999,"Grand Masters",IF(H104>49.999,"Master",IF(H104>39.999,"Veteran",IF(H104>21.999,"Senior",IF(H104>16.999,"U/21","U/16")))))) -> Veteran | J104: Men | K104: 81090210930 | L104: Nam
A105: N0101 | B105: Seagull Angling Club | C105: Tertius | D105: Potgieter | E105: =CONCATENATE(J105," ",I105) -> Men Senior | F105: 31120 | G105: =$G$5 -> 44926 | H105: =INT(YEARFRAC(F105,G105)) -> 37 | I105: =IF(H105="","Senior",IF(H105>59.999,"Grand Masters",IF(H105>49.999,"Master",IF(H105>39.999,"Veteran",IF(H105>21.999,"Senior",IF(H105>16.999,"U/21","U/16")))))) -> Senior | J105: Men | K105: 85031410469 | L105: Nam
A106: N0102 | B106: xWelwitschia | C106: Ferdie | D106: Malherbe | E106: =CONCATENATE(J106," ",I106) -> Men Veteran | F106: 30062 | G106: =$G$5 -> 44926 | H106: =INT(YEARFRAC(F106,G106)) -> 40 | I106: =IF(H106="","Senior",IF(H106>59.999,"Grand Masters",IF(H106>49.999,"Master",IF(H106>39.999,"Veteran",IF(H106>21.999,"Senior",IF(H106>16.999,"U/21","U/16")))))) -> Veteran | J106: Men | K106: 82042100013 | L106: Nam
A107: N0103 | B107: xSkeleton Coast | C107: Herman | D107: De Vries | E107: =CONCATENATE(J107," ",I107) -> Men Veteran | F107: 30048 | G107: =$G$5 -> 44926 | H107: =INT(YEARFRAC(F107,G107)) -> 40 | I107: =IF(H107="","Senior",IF(H107>59.999,"Grand Masters",IF(H107>49.999,"Master",IF(H107>39.999,"Veteran",IF(H107>21.999,"Senior",IF(H107>16.999,"U/21","U/16")))))) -> Veteran | J107: Men | K107: 82040710582 | L107: Nam
A108: N0104 | B108: xOkahandja | C108: Ettiene | D108: Coetzee | E108: =CONCATENATE(J108," ",I108) -> Men Master | F108: 26652 | G108: =$G$5 -> 44926 | H108: =INT(YEARFRAC(F108,G108)) -> 50 | I108: =IF(H108="","Senior",IF(H108>59.999,"Grand Masters",IF(H108>49.999,"Master",IF(H108>39.999,"Veteran",IF(H108>21.999,"Senior",IF(H108>16.999,"U/21","U/16")))))) -> Master | J108: Men | K108: 72121910131 | L108: Nam
A109: N0105 | B109: xOtjiwarongo | C109: Riaan | D109: Dreyer | E109: =CONCATENATE(J109," ",I109) -> Men Veteran | F109: 27562 | G109: =$G$5 -> 44926 | H109: =INT(YEARFRAC(F109,G109)) -> 47 | I109: =IF(H109="","Senior",IF(H109>59.999,"Grand Masters",IF(H109>49.999,"Master",IF(H109>39.999,"Veteran",IF(H109>21.999,"Senior",IF(H109>16.999,"U/21","U/16")))))) -> Veteran | J109: Men
A110: N0106 | B110: Welwitschia | C110: Izak | D110: Visser | E110: =CONCATENATE(J110," ",I110) -> Men Grand Masters | F110: 19986 | G110: =$G$5 -> 44926 | H110: =INT(YEARFRAC(F110,G110)) -> 68 | I110: =IF(H110="","Senior",IF(H110>59.999,"Grand Masters",IF(H110>49.999,"Master",IF(H110>39.999,"Veteran",IF(H110>21.999,"Senior",IF(H110>16.999,"U/21","U/16")))))) -> Grand Masters | J110: Men | K110: 54091900216 | L110: Nam
A111: N0107 | B111: Namib Park | C111: Lance | D111: Mills | E111: =CONCATENATE(J111," ",I111) -> Men Master | F111: 24711 | G111: =$G$5 -> 44926 | H111: =INT(YEARFRAC(F111,G111)) -> 55 | I111: =IF(H111="","Senior",IF(H111>59.999,"Grand Masters",IF(H111>49.999,"Master",IF(H111>39.999,"Veteran",IF(H111>21.999,"Senior",IF(H111>16.999,"U/21","U/16")))))) -> Master | J111: Men | K111: 67082710038 | L111: Nam
A112: N0108 | B112: Walvis Bay | C112: Dian | D112: Neethling | E112: =CONCATENATE(J112," ",I112) -> Men U/21 | F112: 37448 | G112: =$G$5 -> 44926 | H112: =INT(YEARFRAC(F112,G112)) -> 20 | I112: =IF(H112="","Senior",IF(H112>59.999,"Grand Masters",IF(H112>49.999,"Master",IF(H112>39.999,"Veteran",IF(H112>21.999,"Senior",IF(H112>16.999,"U/21","U/16")))))) -> U/21 | J112: Men | K112: 2071100387 | L112: Nam
A113: N0109 | B113: xMako | C113: Gottfried | D113: Grobbelaar | E113: =CONCATENATE(J113," ",I113) -> Men Veteran | F113: 26954 | G113: =$G$5 -> 44926 | H113: =INT(YEARFRAC(F113,G113)) -> 49 | I113: =IF(H113="","Senior",IF(H113>59.999,"Grand Masters",IF(H113>49.999,"Master",IF(H113>39.999,"Veteran",IF(H113>21.999,"Senior",IF(H113>16.999,"U/21","U/16")))))) -> Veteran | J113: Men
A114: N0110 | B114: Otjiwarongo | C114: Bijorn | D114: Le Roux | E114: =CONCATENATE(J114," ",I114) -> Men Senior | F114: 30363 | G114: =$G$5 -> 44926 | H114: =INT(YEARFRAC(F114,G114)) -> 39 | I114: =IF(H114="","Senior",IF(H114>59.999,"Grand Masters",IF(H114>49.999,"Master",IF(H114>39.999,"Veteran",IF(H114>21.999,"Senior",IF(H114>16.999,"U/21","U/16")))))) -> Senior | J114: Men | K114: 83021610676 | L114: Nam
A115: N0111 | B115: xSkeleton Coast | C115: Delano | D115: Louw | E115: =CONCATENATE(J115," ",I115) -> Men Senior | F115: 32649 | G115: =$G$5 -> 44926 | H115: =INT(YEARFRAC(F115,G115)) -> 33 | I115: =IF(H115="","Senior",IF(H115>59.999,"Grand Masters",IF(H115>49.999,"Master",IF(H115>39.999,"Veteran",IF(H115>21.999,"Senior",IF(H115>16.999,"U/21","U/16")))))) -> Senior | J115: Men | K115: 89052100799 | L115: Nam
A116: N0112 | B116: Okahandja | C116: Danie | D116: Van Zyl | E116: =CONCATENATE(J116," ",I116) -> Men Veteran | F116: 29199 | G116: =$G$5 -> 44926 | H116: =INT(YEARFRAC(F116,G116)) -> 43 | I116: =IF(H116="","Senior",IF(H116>59.999,"Grand Masters",IF(H116>49.999,"Master",IF(H116>39.999,"Veteran",IF(H116>21.999,"Senior",IF(H116>16.999,"U/21","U/16")))))) -> Veteran | J116: Men | K116: 79121010722 | L116: Nam
A117: N0113 | B117: Benguella | C117: Shaun | D117: Bothma | E117: =CONCATENATE(J117," ",I117) -> Men Veteran | F117: 29114 | G117: =$G$5 -> 44926 | H117: =INT(YEARFRAC(F117,G117)) -> 43 | I117: =IF(H117="","Senior",IF(H117>59.999,"Grand Masters",IF(H117>49.999,"Master",IF(H117>39.999,"Veteran",IF(H117>21.999,"Senior",IF(H117>16.999,"U/21","U/16")))))) -> Veteran | J117: Men | K117: 79091610522 | L117: Nam
A118: N0114 | B118: Henties Bay | C118: Michele | D118: Andersen | E118: =CONCATENATE(J118," ",I118) -> Ladies Grand Masters | F118: 19974 | G118: =$G$5 -> 44926 | H118: =INT(YEARFRAC(F118,G118)) -> 68 | I118: =IF(H118="","Senior",IF(H118>59.999,"Grand Masters",IF(H118>49.999,"Master",IF(H118>39.999,"Veteran",IF(H118>21.999,"Senior",IF(H118>16.999,"U/21","U/16")))))) -> Grand Masters | J118: Ladies | K118: 5409070035181 | L118: Belg
A119: N0115 | B119: xMako | C119: Maritz | D119: Van Niekerk | E119: =CONCATENATE(J119," ",I119) -> Men Senior | F119: 33783 | G119: =$G$5 -> 44926 | H119: =INT(YEARFRAC(F119,G119)) -> 30 | I119: =IF(H119="","Senior",IF(H119>59.999,"Grand Masters",IF(H119>49.999,"Master",IF(H119>39.999,"Veteran",IF(H119>21.999,"Senior",IF(H119>16.999,"U/21","U/16")))))) -> Senior | J119: Men | K119: 92062800886 | L119: Nam
A120: N0116 | B120: xPenguin | C120: Cameron | D120: Croza | E120: =CONCATENATE(J120," ",I120) -> Men Senior | F120: 34241 | G120: =$G$5 -> 44926 | H120: =INT(YEARFRAC(F120,G120)) -> 29 | I120: =IF(H120="","Senior",IF(H120>59.999,"Grand Masters",IF(H120>49.999,"Master",IF(H120>39.999,"Veteran",IF(H120>21.999,"Senior",IF(H120>16.999,"U/21","U/16")))))) -> Senior | J120: Men | K120: 93092900103 | L120: Nam
A121: N0117 | B121: xMako | C121: Andrew | D121: Van Schalkwyk | E121: =CONCATENATE(J121," ",I121) -> Men Veteran | F121: 29331 | G121: =$G$5 -> 44926 | H121: =INT(YEARFRAC(F121,G121)) -> 42 | I121: =IF(H121="","Senior",IF(H121>59.999,"Grand Masters",IF(H121>49.999,"Master",IF(H121>39.999,"Veteran",IF(H121>21.999,"Senior",IF(H121>16.999,"U/21","U/16")))))) -> Veteran | J121: Men | K121: 80042010845 | L121: Nam
A122: N0118 | B122: Namib Park | C122: Olaf | D122: Coetzee | E122: =CONCATENATE(J122," ",I122) -> Men Senior | F122: 31285 | G122: =$G$5 -> 44926 | H122: =INT(YEARFRAC(F122,G122)) -> 37 | I122: =IF(H122="","Senior",IF(H122>59.999,"Grand Masters",IF(H122>49.999,"Master",IF(H122>39.999,"Veteran",IF(H122>21.999,"Senior",IF(H122>16.999,"U/21","U/16")))))) -> Senior | J122: Men | K122: 85082610120 | L122: Nam
A123: N0119 | B123: Orca Angling Club | C123: Joe | D123: Herman | E123: =CONCATENATE(J123," ",I123) -> Men Senior | F123: 34076 | G123: =$G$5 -> 44926 | H123: =INT(YEARFRAC(F123,G123)) -> 29 | I123: =IF(H123="","Senior",IF(H123>59.999,"Grand Masters",IF(H123>49.999,"Master",IF(H123>39.999,"Veteran",IF(H123>21.999,"Senior",IF(H123>16.999,"U/21","U/16")))))) -> Senior | J123: Men | K123: 9304175009080 | L123: SA
A124: N0120 | B124: Seagull Angling Club | C124: Rene | D124: Mertens | E124: =CONCATENATE(J124," ",I124) -> Men Senior | F124: 32426 | G124: =$G$5 -> 44926 | H124: =INT(YEARFRAC(F124,G124)) -> 34 | I124: =IF(H124="","Senior",IF(H124>59.999,"Grand Masters",IF(H124>49.999,"Master",IF(H124>39.999,"Veteran",IF(H124>21.999,"Senior",IF(H124>16.999,"U/21","U/16")))))) -> Senior | J124: Men | K124: 88101000291 | L124: Nam
A125: N0121 | B125: Benguella | C125: Lezelle | D125: Smit | E125: =CONCATENATE(J125," ",I125) -> Ladies Veteran | F125: 28387 | G125: =$G$5 -> 44926 | H125: =INT(YEARFRAC(F125,G125)) -> 45 | I125: =IF(H125="","Senior",IF(H125>59.999,"Grand Masters",IF(H125>49.999,"Master",IF(H125>39.999,"Veteran",IF(H125>21.999,"Senior",IF(H125>16.999,"U/21","U/16")))))) -> Veteran | J125: Ladies | K125: 77091900014 | L125: Nam
... A129: N0125 | B129: Penguin | C129: Colin | D129: Hart | E129: =CONCATENATE(J129," ",I129) -> Men Grand Masters | F129: 22270 | G129: =$G$5 -> 44926 | H129: =INT(YEARFRAC(F129,G129)) -> 62 | I129: =IF(H129="","Senior",IF(H129>59.999,"Grand Masters",IF(H129>49.999,"Master",IF(H129>39.999,"Veteran",IF(H129>21.999,"Senior",IF(H129>16.999,"U/21","U/16")))))) -> Grand Masters | J129: Men | K129: 60122000617 | L129: Nam
A130: N0126 | B130: xWelwitschia | C130: Phil | D130: Nel | E130: =CONCATENATE(J130," ",I130) -> Men Veteran | F130: 27240 | G130: =$G$5 -> 44926 | H130: =INT(YEARFRAC(F130,G130)) -> 48 | I130: =IF(H130="","Senior",IF(H130>59.999,"Grand Masters",IF(H130>49.999,"Master",IF(H130>39.999,"Veteran",IF(H130>21.999,"Senior",IF(H130>16.999,"U/21","U/16")))))) -> Veteran | J130: Men
A131: N0127 | B131: Mako | C131: Kiepie | D131: Burger | E131: =CONCATENATE(J131," ",I131) -> Men Veteran | F131: 28958 | G131: =$G$5 -> 44926 | H131: =INT(YEARFRAC(F131,G131)) -> 43 | I131: =IF(H131="","Senior",IF(H131>59.999,"Grand Masters",IF(H131>49.999,"Master",IF(H131>39.999,"Veteran",IF(H131>21.999,"Senior",IF(H131>16.999,"U/21","U/16")))))) -> Veteran | J131: Men | K131: 79041310290 | L131: Nam
A132: N0128 | B132: xPenguin | C132: Chris | D132: Orffer | E132: =CONCATENATE(J132," ",I132) -> Men Grand Masters | F132: 20671 | G132: =$G$5 -> 44926 | H132: =INT(YEARFRAC(F132,G132)) -> 66 | I132: =IF(H132="","Senior",IF(H132>59.999,"Grand Masters",IF(H132>49.999,"Master",IF(H132>39.999,"Veteran",IF(H132>21.999,"Senior",IF(H132>16.999,"U/21","U/16")))))) -> Grand Masters | J132: Men | K132: 56080400863 | L132: Nam
A133: N0129 | B133: Seagull Angling Club | C133: Pieter | D133: van Aarde | E133: =CONCATENATE(J133," ",I133) -> Men Senior | F133: 32323 | G133: =$G$5 -> 44926 | H133: =INT(YEARFRAC(F133,G133)) -> 34 | I133: =IF(H133="","Senior",IF(H133>59.999,"Grand Masters",IF(H133>49.999,"Master",IF(H133>39.999,"Veteran",IF(H133>21.999,"Senior",IF(H133>16.999,"U/21","U/16")))))) -> Senior | J133: Men | K133: 88062900495 | L133: Nam
A134: N0130 | B134: xOkahandja | C134: Loandro | D134: Erasmus | E134: =CONCATENATE(J134," ",I134) -> Men Senior | F134: 35961 | G134: =$G$5 -> 44926 | H134: =INT(YEARFRAC(F134,G134)) -> 24 | I134: =IF(H134="","Senior",IF(H134>59.999,"Grand Masters",IF(H134>49.999,"Master",IF(H134>39.999,"Veteran",IF(H134>21.999,"Senior",IF(H134>16.999,"U/21","U/16")))))) -> Senior | J134: Men | K134: 98061500027 | L134: Nam
A135: N0131 | B135: Benguella | C135: Pierre | D135: Wagner | E135: =CONCATENATE(J135," ",I135) -> Men Master | F135: 25560 | G135: =$G$5 -> 44926 | H135: =INT(YEARFRAC(F135,G135)) -> 53 | I135: =IF(H135="","Senior",IF(H135>59.999,"Grand Masters",IF(H135>49.999,"Master",IF(H135>39.999,"Veteran",IF(H135>21.999,"Senior",IF(H135>16.999,"U/21","U/16")))))) -> Master | J135: Men | K135: 69122235136082 | L135: NAm
A136: N0132 | B136: Henties Bay | C136: Chris | D136: Scholtz | E136: =CONCATENATE(J136," ",I136) -> Men Veteran | F136: 28213 | G136: =$G$5 -> 44926 | H136: =INT(YEARFRAC(F136,G136)) -> 45 | I136: =IF(H136="","Senior",IF(H136>59.999,"Grand Masters",IF(H136>49.999,"Master",IF(H136>39.999,"Veteran",IF(H136>21.999,"Senior",IF(H136>16.999,"U/21","U/16")))))) -> Veteran | J136: Men | K136: 77032900259 | L136: Nam
A137: N0133 | B137: xHenties Bay | C137: Liz | D137: Serfontein | E137: =CONCATENATE(J137," ",I137) -> Ladies Grand Masters | F137: 21772 | G137: =$G$5 -> 44926 | H137: =INT(YEARFRAC(F137,G137)) -> 63 | I137: =IF(H137="","Senior",IF(H137>59.999,"Grand Masters",IF(H137>49.999,"Master",IF(H137>39.999,"Veteran",IF(H137>21.999,"Senior",IF(H137>16.999,"U/21","U/16")))))) -> Grand Masters | J137: Ladies
A138: N0134 | B138: Benguella | C138: Hennie | D138: Cloete | E138: =CONCATENATE(J138," ",I138) -> Men Grand Masters | F138: 20998 | G138: =$G$5 -> 44926 | H138: =INT(YEARFRAC(F138,G138)) -> 65 | I138: =IF(H138="","Senior",IF(H138>59.999,"Grand Masters",IF(H138>49.999,"Master",IF(H138>39.999,"Veteran",IF(H138>21.999,"Senior",IF(H138>16.999,"U/21","U/16")))))) -> Grand Masters | J138: Men | K138: 570627500 | L138: Nam
A139: N0135 | B139: xBenguella | C139: Dirk | D139: Nesenberend | E139: =CONCATENATE(J139," ",I139) -> Men Veteran | F139: 26857 | G139: =$G$5 -> 44926 | H139: =INT(YEARFRAC(F139,G139)) -> 49 | I139: =IF(H139="","Senior",IF(H139>59.999,"Grand Masters",IF(H139>49.999,"Master",IF(H139>39.999,"Veteran",IF(H139>21.999,"Senior",IF(H139>16.999,"U/21","U/16")))))) -> Veteran | J139: Men | K139: 73071210272 | L139: Nam
...

Sheet DATA ENTRY
A1: Competition | B1: Date | C1: Venue | D1: ID | E1: Name | F1: Surname | G1: Status | H1: Team | I1: Edibles | J1: Inedibles | K1: length | L1: kg | M1: Points
A2: 2021-IC-L1 | B2: 44247 | C2: Zone 5 - Winston | D2: N0517 | E2: =IF(D2="","",VLOOKUP(D2,Master,3,FALSE)) -> Luigi | F2: =IF(D2="","",VLOOKUP(D2,Master,4,FALSE)) -> Strappazzon | G2: =IF(D2="","",VLOOKUP(D2,Master,5,FALSE)) -> Men U/16 | H2: =IF(D2="","",VLOOKUP(D2,Master,2,FALSE)) -> Atlantic Angling Club | L2: =IF(K2="","",IF(I2="",ROUND(HLOOKUP(J2,kgList,K2,FALSE),1),ROUND(HLOOKUP(I2,kgList,K2,FALSE),1))) | M2: =IF(L2="","",IF(COUNTA(I2:J2)>1,"Edible or Inedible",IF(COUNTA(I2)=1,L2*1,IF(COUNTA(J2)=1,L2*1,"ERROR"))))
A3: 2021-IC-L1 | B3: 44247 | C3: Zone 5 - Winston | D3: N0761 | E3: =IF(D3="","",VLOOKUP(D3,Master,3,FALSE)) -> Stefano | F3: =IF(D3="","",VLOOKUP(D3,Master,4,FALSE)) -> Strappazzon | G3: =IF(D3="","",VLOOKUP(D3,Master,5,FALSE)) -> Men Veteran | H3: =IF(D3="","",VLOOKUP(D3,Master,2,FALSE)) -> Atlantic Angling Club | J3: Shark Hound Smooth | K3: 77 | L3: =IF(K3="","",IF(I3="",ROUND(HLOOKUP(J3,kgList,K3,FALSE),1),ROUND(HLOOKUP(I3,kgList,K3,FALSE),1))) -> 1.5 | M3: =IF(L3="","",IF(COUNTA(I3:J3)>1,"Edible or Inedible",IF(COUNTA(I3)=1,L3*1,IF(COUNTA(J3)=1,L3*1,"ERROR")))) -> 1.5
A4: 2021-IC-L1 | B4: 44247 | C4: Zone 5 - Winston | D4: N0761 | E4: =IF(D4="","",VLOOKUP(D4,Master,3,FALSE)) -> Stefano | F4: =IF(D4="","",VLOOKUP(D4,Master,4,FALSE)) -> Strappazzon | G4: =IF(D4="","",VLOOKUP(D4,Master,5,FALSE)) -> Men Veteran | H4: =IF(D4="","",VLOOKUP(D4,Master,2,FALSE)) -> Atlantic Angling Club | J4: Shark Hound Smooth | K4: 135 | L4: =IF(K4="","",IF(I4="",ROUND(HLOOKUP(J4,kgList,K4,FALSE),1),ROUND(HLOOKUP(I4,kgList,K4,FALSE),1))) -> 10.6 | M4: =IF(L4="","",IF(COUNTA(I4:J4)>1,"Edible or Inedible",IF(COUNTA(I4)=1,L4*1,IF(COUNTA(J4)=1,L4*1,"ERROR")))) -> 10.6
A5: 2021-IC-L1 | B5: 44247 | C5: Zone 5 - Winston | D5: N0464 | E5: =IF(D5="","",VLOOKUP(D5,Master,3,FALSE)) -> Sarel | F5: =IF(D5="","",VLOOKUP(D5,Master,4,FALSE)) -> Mynhardt | G5: =IF(D5="","",VLOOKUP(D5,Master,5,FALSE)) -> Men Master | H5: =IF(D5="","",VLOOKUP(D5,Master,2,FALSE)) -> Atlantic Angling Club | J5: Shark Hound Smooth | K5: 96 | L5: =IF(K5="","",IF(I5="",ROUND(HLOOKUP(J5,kgList,K5,FALSE),1),ROUND(HLOOKUP(I5,kgList,K5,FALSE),1))) -> 3.2 | M5: =IF(L5="","",IF(COUNTA(I5:J5)>1,"Edible or Inedible",IF(COUNTA(I5)=1,L5*1,IF(COUNTA(J5)=1,L5*1,"ERROR")))) -> 3.2
A6: 2021-IC-L1 | B6: 44247 | C6: Zone 5 - Winston | D6: N0583 | E6: =IF(D6="","",VLOOKUP(D6,Master,3,FALSE)) -> Karmen | F6: =IF(D6="","",VLOOKUP(D6,Master,4,FALSE)) -> Mynhardt | G6: =IF(D6="","",VLOOKUP(D6,Master,5,FALSE)) -> Ladies Master | H6: =IF(D6="","",VLOOKUP(D6,Master,2,FALSE)) -> Atlantic Angling Club | J6: Guitarfish - Lesser | K6: 77 | L6: =IF(K6="","",IF(I6="",ROUND(HLOOKUP(J6,kgList,K6,FALSE),1),ROUND(HLOOKUP(I6,kgList,K6,FALSE),1))) -> 1.6 | M6: =IF(L6="","",IF(COUNTA(I6:J6)>1,"Edible or Inedible",IF(COUNTA(I6)=1,L6*1,IF(COUNTA(J6)=1,L6*1,"ERROR")))) -> 1.6
A7: 2021-IC-L1 | B7: 44247 | C7: Zone 5 - Winston | D7: N0240 | E7: =IF(D7="","",VLOOKUP(D7,Master,3,FALSE)) -> Natasha | F7: =IF(D7="","",VLOOKUP(D7,Master,4,FALSE)) -> Mostert | G7: =IF(D7="","",VLOOKUP(D7,Master,5,FALSE)) -> Ladies Senior | H7: =IF(D7="","",VLOOKUP(D7,Master,2,FALSE)) -> Atlantic Angling Club | J7: Shark Hound Smooth | K7: 118 | L7: =IF(K7="","",IF(I7="",ROUND(HLOOKUP(J7,kgList,K7,FALSE),1),ROUND(HLOOKUP(I7,kgList,K7,FALSE),1))) -> 6.6 | M7: =IF(L7="","",IF(COUNTA(I7:J7)>1,"Edible or Inedible",IF(COUNTA(I7)=1,L7*1,IF(COUNTA(J7)=1,L7*1,"ERROR")))) -> 6.6
A8: 2021-IC-L1 | B8: 44247 | C8: Zone 5 - Winston | D8: N0877 | E8: =IF(D8="","",VLOOKUP(D8,Master,3,FALSE)) -> Raymond | F8: =IF(D8="","",VLOOKUP(D8,Master,4,FALSE)) -> Bartlett | G8: =IF(D8="","",VLOOKUP(D8,Master,5,FALSE)) -> Men Senior | H8: =IF(D8="","",VLOOKUP(D8,Master,2,FALSE)) -> xAtlantic Angling Club | J8: Shark Spotted Gully | K8: 80 | L8: =IF(K8="","",IF(I8="",ROUND(HLOOKUP(J8,kgList,K8,FALSE),1),ROUND(HLOOKUP(I8,kgList,K8,FALSE),1))) -> 2 | M8: =IF(L8="","",IF(COUNTA(I8:J8)>1,"Edible or Inedible",IF(COUNTA(I8)=1,L8*1,IF(COUNTA(J8)=1,L8*1,"ERROR")))) -> 2
A9: 2021-IC-L1 | B9: 44247 | C9: Zone 5 - Winston | D9: N0877 | E9: =IF(D9="","",VLOOKUP(D9,Master,3,FALSE)) -> Raymond | F9: =IF(D9="","",VLOOKUP(D9,Master,4,FALSE)) -> Bartlett | G9: =IF(D9="","",VLOOKUP(D9,Master,5,FALSE)) -> Men Senior | H9: =IF(D9="","",VLOOKUP(D9,Master,2,FALSE)) -> xAtlantic Angling Club | J9: Elephantfish | K9: 80 | L9: =IF(K9="","",IF(I9="",ROUND(HLOOKUP(J9,kgList,K9,FALSE),1),ROUND(HLOOKUP(I9,kgList,K9,FALSE),1))) -> 4.1 | M9: =IF(L9="","",IF(COUNTA(I9:J9)>1,"Edible or Inedible",IF(COUNTA(I9)=1,L9*1,IF(COUNTA(J9)=1,L9*1,"ERROR")))) -> 4.1
A10: 2021-IC-L1 | B10: 44247 | C10: Zone 5 - Winston | D10: N0877 | E10: =IF(D10="","",VLOOKUP(D10,Master,3,FALSE)) -> Raymond | F10: =IF(D10="","",VLOOKUP(D10,Master,4,FALSE)) -> Bartlett | G10: =IF(D10="","",VLOOKUP(D10,Master,5,FALSE)) -> Men Senior | H10: =IF(D10="","",VLOOKUP(D10,Master,2,FALSE)) -> xAtlantic Angling Club | J10: Guitarfish - Lesser | K10: 90 | L10: =IF(K10="","",IF(I10="",ROUND(HLOOKUP(J10,kgList,K10,FALSE),1),ROUND(HLOOKUP(I10,kgList,K10,FALSE),1))) -> 2.7 | M10: =IF(L10="","",IF(COUNTA(I10:J10)>1,"Edible or Inedible",IF(COUNTA(I10)=1,L10*1,IF(COUNTA(J10)=1,L10*1,"ERROR")))) -> 2.7
A11: 2021-IC-L1 | B11: 44247 | C11: Zone 5 - Winston | D11: N0833 | E11: =IF(D11="","",VLOOKUP(D11,Master,3,FALSE)) -> Andy | F11: =IF(D11="","",VLOOKUP(D11,Master,4,FALSE)) -> Welzig | G11: =IF(D11="","",VLOOKUP(D11,Master,5,FALSE)) -> Men Master | H11: =IF(D11="","",VLOOKUP(D11,Master,2,FALSE)) -> Atlantic Angling Club | J11: Shark Hound Smooth | K11: 122 | L11: =IF(K11="","",IF(I11="",ROUND(HLOOKUP(J11,kgList,K11,FALSE),1),ROUND(HLOOKUP(I11,kgList,K11,FALSE),1))) -> 7.4 | M11: =IF(L11="","",IF(COUNTA(I11:J11)>1,"Edible or Inedible",IF(COUNTA(I11)=1,L11*1,IF(COUNTA(J11)=1,L11*1,"ERROR")))) -> 7.4
A12: 2021-IC-L1 | B12: 44247 | C12: Zone 5 - Winston | D12: N0833 | E12: =IF(D12="","",VLOOKUP(D12,Master,3,FALSE)) -> Andy | F12: =IF(D12="","",VLOOKUP(D12,Master,4,FALSE)) -> Welzig | G12: =IF(D12="","",VLOOKUP(D12,Master,5,FALSE)) -> Men Master | H12: =IF(D12="","",VLOOKUP(D12,Master,2,FALSE)) -> Atlantic Angling Club | J12: Skate Spearnose | K12: 141 | L12: =IF(K12="","",IF(I12="",ROUND(HLOOKUP(J12,kgList,K12,FALSE),1),ROUND(HLOOKUP(I12,kgList,K12,FALSE),1))) -> 26.2 | M12: =IF(L12="","",IF(COUNTA(I12:J12)>1,"Edible or Inedible",IF(COUNTA(I12)=1,L12*1,IF(COUNTA(J12)=1,L12*1,"ERROR")))) -> 26.2
A13: 2021-IC-L1 | B13: 44247 | C13: Zone 5 - Winston | D13: N0410 | E13: =IF(D13="","",VLOOKUP(D13,Master,3,FALSE)) -> Jaco | F13: =IF(D13="","",VLOOKUP(D13,Master,4,FALSE)) -> Mac Gillicuddy | G13: =IF(D13="","",VLOOKUP(D13,Master,5,FALSE)) -> Men Veteran | H13: =IF(D13="","",VLOOKUP(D13,Master,2,FALSE)) -> Atlantic Angling Club | J13: Shark Hound Smooth | K13: 127 | L13: =IF(K13="","",IF(I13="",ROUND(HLOOKUP(J13,kgList,K13,FALSE),1),ROUND(HLOOKUP(I13,kgList,K13,FALSE),1))) -> 8.5 | M13: =IF(L13="","",IF(COUNTA(I13:J13)>1,"Edible or Inedible",IF(COUNTA(I13)=1,L13*1,IF(COUNTA(J13)=1,L13*1,"ERROR")))) -> 8.5
A14: 2021-IC-L1 | B14: 44247 | C14: Zone 5 - Winston | D14: N0330 | E14: =IF(D14="","",VLOOKUP(D14,Master,3,FALSE)) -> Enya | F14: =IF(D14="","",VLOOKUP(D14,Master,4,FALSE)) -> Mac Gillicuddy | G14: =IF(D14="","",VLOOKUP(D14,Master,5,FALSE)) -> Ladies U/16 | H14: =IF(D14="","",VLOOKUP(D14,Master,2,FALSE)) -> Atlantic Angling Club | L14: =IF(K14="","",IF(I14="",ROUND(HLOOKUP(J14,kgList,K14,FALSE),1),ROUND(HLOOKUP(I14,kgList,K14,FALSE),1))) | M14: =IF(L14="","",IF(COUNTA(I14:J14)>1,"Edible or Inedible",IF(COUNTA(I14)=1,L14*1,IF(COUNTA(J14)=1,L14*1,"ERROR"))))
A15: 2021-IC-L1 | B15: 44247 | C15: Zone 5 - Winston | D15: N0011 | E15: =IF(D15="","",VLOOKUP(D15,Master,3,FALSE)) -> Johan | F15: =IF(D15="","",VLOOKUP(D15,Master,4,FALSE)) -> Mostert | G15: =IF(D15="","",VLOOKUP(D15,Master,5,FALSE)) -> Men Senior | H15: =IF(D15="","",VLOOKUP(D15,Master,2,FALSE)) -> Atlantic Angling Club | J15: Shark Hound Smooth | K15: 98 | L15: =IF(K15="","",IF(I15="",ROUND(HLOOKUP(J15,kgList,K15,FALSE),1),ROUND(HLOOKUP(I15,kgList,K15,FALSE),1))) -> 3.4 | M15: =IF(L15="","",IF(COUNTA(I15:J15)>1,"Edible or Inedible",IF(COUNTA(I15)=1,L15*1,IF(COUNTA(J15)=1,L15*1,"ERROR")))) -> 3.4
A16: 2021-IC-L1 | B16: 44247 | C16: Zone 5 - Winston | D16: N0703 | E16: =IF(D16="","",VLOOKUP(D16,Master,3,FALSE)) -> Andi | F16: =IF(D16="","",VLOOKUP(D16,Master,4,FALSE)) -> Bachran | G16: =IF(D16="","",VLOOKUP(D16,Master,5,FALSE)) -> Men Master | H16: =IF(D16="","",VLOOKUP(D16,Master,2,FALSE)) -> Atlantic Angling Club | J16: Shark Spotted Gully | K16: 159 | L16: =IF(K16="","",IF(I16="",ROUND(HLOOKUP(J16,kgList,K16,FALSE),1),ROUND(HLOOKUP(I16,kgList,K16,FALSE),1))) -> 21.3 | M16: =IF(L16="","",IF(COUNTA(I16:J16)>1,"Edible or Inedible",IF(COUNTA(I16)=1,L16*1,IF(COUNTA(J16)=1,L16*1,"ERROR")))) -> 21.3
A17: 2021-IC-L1 | B17: 44247 | C17: Zone 5 - Winston | D17: N0703 | E17: =IF(D17="","",VLOOKUP(D17,Master,3,FALSE)) -> Andi | F17: =IF(D17="","",VLOOKUP(D17,Master,4,FALSE)) -> Bachran | G17: =IF(D17="","",VLOOKUP(D17,Master,5,FALSE)) -> Men Master | H17: =IF(D17="","",VLOOKUP(D17,Master,2,FALSE)) -> Atlantic Angling Club | J17: Shark Spotted Gully | K17: 135 | L17: =IF(K17="","",IF(I17="",ROUND(HLOOKUP(J17,kgList,K17,FALSE),1),ROUND(HLOOKUP(I17,kgList,K17,FALSE),1))) -> 12.1 | M17: =IF(L17="","",IF(COUNTA(I17:J17)>1,"Edible or Inedible",IF(COUNTA(I17)=1,L17*1,IF(COUNTA(J17)=1,L17*1,"ERROR")))) -> 12.1
A18: 2021-IC-L1 | B18: 44247 | C18: Zone 5 - Winston | D18: N0704 | E18: =IF(D18="","",VLOOKUP(D18,Master,3,FALSE)) -> Kay | F18: =IF(D18="","",VLOOKUP(D18,Master,4,FALSE)) -> Bachran | G18: =IF(D18="","",VLOOKUP(D18,Master,5,FALSE)) -> Men U/21 | H18: =IF(D18="","",VLOOKUP(D18,Master,2,FALSE)) -> Atlantic Angling Club | J18: Shark Spotted Gully | K18: 138 | L18: =IF(K18="","",IF(I18="",ROUND(HLOOKUP(J18,kgList,K18,FALSE),1),ROUND(HLOOKUP(I18,kgList,K18,FALSE),1))) -> 13.1 | M18: =IF(L18="","",IF(COUNTA(I18:J18)>1,"Edible or Inedible",IF(COUNTA(I18)=1,L18*1,IF(COUNTA(J18)=1,L18*1,"ERROR")))) -> 13.1
A19: 2021-IC-L1 | B19: 44247 | C19: Zone 5 - Winston | D19: N0704 | E19: =IF(D19="","",VLOOKUP(D19,Master,3,FALSE)) -> Kay | F19: =IF(D19="","",VLOOKUP(D19,Master,4,FALSE)) -> Bachran | G19: =IF(D19="","",VLOOKUP(D19,Master,5,FALSE)) -> Men U/21 | H19: =IF(D19="","",VLOOKUP(D19,Master,2,FALSE)) -> Atlantic Angling Club | J19: Shark Spotted Gully | K19: 137 | L19: =IF(K19="","",IF(I19="",ROUND(HLOOKUP(J19,kgList,K19,FALSE),1),ROUND(HLOOKUP(I19,kgList,K19,FALSE),1))) -> 12.8 | M19: =IF(L19="","",IF(COUNTA(I19:J19)>1,"Edible or Inedible",IF(COUNTA(I19)=1,L19*1,IF(COUNTA(J19)=1,L19*1,"ERROR")))) -> 12.8
A20: 2021-IC-L1 | B20: 44247 | C20: Zone 5 - Winston | D20: N0704 | E20: =IF(D20="","",VLOOKUP(D20,Master,3,FALSE)) -> Kay | F20: =IF(D20="","",VLOOKUP(D20,Master,4,FALSE)) -> Bachran | G20: =IF(D20="","",VLOOKUP(D20,Master,5,FALSE)) -> Men U/21 | H20: =IF(D20="","",VLOOKUP(D20,Master,2,FALSE)) -> Atlantic Angling Club | J20: Shark Spotted Gully | K20: 143 | L20: =IF(K20="","",IF(I20="",ROUND(HLOOKUP(J20,kgList,K20,FALSE),1),ROUND(HLOOKUP(I20,kgList,K20,FALSE),1))) -> 14.8 | M20: =IF(L20="","",IF(COUNTA(I20:J20)>1,"Edible or Inedible",IF(COUNTA(I20)=1,L20*1,IF(COUNTA(J20)=1,L20*1,"ERROR")))) -> 14.8
A21: 2021-IC-L1 | B21: 44247 | C21: Zone 5 - Winston | D21: N0704 | E21: =IF(D21="","",VLOOKUP(D21,Master,3,FALSE)) -> Kay | F21: =IF(D21="","",VLOOKUP(D21,Master,4,FALSE)) -> Bachran | G21: =IF(D21="","",VLOOKUP(D21,Master,5,FALSE)) -> Men U/21 | H21: =IF(D21="","",VLOOKUP(D21,Master,2,FALSE)) -> Atlantic Angling Club | J21: Shark Spotted Gully | K21: 77 | L21: =IF(K21="","",IF(I21="",ROUND(HLOOKUP(J21,kgList,K21,FALSE),1),ROUND(HLOOKUP(I21,kgList,K21,FALSE),1))) -> 1.8 | M21: =IF(L21="","",IF(COUNTA(I21:J21)>1,"Edible or Inedible",IF(COUNTA(I21)=1,L21*1,IF(COUNTA(J21)=1,L21*1,"ERROR")))) -> 1.8
A22: 2021-IC-L1 | B22: 44247 | C22: Zone 5 - Winston | D22: N0704 | E22: =IF(D22="","",VLOOKUP(D22,Master,3,FALSE)) -> Kay | F22: =IF(D22="","",VLOOKUP(D22,Master,4,FALSE)) -> Bachran | G22: =IF(D22="","",VLOOKUP(D22,Master,5,FALSE)) -> Men U/21 | H22: =IF(D22="","",VLOOKUP(D22,Master,2,FALSE)) -> Atlantic Angling Club | J22: Shark Copper (Female) | K22: 84 | L22: =IF(K22="","",IF(I22="",ROUND(HLOOKUP(J22,kgList,K22,FALSE),1),ROUND(HLOOKUP(I22,kgList,K22,FALSE),1))) -> 7.2 | M22: =IF(L22="","",IF(COUNTA(I22:J22)>1,"Edible or Inedible",IF(COUNTA(I22)=1,L22*1,IF(COUNTA(J22)=1,L22*1,"ERROR")))) -> 7.2
A23: 2021-IC-L1 | B23: 44247 | C23: Zone 5 - Winston | D23: N0460 | E23: =IF(D23="","",VLOOKUP(D23,Master,3,FALSE)) -> Jaco | F23: =IF(D23="","",VLOOKUP(D23,Master,4,FALSE)) -> Venter | G23: =IF(D23="","",VLOOKUP(D23,Master,5,FALSE)) -> Men Master | H23: =IF(D23="","",VLOOKUP(D23,Master,2,FALSE)) -> Atlantic Angling Club | L23: =IF(K23="","",IF(I23="",ROUND(HLOOKUP(J23,kgList,K23,FALSE),1),ROUND(HLOOKUP(I23,kgList,K23,FALSE),1))) | M23: =IF(L23="","",IF(COUNTA(I23:J23)>1,"Edible or Inedible",IF(COUNTA(I23)=1,L23*1,IF(COUNTA(J23)=1,L23*1,"ERROR"))))
A24: 2021-IC-L1 | B24: 44247 | C24: Zone 5 - Winston | D24: N0208 | E24: =IF(D24="","",VLOOKUP(D24,Master,3,FALSE)) -> Adri | F24: =IF(D24="","",VLOOKUP(D24,Master,4,FALSE)) -> Roets | G24: =IF(D24="","",VLOOKUP(D24,Master,5,FALSE)) -> Men Master | H24: =IF(D24="","",VLOOKUP(D24,Master,2,FALSE)) -> Atlantic Angling Club | J24: Shark Spotted Gully | K24: 165 | L24: =IF(K24="","",IF(I24="",ROUND(HLOOKUP(J24,kgList,K24,FALSE),1),ROUND(HLOOKUP(I24,kgList,K24,FALSE),1))) -> 24.1 | M24: =IF(L24="","",IF(COUNTA(I24:J24)>1,"Edible or Inedible",IF(COUNTA(I24)=1,L24*1,IF(COUNTA(J24)=1,L24*1,"ERROR")))) -> 24.1
A25: 2021-IC-L1 | B25: 44247 | C25: Zone 5 - Winston | D25: N0208 | E25: =IF(D25="","",VLOOKUP(D25,Master,3,FALSE)) -> Adri | F25: =IF(D25="","",VLOOKUP(D25,Master,4,FALSE)) -> Roets | G25: =IF(D25="","",VLOOKUP(D25,Master,5,FALSE)) -> Men Master | H25: =IF(D25="","",VLOOKUP(D25,Master,2,FALSE)) -> Atlantic Angling Club | J25: Shark Spotted Gully | K25: 161 | L25: =IF(K25="","",IF(I25="",ROUND(HLOOKUP(J25,kgList,K25,FALSE),1),ROUND(HLOOKUP(I25,kgList,K25,FALSE),1))) -> 22.2 | M25: =IF(L25="","",IF(COUNTA(I25:J25)>1,"Edible or Inedible",IF(COUNTA(I25)=1,L25*1,IF(COUNTA(J25)=1,L25*1,"ERROR")))) -> 22.2
A26: 2021-IC-L1 | B26: 44247 | C26: Zone 5 - Winston | D26: N0208 | E26: =IF(D26="","",VLOOKUP(D26,Master,3,FALSE)) -> Adri | F26: =IF(D26="","",VLOOKUP(D26,Master,4,FALSE)) -> Roets | G26: =IF(D26="","",VLOOKUP(D26,Master,5,FALSE)) -> Men Master | H26: =IF(D26="","",VLOOKUP(D26,Master,2,FALSE)) -> Atlantic Angling Club | J26: Shark Spotted Gully | K26: 138 | L26: =IF(K26="","",IF(I26="",ROUND(HLOOKUP(J26,kgList,K26,FALSE),1),ROUND(HLOOKUP(I26,kgList,K26,FALSE),1))) -> 13.1 | M26: =IF(L26="","",IF(COUNTA(I26:J26)>1,"Edible or Inedible",IF(COUNTA(I26)=1,L26*1,IF(COUNTA(J26)=1,L26*1,"ERROR")))) -> 13.1
A27: 2021-IC-L1 | B27: 44247 | C27: Zone 5 - Winston | D27: N0208 | E27: =IF(D27="","",VLOOKUP(D27,Master,3,FALSE)) -> Adri | F27: =IF(D27="","",VLOOKUP(D27,Master,4,FALSE)) -> Roets | G27: =IF(D27="","",VLOOKUP(D27,Master,5,FALSE)) -> Men Master | H27: =IF(D27="","",VLOOKUP(D27,Master,2,FALSE)) -> Atlantic Angling Club | J27: Shark Spotted Gully | K27: 128 | L27: =IF(K27="","",IF(I27="",ROUND(HLOOKUP(J27,kgList,K27,FALSE),1),ROUND(HLOOKUP(I27,kgList,K27,FALSE),1))) -> 10.1 | M27: =IF(L27="","",IF(COUNTA(I27:J27)>1,"Edible or Inedible",IF(COUNTA(I27)=1,L27*1,IF(COUNTA(J27)=1,L27*1,"ERROR")))) -> 10.1
A28: 2021-IC-L1 | B28: 44247 | C28: Zone 5 - Winston | D28: N0208 | E28: =IF(D28="","",VLOOKUP(D28,Master,3,FALSE)) -> Adri | F28: =IF(D28="","",VLOOKUP(D28,Master,4,FALSE)) -> Roets | G28: =IF(D28="","",VLOOKUP(D28,Master,5,FALSE)) -> Men Master | H28: =IF(D28="","",VLOOKUP(D28,Master,2,FALSE)) -> Atlantic Angling Club | J28: Skate Spearnose | K28: 112 | L28: =IF(K28="","",IF(I28="",ROUND(HLOOKUP(J28,kgList,K28,FALSE),1),ROUND(HLOOKUP(I28,kgList,K28,FALSE),1))) -> 12.7 | M28: =IF(L28="","",IF(COUNTA(I28:J28)>1,"Edible or Inedible",IF(COUNTA(I28)=1,L28*1,IF(COUNTA(J28)=1,L28*1,"ERROR")))) -> 12.7
A29: 2021-IC-L1 | B29: 44247 | C29: Zone 5 - Winston | D29: N0023 | E29: =IF(D29="","",VLOOKUP(D29,Master,3,FALSE)) -> Jörg | F29: =IF(D29="","",VLOOKUP(D29,Master,4,FALSE)) -> Walter | G29: =IF(D29="","",VLOOKUP(D29,Master,5,FALSE)) -> Men Grand Masters | H29: =IF(D29="","",VLOOKUP(D29,Master,2,FALSE)) -> Atlantic Angling Club | J29: Shark Spotted Gully | K29: 128 | L29: =IF(K29="","",IF(I29="",ROUND(HLOOKUP(J29,kgList,K29,FALSE),1),ROUND(HLOOKUP(I29,kgList,K29,FALSE),1))) -> 10.1 | M29: =IF(L29="","",IF(COUNTA(I29:J29)>1,"Edible or Inedible",IF(COUNTA(I29)=1,L29*1,IF(COUNTA(J29)=1,L29*1,"ERROR")))) -> 10.1
A30: 2021-IC-L1 | B30: 44247 | C30: Zone 5 - Winston | D30: N0023 | E30: =IF(D30="","",VLOOKUP(D30,Master,3,FALSE)) -> Jörg | F30: =IF(D30="","",VLOOKUP(D30,Master,4,FALSE)) -> Walter | G30: =IF(D30="","",VLOOKUP(D30,Master,5,FALSE)) -> Men Grand Masters | H30: =IF(D30="","",VLOOKUP(D30,Master,2,FALSE)) -> Atlantic Angling Club | J30: Shark Spotted Gully | K30: 166 | L30: =IF(K30="","",IF(I30="",ROUND(HLOOKUP(J30,kgList,K30,FALSE),1),ROUND(HLOOKUP(I30,kgList,K30,FALSE),1))) -> 24.6 | M30: =IF(L30="","",IF(COUNTA(I30:J30)>1,"Edible or Inedible",IF(COUNTA(I30)=1,L30*1,IF(COUNTA(J30)=1,L30*1,"ERROR")))) -> 24.6
A31: 2021-IC-L1 | B31: 44247 | C31: Zone 5 - Winston | D31: N0023 | E31: =IF(D31="","",VLOOKUP(D31,Master,3,FALSE)) -> Jörg | F31: =IF(D31="","",VLOOKUP(D31,Master,4,FALSE)) -> Walter | G31: =IF(D31="","",VLOOKUP(D31,Master,5,FALSE)) -> Men Grand Masters | H31: =IF(D31="","",VLOOKUP(D31,Master,2,FALSE)) -> Atlantic Angling Club | J31: Shark Spotted Gully | K31: 137 | L31: =IF(K31="","",IF(I31="",ROUND(HLOOKUP(J31,kgList,K31,FALSE),1),ROUND(HLOOKUP(I31,kgList,K31,FALSE),1))) -> 12.8 | M31: =IF(L31="","",IF(COUNTA(I31:J31)>1,"Edible or Inedible",IF(COUNTA(I31)=1,L31*1,IF(COUNTA(J31)=1,L31*1,"ERROR")))) -> 12.8
A32: 2021-IC-L1 | B32: 44247 | C32: Zone 5 - Winston | D32: N0023 | E32: =IF(D32="","",VLOOKUP(D32,Master,3,FALSE)) -> Jörg | F32: =IF(D32="","",VLOOKUP(D32,Master,4,FALSE)) -> Walter | G32: =IF(D32="","",VLOOKUP(D32,Master,5,FALSE)) -> Men Grand Masters | H32: =IF(D32="","",VLOOKUP(D32,Master,2,FALSE)) -> Atlantic Angling Club | J32: Shark Spotted Gully | K32: 83 | L32: =IF(K32="","",IF(I32="",ROUND(HLOOKUP(J32,kgList,K32,FALSE),1),ROUND(HLOOKUP(I32,kgList,K32,FALSE),1))) -> 2.3 | M32: =IF(L32="","",IF(COUNTA(I32:J32)>1,"Edible or Inedible",IF(COUNTA(I32)=1,L32*1,IF(COUNTA(J32)=1,L32*1,"ERROR")))) -> 2.3
A33: 2021-IC-L1 | B33: 44247 | C33: Zone 5 - Winston | D33: N0023 | E33: =IF(D33="","",VLOOKUP(D33,Master,3,FALSE)) -> Jörg | F33: =IF(D33="","",VLOOKUP(D33,Master,4,FALSE)) -> Walter | G33: =IF(D33="","",VLOOKUP(D33,Master,5,FALSE)) -> Men Grand Masters | H33: =IF(D33="","",VLOOKUP(D33,Master,2,FALSE)) -> Atlantic Angling Club | J33: Skate Spearnose | K33: 118 | L33: =IF(K33="","",IF(I33="",ROUND(HLOOKUP(J33,kgList,K33,FALSE),1),ROUND(HLOOKUP(I33,kgList,K33,FALSE),1))) -> 15 | M33: =IF(L33="","",IF(COUNTA(I33:J33)>1,"Edible or Inedible",IF(COUNTA(I33)=1,L33*1,IF(COUNTA(J33)=1,L33*1,"ERROR")))) -> 15
A34: 2021-IC-L1 | B34: 44247 | C34: Zone 5 - Winston | D34: N0023 | E34: =IF(D34="","",VLOOKUP(D34,Master,3,FALSE)) -> Jörg | F34: =IF(D34="","",VLOOKUP(D34,Master,4,FALSE)) -> Walter | G34: =IF(D34="","",VLOOKUP(D34,Master,5,FALSE)) -> Men Grand Masters | H34: =IF(D34="","",VLOOKUP(D34,Master,2,FALSE)) -> Atlantic Angling Club | J34: Ray Bull / Eagle | K34: 70 | L34: =IF(K34="","",IF(I34="",ROUND(HLOOKUP(J34,kgList,K34,FALSE),1),ROUND(HLOOKUP(I34,kgList,K34,FALSE),1))) -> 6.2 | M34: =IF(L34="","",IF(COUNTA(I34:J34)>1,"Edible or Inedible",IF(COUNTA(I34)=1,L34*1,IF(COUNTA(J34)=1,L34*1,"ERROR")))) -> 6.2
A35: 2021-IC-L1 | B35: 44247 | C35: Zone 5 - Winston | D35: N0461 | E35: =IF(D35="","",VLOOKUP(D35,Master,3,FALSE)) -> Andries | F35: =IF(D35="","",VLOOKUP(D35,Master,4,FALSE)) -> Burger | G35: =IF(D35="","",VLOOKUP(D35,Master,5,FALSE)) -> Men Master | H35: =IF(D35="","",VLOOKUP(D35,Master,2,FALSE)) -> Atlantic Angling Club | J35: Shark Hound Smooth | K35: 104 | L35: =IF(K35="","",IF(I35="",ROUND(HLOOKUP(J35,kgList,K35,FALSE),1),ROUND(HLOOKUP(I35,kgList,K35,FALSE),1))) -> 4.2 | M35: =IF(L35="","",IF(COUNTA(I35:J35)>1,"Edible or Inedible",IF(COUNTA(I35)=1,L35*1,IF(COUNTA(J35)=1,L35*1,"ERROR")))) -> 4.2
... A49: 2021-IC-L1 | B49: 44247 | C49: Zone 5 - Winston | D49: N0234 | E49: =IF(D49="","",VLOOKUP(D49,Master,3,FALSE)) -> Henning | F49: =IF(D49="","",VLOOKUP(D49,Master,4,FALSE)) -> Du Plessis | G49: =IF(D49="","",VLOOKUP(D49,Master,5,FALSE)) -> Men Master | H49: =IF(D49="","",VLOOKUP(D49,Master,2,FALSE)) -> Atlantic Angling Club | J49: Shark Spotted Gully | K49: 87 | L49: =IF(K49="","",IF(I49="",ROUND(HLOOKUP(J49,kgList,K49,FALSE),1),ROUND(HLOOKUP(I49,kgList,K49,FALSE),1))) -> 2.7 | M49: =IF(L49="","",IF(COUNTA(I49:J49)>1,"Edible or Inedible",IF(COUNTA(I49)=1,L49*1,IF(COUNTA(J49)=1,L49*1,"ERROR")))) -> 2.7
A50: 2021-IC-L1 | B50: 44247 | C50: Zone 5 - Winston | D50: N0234 | E50: =IF(D50="","",VLOOKUP(D50,Master,3,FALSE)) -> Henning | F50: =IF(D50="","",VLOOKUP(D50,Master,4,FALSE)) -> Du Plessis | G50: =IF(D50="","",VLOOKUP(D50,Master,5,FALSE)) -> Men Master | H50: =IF(D50="","",VLOOKUP(D50,Master,2,FALSE)) -> Atlantic Angling Club | I50: Kob | K50: 52 | L50: =IF(K50="","",IF(I50="",ROUND(HLOOKUP(J50,kgList,K50,FALSE),1),ROUND(HLOOKUP(I50,kgList,K50,FALSE),1))) -> 1.4 | M50: =IF(L50="","",IF(COUNTA(I50:J50)>1,"Edible or Inedible",IF(COUNTA(I50)=1,L50*1,IF(COUNTA(J50)=1,L50*1,"ERROR")))) -> 1.4
A51: 2021-IC-L1 | B51: 44247 | C51: Zone 5 - Winston | D51: N0145 | E51: =IF(D51="","",VLOOKUP(D51,Master,3,FALSE)) -> Hennie | F51: =IF(D51="","",VLOOKUP(D51,Master,4,FALSE)) -> Roets | G51: =IF(D51="","",VLOOKUP(D51,Master,5,FALSE)) -> Men Veteran | H51: =IF(D51="","",VLOOKUP(D51,Master,2,FALSE)) -> Atlantic Angling Club | J51: Shark Spotted Gully | K51: 116 | L51: =IF(K51="","",IF(I51="",ROUND(HLOOKUP(J51,kgList,K51,FALSE),1),ROUND(HLOOKUP(I51,kgList,K51,FALSE),1))) -> 7.2 | M51: =IF(L51="","",IF(COUNTA(I51:J51)>1,"Edible or Inedible",IF(COUNTA(I51)=1,L51*1,IF(COUNTA(J51)=1,L51*1,"ERROR")))) -> 7.2
A52: 2021-IC-L1 | B52: 44247 | C52: Zone 5 - Winston | D52: N0145 | E52: =IF(D52="","",VLOOKUP(D52,Master,3,FALSE)) -> Hennie | F52: =IF(D52="","",VLOOKUP(D52,Master,4,FALSE)) -> Roets | G52: =IF(D52="","",VLOOKUP(D52,Master,5,FALSE)) -> Men Veteran | H52: =IF(D52="","",VLOOKUP(D52,Master,2,FALSE)) -> Atlantic Angling Club | J52: Shark Spotted Gully | K52: 116 | L52: =IF(K52="","",IF(I52="",ROUND(HLOOKUP(J52,kgList,K52,FALSE),1),ROUND(HLOOKUP(I52,kgList,K52,FALSE),1))) -> 7.2 | M52: =IF(L52="","",IF(COUNTA(I52:J52)>1,"Edible or Inedible",IF(COUNTA(I52)=1,L52*1,IF(COUNTA(J52)=1,L52*1,"ERROR")))) -> 7.2
A53: 2021-IC-L1 | B53: 44247 | C53: Zone 5 - Winston | D53: N0145 | E53: =IF(D53="","",VLOOKUP(D53,Master,3,FALSE)) -> Hennie | F53: =IF(D53="","",VLOOKUP(D53,Master,4,FALSE)) -> Roets | G53: =IF(D53="","",VLOOKUP(D53,Master,5,FALSE)) -> Men Veteran | H53: =IF(D53="","",VLOOKUP(D53,Master,2,FALSE)) -> Atlantic Angling Club | J53: Shark Spotted Gully | K53: 157 | L53: =IF(K53="","",IF(I53="",ROUND(HLOOKUP(J53,kgList,K53,FALSE),1),ROUND(HLOOKUP(I53,kgList,K53,FALSE),1))) -> 20.4 | M53: =IF(L53="","",IF(COUNTA(I53:J53)>1,"Edible or Inedible",IF(COUNTA(I53)=1,L53*1,IF(COUNTA(J53)=1,L53*1,"ERROR")))) -> 20.4
A54: 2021-IC-L1 | B54: 44247 | C54: Zone 5 - Winston | D54: N0145 | E54: =IF(D54="","",VLOOKUP(D54,Master,3,FALSE)) -> Hennie | F54: =IF(D54="","",VLOOKUP(D54,Master,4,FALSE)) -> Roets | G54: =IF(D54="","",VLOOKUP(D54,Master,5,FALSE)) -> Men Veteran | H54: =IF(D54="","",VLOOKUP(D54,Master,2,FALSE)) -> Atlantic Angling Club | J54: Shark Spotted Gully | K54: 93 | L54: =IF(K54="","",IF(I54="",ROUND(HLOOKUP(J54,kgList,K54,FALSE),1),ROUND(HLOOKUP(I54,kgList,K54,FALSE),1))) -> 3.4 | M54: =IF(L54="","",IF(COUNTA(I54:J54)>1,"Edible or Inedible",IF(COUNTA(I54)=1,L54*1,IF(COUNTA(J54)=1,L54*1,"ERROR")))) -> 3.4
A55: 2021-IC-L1 | B55: 44247 | C55: Zone 5 - Winston | D55: N0418 | E55: =IF(D55="","",VLOOKUP(D55,Master,3,FALSE)) -> Renier | F55: =IF(D55="","",VLOOKUP(D55,Master,4,FALSE)) -> De Villiers | G55: =IF(D55="","",VLOOKUP(D55,Master,5,FALSE)) -> Men Master | H55: =IF(D55="","",VLOOKUP(D55,Master,2,FALSE)) -> Henties Bay | L55: =IF(K55="","",IF(I55="",ROUND(HLOOKUP(J55,kgList,K55,FALSE),1),ROUND(HLOOKUP(I55,kgList,K55,FALSE),1))) | M55: =IF(L55="","",IF(COUNTA(I55:J55)>1,"Edible or Inedible",IF(COUNTA(I55)=1,L55*1,IF(COUNTA(J55)=1,L55*1,"ERROR"))))
A56: 2021-IC-L1 | B56: 44247 | C56: Zone 5 - Winston | D56: N0667 | E56: =IF(D56="","",VLOOKUP(D56,Master,3,FALSE)) -> Nadine | F56: =IF(D56="","",VLOOKUP(D56,Master,4,FALSE)) -> Downing | G56: =IF(D56="","",VLOOKUP(D56,Master,5,FALSE)) -> Ladies Veteran | H56: =IF(D56="","",VLOOKUP(D56,Master,2,FALSE)) -> Henties Bay | L56: =IF(K56="","",IF(I56="",ROUND(HLOOKUP(J56,kgList,K56,FALSE),1),ROUND(HLOOKUP(I56,kgList,K56,FALSE),1))) | M56: =IF(L56="","",IF(COUNTA(I56:J56)>1,"Edible or Inedible",IF(COUNTA(I56)=1,L56*1,IF(COUNTA(J56)=1,L56*1,"ERROR"))))
A57: 2021-IC-L1 | B57: 44247 | C57: Zone 5 - Winston | D57: N0180 | E57: =IF(D57="","",VLOOKUP(D57,Master,3,FALSE)) -> Elaine | F57: =IF(D57="","",VLOOKUP(D57,Master,4,FALSE)) -> Vorster | G57: =IF(D57="","",VLOOKUP(D57,Master,5,FALSE)) -> Ladies Veteran | H57: =IF(D57="","",VLOOKUP(D57,Master,2,FALSE)) -> Orca Angling Club | J57: Ray Bull / Eagle | K57: 57 | L57: =IF(K57="","",IF(I57="",ROUND(HLOOKUP(J57,kgList,K57,FALSE),1),ROUND(HLOOKUP(I57,kgList,K57,FALSE),1))) -> 3.3 | M57: =IF(L57="","",IF(COUNTA(I57:J57)>1,"Edible or Inedible",IF(COUNTA(I57)=1,L57*1,IF(COUNTA(J57)=1,L57*1,"ERROR")))) -> 3.3
A58: 2021-IC-L1 | B58: 44247 | C58: Zone 5 - Winston | D58: N0026 | E58: =IF(D58="","",VLOOKUP(D58,Master,3,FALSE)) -> Johan | F58: =IF(D58="","",VLOOKUP(D58,Master,4,FALSE)) -> Agenbag | G58: =IF(D58="","",VLOOKUP(D58,Master,5,FALSE)) -> Men Master | H58: =IF(D58="","",VLOOKUP(D58,Master,2,FALSE)) -> Henties Bay | J58: Shark Spotted Gully | K58: 133 | L58: =IF(K58="","",IF(I58="",ROUND(HLOOKUP(J58,kgList,K58,FALSE),1),ROUND(HLOOKUP(I58,kgList,K58,FALSE),1))) -> 11.5 | M58: =IF(L58="","",IF(COUNTA(I58:J58)>1,"Edible or Inedible",IF(COUNTA(I58)=1,L58*1,IF(COUNTA(J58)=1,L58*1,"ERROR")))) -> 11.5
A59: 2021-IC-L1 | B59: 44247 | C59: Zone 5 - Winston | D59: N0026 | E59: =IF(D59="","",VLOOKUP(D59,Master,3,FALSE)) -> Johan | F59: =IF(D59="","",VLOOKUP(D59,Master,4,FALSE)) -> Agenbag | G59: =IF(D59="","",VLOOKUP(D59,Master,5,FALSE)) -> Men Master | H59: =IF(D59="","",VLOOKUP(D59,Master,2,FALSE)) -> Henties Bay | J59: Shark Hound Smooth | K59: 104 | L59: =IF(K59="","",IF(I59="",ROUND(HLOOKUP(J59,kgList,K59,FALSE),1),ROUND(HLOOKUP(I59,kgList,K59,FALSE),1))) -> 4.2 | M59: =IF(L59="","",IF(COUNTA(I59:J59)>1,"Edible or Inedible",IF(COUNTA(I59)=1,L59*1,IF(COUNTA(J59)=1,L59*1,"ERROR")))) -> 4.2
A60: 2021-IC-L1 | B60: 44247 | C60: Zone 5 - Winston | D60: N0515 | E60: =IF(D60="","",VLOOKUP(D60,Master,3,FALSE)) -> Johan | F60: =IF(D60="","",VLOOKUP(D60,Master,4,FALSE)) -> Burger | G60: =IF(D60="","",VLOOKUP(D60,Master,5,FALSE)) -> Men Master | H60: =IF(D60="","",VLOOKUP(D60,Master,2,FALSE)) -> Mako | J60: Shark Soupfin | K60: 63 | L60: =IF(K60="","",IF(I60="",ROUND(HLOOKUP(J60,kgList,K60,FALSE),1),ROUND(HLOOKUP(I60,kgList,K60,FALSE),1))) -> 3.7 | M60: =IF(L60="","",IF(COUNTA(I60:J60)>1,"Edible or Inedible",IF(COUNTA(I60)=1,L60*1,IF(COUNTA(J60)=1,L60*1,"ERROR")))) -> 3.7
A61: 2021-IC-L1 | B61: 44247 | C61: Zone 5 - Winston | D61: N0515 | E61: =IF(D61="","",VLOOKUP(D61,Master,3,FALSE)) -> Johan | F61: =IF(D61="","",VLOOKUP(D61,Master,4,FALSE)) -> Burger | G61: =IF(D61="","",VLOOKUP(D61,Master,5,FALSE)) -> Men Master | H61: =IF(D61="","",VLOOKUP(D61,Master,2,FALSE)) -> Mako | J61: Shark Spotted Gully | K61: 94 | L61: =IF(K61="","",IF(I61="",ROUND(HLOOKUP(J61,kgList,K61,FALSE),1),ROUND(HLOOKUP(I61,kgList,K61,FALSE),1))) -> 3.5 | M61: =IF(L61="","",IF(COUNTA(I61:J61)>1,"Edible or Inedible",IF(COUNTA(I61)=1,L61*1,IF(COUNTA(J61)=1,L61*1,"ERROR")))) -> 3.5
A62: 2021-IC-L1 | B62: 44247 | C62: Zone 5 - Winston | D62: N0515 | E62: =IF(D62="","",VLOOKUP(D62,Master,3,FALSE)) -> Johan | F62: =IF(D62="","",VLOOKUP(D62,Master,4,FALSE)) -> Burger | G62: =IF(D62="","",VLOOKUP(D62,Master,5,FALSE)) -> Men Master | H62: =IF(D62="","",VLOOKUP(D62,Master,2,FALSE)) -> Mako | J62: Shark Spotted Gully | K62: 103 | L62: =IF(K62="","",IF(I62="",ROUND(HLOOKUP(J62,kgList,K62,FALSE),1),ROUND(HLOOKUP(I62,kgList,K62,FALSE),1))) -> 4.8 | M62: =IF(L62="","",IF(COUNTA(I62:J62)>1,"Edible or Inedible",IF(COUNTA(I62)=1,L62*1,IF(COUNTA(J62)=1,L62*1,"ERROR")))) -> 4.8
A63: 2021-IC-L1 | B63: 44247 | C63: Zone 5 - Winston | D63: N0515 | E63: =IF(D63="","",VLOOKUP(D63,Master,3,FALSE)) -> Johan | F63: =IF(D63="","",VLOOKUP(D63,Master,4,FALSE)) -> Burger | G63: =IF(D63="","",VLOOKUP(D63,Master,5,FALSE)) -> Men Master | H63: =IF(D63="","",VLOOKUP(D63,Master,2,FALSE)) -> Mako | J63: Shark Spotted Gully | K63: 145 | L63: =IF(K63="","",IF(I63="",ROUND(HLOOKUP(J63,kgList,K63,FALSE),1),ROUND(HLOOKUP(I63,kgList,K63,FALSE),1))) -> 15.5 | M63: =IF(L63="","",IF(COUNTA(I63:J63)>1,"Edible or Inedible",IF(COUNTA(I63)=1,L63*1,IF(COUNTA(J63)=1,L63*1,"ERROR")))) -> 15.5
A64: 2021-IC-L1 | B64: 44247 | C64: Zone 5 - Winston | D64: N0515 | E64: =IF(D64="","",VLOOKUP(D64,Master,3,FALSE)) -> Johan | F64: =IF(D64="","",VLOOKUP(D64,Master,4,FALSE)) -> Burger | G64: =IF(D64="","",VLOOKUP(D64,Master,5,FALSE)) -> Men Master | H64: =IF(D64="","",VLOOKUP(D64,Master,2,FALSE)) -> Mako | J64: Shark Spotted Gully | K64: 155 | L64: =IF(K64="","",IF(I64="",ROUND(HLOOKUP(J64,kgList,K64,FALSE),1),ROUND(HLOOKUP(I64,kgList,K64,FALSE),1))) -> 19.5 | M64: =IF(L64="","",IF(COUNTA(I64:J64)>1,"Edible or Inedible",IF(COUNTA(I64)=1,L64*1,IF(COUNTA(J64)=1,L64*1,"ERROR")))) -> 19.5
A65: 2021-IC-L1 | B65: 44247 | C65: Zone 5 - Winston | D65: N0515 | E65: =IF(D65="","",VLOOKUP(D65,Master,3,FALSE)) -> Johan | F65: =IF(D65="","",VLOOKUP(D65,Master,4,FALSE)) -> Burger | G65: =IF(D65="","",VLOOKUP(D65,Master,5,FALSE)) -> Men Master | H65: =IF(D65="","",VLOOKUP(D65,Master,2,FALSE)) -> Mako | J65: Shark Hound Smooth | K65: 75 | L65: =IF(K65="","",IF(I65="",ROUND(HLOOKUP(J65,kgList,K65,FALSE),1),ROUND(HLOOKUP(I65,kgList,K65,FALSE),1))) -> 1.3 | M65: =IF(L65="","",IF(COUNTA(I65:J65)>1,"Edible or Inedible",IF(COUNTA(I65)=1,L65*1,IF(COUNTA(J65)=1,L65*1,"ERROR")))) -> 1.3
A66: 2021-IC-L1 | B66: 44247 | C66: Zone 5 - Winston | D66: N0515 | E66: =IF(D66="","",VLOOKUP(D66,Master,3,FALSE)) -> Johan | F66: =IF(D66="","",VLOOKUP(D66,Master,4,FALSE)) -> Burger | G66: =IF(D66="","",VLOOKUP(D66,Master,5,FALSE)) -> Men Master | H66: =IF(D66="","",VLOOKUP(D66,Master,2,FALSE)) -> Mako | J66: Shark Hound Smooth | K66: 78 | L66: =IF(K66="","",IF(I66="",ROUND(HLOOKUP(J66,kgList,K66,FALSE),1),ROUND(HLOOKUP(I66,kgList,K66,FALSE),1))) -> 1.5 | M66: =IF(L66="","",IF(COUNTA(I66:J66)>1,"Edible or Inedible",IF(COUNTA(I66)=1,L66*1,IF(COUNTA(J66)=1,L66*1,"ERROR")))) -> 1.5
A67: 2021-IC-L1 | B67: 44247 | C67: Zone 5 - Winston | D67: N0873 | E67: =IF(D67="","",VLOOKUP(D67,Master,3,FALSE)) -> Nicolette | F67: =IF(D67="","",VLOOKUP(D67,Master,4,FALSE)) -> Schreuder | G67: =IF(D67="","",VLOOKUP(D67,Master,5,FALSE)) -> Ladies Veteran | H67: =IF(D67="","",VLOOKUP(D67,Master,2,FALSE)) -> Walvis Bay | I67: Kob | K67: 49 | L67: =IF(K67="","",IF(I67="",ROUND(HLOOKUP(J67,kgList,K67,FALSE),1),ROUND(HLOOKUP(I67,kgList,K67,FALSE),1))) -> 1.2 | M67: =IF(L67="","",IF(COUNTA(I67:J67)>1,"Edible or Inedible",IF(COUNTA(I67)=1,L67*1,IF(COUNTA(J67)=1,L67*1,"ERROR")))) -> 1.2
A68: 2021-IC-L1 | B68: 44247 | C68: Zone 5 - Winston | D68: N0873 | E68: =IF(D68="","",VLOOKUP(D68,Master,3,FALSE)) -> Nicolette | F68: =IF(D68="","",VLOOKUP(D68,Master,4,FALSE)) -> Schreuder | G68: =IF(D68="","",VLOOKUP(D68,Master,5,FALSE)) -> Ladies Veteran | H68: =IF(D68="","",VLOOKUP(D68,Master,2,FALSE)) -> Walvis Bay | I68: Blacktail | K68: 29 | L68: =IF(K68="","",IF(I68="",ROUND(HLOOKUP(J68,kgList,K68,FALSE),1),ROUND(HLOOKUP(I68,kgList,K68,FALSE),1))) -> 0.7 | M68: =IF(L68="","",IF(COUNTA(I68:J68)>1,"Edible or Inedible",IF(COUNTA(I68)=1,L68*1,IF(COUNTA(J68)=1,L68*1,"ERROR")))) -> 0.7
A69: 2021-IC-L1 | B69: 44247 | C69: Zone 5 - Winston | D69: N0873 | E69: =IF(D69="","",VLOOKUP(D69,Master,3,FALSE)) -> Nicolette | F69: =IF(D69="","",VLOOKUP(D69,Master,4,FALSE)) -> Schreuder | G69: =IF(D69="","",VLOOKUP(D69,Master,5,FALSE)) -> Ladies Veteran | H69: =IF(D69="","",VLOOKUP(D69,Master,2,FALSE)) -> Walvis Bay | J69: Elephantfish | K69: 75 | L69: =IF(K69="","",IF(I69="",ROUND(HLOOKUP(J69,kgList,K69,FALSE),1),ROUND(HLOOKUP(I69,kgList,K69,FALSE),1))) -> 3.4 | M69: =IF(L69="","",IF(COUNTA(I69:J69)>1,"Edible or Inedible",IF(COUNTA(I69)=1,L69*1,IF(COUNTA(J69)=1,L69*1,"ERROR")))) -> 3.4
A70: 2021-IC-L1 | B70: 44247 | C70: Zone 5 - Winston | D70: N0873 | E70: =IF(D70="","",VLOOKUP(D70,Master,3,FALSE)) -> Nicolette | F70: =IF(D70="","",VLOOKUP(D70,Master,4,FALSE)) -> Schreuder | G70: =IF(D70="","",VLOOKUP(D70,Master,5,FALSE)) -> Ladies Veteran | H70: =IF(D70="","",VLOOKUP(D70,Master,2,FALSE)) -> Walvis Bay | J70: Elephantfish | K70: 70 | L70: =IF(K70="","",IF(I70="",ROUND(HLOOKUP(J70,kgList,K70,FALSE),1),ROUND(HLOOKUP(I70,kgList,K70,FALSE),1))) -> 2.7 | M70: =IF(L70="","",IF(COUNTA(I70:J70)>1,"Edible or Inedible",IF(COUNTA(I70)=1,L70*1,IF(COUNTA(J70)=1,L70*1,"ERROR")))) -> 2.7
A71: 2021-IC-L1 | B71: 44247 | C71: Zone 5 - Winston | D71: N0873 | E71: =IF(D71="","",VLOOKUP(D71,Master,3,FALSE)) -> Nicolette | F71: =IF(D71="","",VLOOKUP(D71,Master,4,FALSE)) -> Schreuder | G71: =IF(D71="","",VLOOKUP(D71,Master,5,FALSE)) -> Ladies Veteran | H71: =IF(D71="","",VLOOKUP(D71,Master,2,FALSE)) -> Walvis Bay | J71: Elephantfish | K71: 77 | L71: =IF(K71="","",IF(I71="",ROUND(HLOOKUP(J71,kgList,K71,FALSE),1),ROUND(HLOOKUP(I71,kgList,K71,FALSE),1))) -> 3.6 | M71: =IF(L71="","",IF(COUNTA(I71:J71)>1,"Edible or Inedible",IF(COUNTA(I71)=1,L71*1,IF(COUNTA(J71)=1,L71*1,"ERROR")))) -> 3.6
A72: 2021-IC-L1 | B72: 44247 | C72: Zone 5 - Winston | D72: N0873 | E72: =IF(D72="","",VLOOKUP(D72,Master,3,FALSE)) -> Nicolette | F72: =IF(D72="","",VLOOKUP(D72,Master,4,FALSE)) -> Schreuder | G72: =IF(D72="","",VLOOKUP(D72,Master,5,FALSE)) -> Ladies Veteran | H72: =IF(D72="","",VLOOKUP(D72,Master,2,FALSE)) -> Walvis Bay | J72: Elephantfish | K72: 63 | L72: =IF(K72="","",IF(I72="",ROUND(HLOOKUP(J72,kgList,K72,FALSE),1),ROUND(HLOOKUP(I72,kgList,K72,FALSE),1))) -> 2 | M72: =IF(L72="","",IF(COUNTA(I72:J72)>1,"Edible or Inedible",IF(COUNTA(I72)=1,L72*1,IF(COUNTA(J72)=1,L72*1,"ERROR")))) -> 2
A73: 2021-IC-L1 | B73: 44247 | C73: Zone 5 - Winston | D73: N0873 | E73: =IF(D73="","",VLOOKUP(D73,Master,3,FALSE)) -> Nicolette | F73: =IF(D73="","",VLOOKUP(D73,Master,4,FALSE)) -> Schreuder | G73: =IF(D73="","",VLOOKUP(D73,Master,5,FALSE)) -> Ladies Veteran | H73: =IF(D73="","",VLOOKUP(D73,Master,2,FALSE)) -> Walvis Bay | J73: Elephantfish | K73: 76 | L73: =IF(K73="","",IF(I73="",ROUND(HLOOKUP(J73,kgList,K73,FALSE),1),ROUND(HLOOKUP(I73,kgList,K73,FALSE),1))) -> 3.5 | M73: =IF(L73="","",IF(COUNTA(I73:J73)>1,"Edible or Inedible",IF(COUNTA(I73)=1,L73*1,IF(COUNTA(J73)=1,L73*1,"ERROR")))) -> 3.5
A74: 2021-IC-L1 | B74: 44247 | C74: Zone 5 - Winston | D74: N0709 | E74: =IF(D74="","",VLOOKUP(D74,Master,3,FALSE)) -> Tiaan | F74: =IF(D74="","",VLOOKUP(D74,Master,4,FALSE)) -> Fourie | G74: =IF(D74="","",VLOOKUP(D74,Master,5,FALSE)) -> Men Senior | H74: =IF(D74="","",VLOOKUP(D74,Master,2,FALSE)) -> Henties Bay | J74: Shark Hound Smooth | K74: 109 | L74: =IF(K74="","",IF(I74="",ROUND(HLOOKUP(J74,kgList,K74,FALSE),1),ROUND(HLOOKUP(I74,kgList,K74,FALSE),1))) -> 5 | M74: =IF(L74="","",IF(COUNTA(I74:J74)>1,"Edible or Inedible",IF(COUNTA(I74)=1,L74*1,IF(COUNTA(J74)=1,L74*1,"ERROR")))) -> 5
A75: 2021-IC-L1 | B75: 44247 | C75: Zone 5 - Winston | D75: N0709 | E75: =IF(D75="","",VLOOKUP(D75,Master,3,FALSE)) -> Tiaan | F75: =IF(D75="","",VLOOKUP(D75,Master,4,FALSE)) -> Fourie | G75: =IF(D75="","",VLOOKUP(D75,Master,5,FALSE)) -> Men Senior | H75: =IF(D75="","",VLOOKUP(D75,Master,2,FALSE)) -> Henties Bay | J75: Shark Spotted Gully | K75: 115 | L75: =IF(K75="","",IF(I75="",ROUND(HLOOKUP(J75,kgList,K75,FALSE),1),ROUND(HLOOKUP(I75,kgList,K75,FALSE),1))) -> 7 | M75: =IF(L75="","",IF(COUNTA(I75:J75)>1,"Edible or Inedible",IF(COUNTA(I75)=1,L75*1,IF(COUNTA(J75)=1,L75*1,"ERROR")))) -> 7
A76: 2021-IC-L1 | B76: 44247 | C76: Zone 5 - Winston | D76: N0709 | E76: =IF(D76="","",VLOOKUP(D76,Master,3,FALSE)) -> Tiaan | F76: =IF(D76="","",VLOOKUP(D76,Master,4,FALSE)) -> Fourie | G76: =IF(D76="","",VLOOKUP(D76,Master,5,FALSE)) -> Men Senior | H76: =IF(D76="","",VLOOKUP(D76,Master,2,FALSE)) -> Henties Bay | J76: Shark Spotted Gully | K76: 153 | L76: =IF(K76="","",IF(I76="",ROUND(HLOOKUP(J76,kgList,K76,FALSE),1),ROUND(HLOOKUP(I76,kgList,K76,FALSE),1))) -> 18.6 | M76: =IF(L76="","",IF(COUNTA(I76:J76)>1,"Edible or Inedible",IF(COUNTA(I76)=1,L76*1,IF(COUNTA(J76)=1,L76*1,"ERROR")))) -> 18.6
A77: 2021-IC-L1 | B77: 44247 | C77: Zone 5 - Winston | D77: N0709 | E77: =IF(D77="","",VLOOKUP(D77,Master,3,FALSE)) -> Tiaan | F77: =IF(D77="","",VLOOKUP(D77,Master,4,FALSE)) -> Fourie | G77: =IF(D77="","",VLOOKUP(D77,Master,5,FALSE)) -> Men Senior | H77: =IF(D77="","",VLOOKUP(D77,Master,2,FALSE)) -> Henties Bay | J77: Skate Spearnose | K77: 141 | L77: =IF(K77="","",IF(I77="",ROUND(HLOOKUP(J77,kgList,K77,FALSE),1),ROUND(HLOOKUP(I77,kgList,K77,FALSE),1))) -> 26.2 | M77: =IF(L77="","",IF(COUNTA(I77:J77)>1,"Edible or Inedible",IF(COUNTA(I77)=1,L77*1,IF(COUNTA(J77)=1,L77*1,"ERROR")))) -> 26.2
A78: 2021-IC-L1 | B78: 44247 | C78: Zone 5 - Winston | D78: N0709 | E78: =IF(D78="","",VLOOKUP(D78,Master,3,FALSE)) -> Tiaan | F78: =IF(D78="","",VLOOKUP(D78,Master,4,FALSE)) -> Fourie | G78: =IF(D78="","",VLOOKUP(D78,Master,5,FALSE)) -> Men Senior | H78: =IF(D78="","",VLOOKUP(D78,Master,2,FALSE)) -> Henties Bay | J78: Shark Cow / Sevengill | K78: 139 | L78: =IF(K78="","",IF(I78="",ROUND(HLOOKUP(J78,kgList,K78,FALSE),1),ROUND(HLOOKUP(I78,kgList,K78,FALSE),1))) -> 35.3 | M78: =IF(L78="","",IF(COUNTA(I78:J78)>1,"Edible or Inedible",IF(COUNTA(I78)=1,L78*1,IF(COUNTA(J78)=1,L78*1,"ERROR")))) -> 35.3
A79: 2021-IC-L1 | B79: 44247 | C79: Zone 5 - Winston | D79: N0588 | E79: =IF(D79="","",VLOOKUP(D79,Master,3,FALSE)) -> Lourens | F79: =IF(D79="","",VLOOKUP(D79,Master,4,FALSE)) -> Fourie | G79: =IF(D79="","",VLOOKUP(D79,Master,5,FALSE)) -> Men Master | H79: =IF(D79="","",VLOOKUP(D79,Master,2,FALSE)) -> Henties Bay | J79: Shark Spotted Gully | K79: 156 | L79: =IF(K79="","",IF(I79="",ROUND(HLOOKUP(J79,kgList,K79,FALSE),1),ROUND(HLOOKUP(I79,kgList,K79,FALSE),1))) -> 19.9 | M79: =IF(L79="","",IF(COUNTA(I79:J79)>1,"Edible or Inedible",IF(COUNTA(I79)=1,L79*1,IF(COUNTA(J79)=1,L79*1,"ERROR")))) -> 19.9
A80: 2021-IC-L1 | B80: 44247 | C80: Zone 5 - Winston | D80: N0150 | E80: =IF(D80="","",VLOOKUP(D80,Master,3,FALSE)) -> Lindie | F80: =IF(D80="","",VLOOKUP(D80,Master,4,FALSE)) -> Krauze | G80: =IF(D80="","",VLOOKUP(D80,Master,5,FALSE)) -> Ladies Veteran | H80: =IF(D80="","",VLOOKUP(D80,Master,2,FALSE)) -> Orca Angling Club | J80: Shark Spotted Gully | K80: 152 | L80: =IF(K80="","",IF(I80="",ROUND(HLOOKUP(J80,kgList,K80,FALSE),1),ROUND(HLOOKUP(I80,kgList,K80,FALSE),1))) -> 18.2 | M80: =IF(L80="","",IF(COUNTA(I80:J80)>1,"Edible or Inedible",IF(COUNTA(I80)=1,L80*1,IF(COUNTA(J80)=1,L80*1,"ERROR")))) -> 18.2
... A90: 2021-IC-L1 | B90: 44247 | C90: Zone 5 - Winston | D90: N0095 | E90: =IF(D90="","",VLOOKUP(D90,Master,3,FALSE)) -> Simen | F90: =IF(D90="","",VLOOKUP(D90,Master,4,FALSE)) -> Andersen | G90: =IF(D90="","",VLOOKUP(D90,Master,5,FALSE)) -> Men Master | H90: =IF(D90="","",VLOOKUP(D90,Master,2,FALSE)) -> Henties Bay | J90: Shark Spotted Gully | K90: 115 | L90: =IF(K90="","",IF(I90="",ROUND(HLOOKUP(J90,kgList,K90,FALSE),1),ROUND(HLOOKUP(I90,kgList,K90,FALSE),1))) -> 7 | M90: =IF(L90="","",IF(COUNTA(I90:J90)>1,"Edible or Inedible",IF(COUNTA(I90)=1,L90*1,IF(COUNTA(J90)=1,L90*1,"ERROR")))) -> 7
A91: 2021-IC-L1 | B91: 44247 | C91: Zone 5 - Winston | D91: N0269 | E91: =IF(D91="","",VLOOKUP(D91,Master,3,FALSE)) -> Heinz | F91: =IF(D91="","",VLOOKUP(D91,Master,4,FALSE)) -> Bresele | G91: =IF(D91="","",VLOOKUP(D91,Master,5,FALSE)) -> Men Grand Masters | H91: =IF(D91="","",VLOOKUP(D91,Master,2,FALSE)) -> Atlantic Angling Club | I91: Shad | K91: 54 | L91: =IF(K91="","",IF(I91="",ROUND(HLOOKUP(J91,kgList,K91,FALSE),1),ROUND(HLOOKUP(I91,kgList,K91,FALSE),1))) -> 2.1 | M91: =IF(L91="","",IF(COUNTA(I91:J91)>1,"Edible or Inedible",IF(COUNTA(I91)=1,L91*1,IF(COUNTA(J91)=1,L91*1,"ERROR")))) -> 2.1
A92: 2021-IC-L1 | B92: 44247 | C92: Zone 5 - Winston | D92: N0269 | E92: =IF(D92="","",VLOOKUP(D92,Master,3,FALSE)) -> Heinz | F92: =IF(D92="","",VLOOKUP(D92,Master,4,FALSE)) -> Bresele | G92: =IF(D92="","",VLOOKUP(D92,Master,5,FALSE)) -> Men Grand Masters | H92: =IF(D92="","",VLOOKUP(D92,Master,2,FALSE)) -> Atlantic Angling Club | J92: Elephantfish | K92: 77 | L92: =IF(K92="","",IF(I92="",ROUND(HLOOKUP(J92,kgList,K92,FALSE),1),ROUND(HLOOKUP(I92,kgList,K92,FALSE),1))) -> 3.6 | M92: =IF(L92="","",IF(COUNTA(I92:J92)>1,"Edible or Inedible",IF(COUNTA(I92)=1,L92*1,IF(COUNTA(J92)=1,L92*1,"ERROR")))) -> 3.6
A93: 2021-IC-L1 | B93: 44247 | C93: Zone 5 - Winston | D93: N0307 | E93: =IF(D93="","",VLOOKUP(D93,Master,3,FALSE)) -> Herman | F93: =IF(D93="","",VLOOKUP(D93,Master,4,FALSE)) -> Krauze | G93: =IF(D93="","",VLOOKUP(D93,Master,5,FALSE)) -> Men U/21 | H93: =IF(D93="","",VLOOKUP(D93,Master,2,FALSE)) -> Orca Angling Club | J93: Shark Spotted Gully | K93: 148 | L93: =IF(K93="","",IF(I93="",ROUND(HLOOKUP(J93,kgList,K93,FALSE),1),ROUND(HLOOKUP(I93,kgList,K93,FALSE),1))) -> 16.6 | M93: =IF(L93="","",IF(COUNTA(I93:J93)>1,"Edible or Inedible",IF(COUNTA(I93)=1,L93*1,IF(COUNTA(J93)=1,L93*1,"ERROR")))) -> 16.6
A94: 2021-IC-L1 | B94: 44247 | C94: Zone 5 - Winston | D94: N0307 | E94: =IF(D94="","",VLOOKUP(D94,Master,3,FALSE)) -> Herman | F94: =IF(D94="","",VLOOKUP(D94,Master,4,FALSE)) -> Krauze | G94: =IF(D94="","",VLOOKUP(D94,Master,5,FALSE)) -> Men U/21 | H94: =IF(D94="","",VLOOKUP(D94,Master,2,FALSE)) -> Orca Angling Club | J94: Shark Spotted Gully | K94: 137 | L94: =IF(K94="","",IF(I94="",ROUND(HLOOKUP(J94,kgList,K94,FALSE),1),ROUND(HLOOKUP(I94,kgList,K94,FALSE),1))) -> 12.8 | M94: =IF(L94="","",IF(COUNTA(I94:J94)>1,"Edible or Inedible",IF(COUNTA(I94)=1,L94*1,IF(COUNTA(J94)=1,L94*1,"ERROR")))) -> 12.8
A95: 2021-IC-L1 | B95: 44247 | C95: Zone 5 - Winston | D95: N0307 | E95: =IF(D95="","",VLOOKUP(D95,Master,3,FALSE)) -> Herman | F95: =IF(D95="","",VLOOKUP(D95,Master,4,FALSE)) -> Krauze | G95: =IF(D95="","",VLOOKUP(D95,Master,5,FALSE)) -> Men U/21 | H95: =IF(D95="","",VLOOKUP(D95,Master,2,FALSE)) -> Orca Angling Club | J95: Shark Spotted Gully | K95: 147 | L95: =IF(K95="","",IF(I95="",ROUND(HLOOKUP(J95,kgList,K95,FALSE),1),ROUND(HLOOKUP(I95,kgList,K95,FALSE),1))) -> 16.2 | M95: =IF(L95="","",IF(COUNTA(I95:J95)>1,"Edible or Inedible",IF(COUNTA(I95)=1,L95*1,IF(COUNTA(J95)=1,L95*1,"ERROR")))) -> 16.2
A96: 2021-IC-L1 | B96: 44247 | C96: Zone 5 - Winston | D96: N0307 | E96: =IF(D96="","",VLOOKUP(D96,Master,3,FALSE)) -> Herman | F96: =IF(D96="","",VLOOKUP(D96,Master,4,FALSE)) -> Krauze | G96: =IF(D96="","",VLOOKUP(D96,Master,5,FALSE)) -> Men U/21 | H96: =IF(D96="","",VLOOKUP(D96,Master,2,FALSE)) -> Orca Angling Club | J96: Shark Spotted Gully | K96: 94 | L96: =IF(K96="","",IF(I96="",ROUND(HLOOKUP(J96,kgList,K96,FALSE),1),ROUND(HLOOKUP(I96,kgList,K96,FALSE),1))) -> 3.5 | M96: =IF(L96="","",IF(COUNTA(I96:J96)>1,"Edible or Inedible",IF(COUNTA(I96)=1,L96*1,IF(COUNTA(J96)=1,L96*1,"ERROR")))) -> 3.5
A97: 2021-IC-L1 | B97: 44247 | C97: Zone 5 - Winston | D97: N0307 | E97: =IF(D97="","",VLOOKUP(D97,Master,3,FALSE)) -> Herman | F97: =IF(D97="","",VLOOKUP(D97,Master,4,FALSE)) -> Krauze | G97: =IF(D97="","",VLOOKUP(D97,Master,5,FALSE)) -> Men U/21 | H97: =IF(D97="","",VLOOKUP(D97,Master,2,FALSE)) -> Orca Angling Club | J97: Shark Cow / Sevengill | K97: 135 | L97: =IF(K97="","",IF(I97="",ROUND(HLOOKUP(J97,kgList,K97,FALSE),1),ROUND(HLOOKUP(I97,kgList,K97,FALSE),1))) -> 32.1 | M97: =IF(L97="","",IF(COUNTA(I97:J97)>1,"Edible or Inedible",IF(COUNTA(I97)=1,L97*1,IF(COUNTA(J97)=1,L97*1,"ERROR")))) -> 32.1
A98: 2021-IC-L1 | B98: 44247 | C98: Zone 5 - Winston | D98: N0307 | E98: =IF(D98="","",VLOOKUP(D98,Master,3,FALSE)) -> Herman | F98: =IF(D98="","",VLOOKUP(D98,Master,4,FALSE)) -> Krauze | G98: =IF(D98="","",VLOOKUP(D98,Master,5,FALSE)) -> Men U/21 | H98: =IF(D98="","",VLOOKUP(D98,Master,2,FALSE)) -> Orca Angling Club | J98: Shark Hound Smooth | K98: 116 | L98: =IF(K98="","",IF(I98="",ROUND(HLOOKUP(J98,kgList,K98,FALSE),1),ROUND(HLOOKUP(I98,kgList,K98,FALSE),1))) -> 6.2 | M98: =IF(L98="","",IF(COUNTA(I98:J98)>1,"Edible or Inedible",IF(COUNTA(I98)=1,L98*1,IF(COUNTA(J98)=1,L98*1,"ERROR")))) -> 6.2
A99: 2021-IC-L1 | B99: 44247 | C99: Zone 5 - Winston | D99: N0044 | E99: =IF(D99="","",VLOOKUP(D99,Master,3,FALSE)) -> Leon | F99: =IF(D99="","",VLOOKUP(D99,Master,4,FALSE)) -> Krauze | G99: =IF(D99="","",VLOOKUP(D99,Master,5,FALSE)) -> Men Veteran | H99: =IF(D99="","",VLOOKUP(D99,Master,2,FALSE)) -> Orca Angling Club | J99: Shark Cow / Sevengill | K99: 134 | L99: =IF(K99="","",IF(I99="",ROUND(HLOOKUP(J99,kgList,K99,FALSE),1),ROUND(HLOOKUP(I99,kgList,K99,FALSE),1))) -> 31.3 | M99: =IF(L99="","",IF(COUNTA(I99:J99)>1,"Edible or Inedible",IF(COUNTA(I99)=1,L99*1,IF(COUNTA(J99)=1,L99*1,"ERROR")))) -> 31.3
A100: 2021-IC-L1 | B100: 44247 | C100: Zone 5 - Winston | D100: N0044 | E100: =IF(D100="","",VLOOKUP(D100,Master,3,FALSE)) -> Leon | F100: =IF(D100="","",VLOOKUP(D100,Master,4,FALSE)) -> Krauze | G100: =IF(D100="","",VLOOKUP(D100,Master,5,FALSE)) -> Men Veteran | H100: =IF(D100="","",VLOOKUP(D100,Master,2,FALSE)) -> Orca Angling Club | J100: Shark Spotted Gully | K100: 145 | L100: =IF(K100="","",IF(I100="",ROUND(HLOOKUP(J100,kgList,K100,FALSE),1),ROUND(HLOOKUP(I100,kgList,K100,FALSE),1))) -> 15.5 | M100: =IF(L100="","",IF(COUNTA(I100:J100)>1,"Edible or Inedible",IF(COUNTA(I100)=1,L100*1,IF(COUNTA(J100)=1,L100*1,"ERROR")))) -> 15.5
A101: 2021-IC-L1 | B101: 44247 | C101: Zone 5 - Winston | D101: N0044 | E101: =IF(D101="","",VLOOKUP(D101,Master,3,FALSE)) -> Leon | F101: =IF(D101="","",VLOOKUP(D101,Master,4,FALSE)) -> Krauze | G101: =IF(D101="","",VLOOKUP(D101,Master,5,FALSE)) -> Men Veteran | H101: =IF(D101="","",VLOOKUP(D101,Master,2,FALSE)) -> Orca Angling Club | J101: Shark Spotted Gully | K101: 144 | L101: =IF(K101="","",IF(I101="",ROUND(HLOOKUP(J101,kgList,K101,FALSE),1),ROUND(HLOOKUP(I101,kgList,K101,FALSE),1))) -> 15.1 | M101: =IF(L101="","",IF(COUNTA(I101:J101)>1,"Edible or Inedible",IF(COUNTA(I101)=1,L101*1,IF(COUNTA(J101)=1,L101*1,"ERROR")))) -> 15.1
A102: 2021-IC-L1 | B102: 44247 | C102: Zone 5 - Winston | D102: N0044 | E102: =IF(D102="","",VLOOKUP(D102,Master,3,FALSE)) -> Leon | F102: =IF(D102="","",VLOOKUP(D102,Master,4,FALSE)) -> Krauze | G102: =IF(D102="","",VLOOKUP(D102,Master,5,FALSE)) -> Men Veteran | H102: =IF(D102="","",VLOOKUP(D102,Master,2,FALSE)) -> Orca Angling Club | J102: Shark Spotted Gully | K102: 111 | L102: =IF(K102="","",IF(I102="",ROUND(HLOOKUP(J102,kgList,K102,FALSE),1),ROUND(HLOOKUP(I102,kgList,K102,FALSE),1))) -> 6.2 | M102: =IF(L102="","",IF(COUNTA(I102:J102)>1,"Edible or Inedible",IF(COUNTA(I102)=1,L102*1,IF(COUNTA(J102)=1,L102*1,"ERROR")))) -> 6.2
A103: 2021-IC-L1 | B103: 44247 | C103: Zone 5 - Winston | D103: N0007 | E103: =IF(D103="","",VLOOKUP(D103,Master,3,FALSE)) -> Brian | F103: =IF(D103="","",VLOOKUP(D103,Master,4,FALSE)) -> Curtis | G103: =IF(D103="","",VLOOKUP(D103,Master,5,FALSE)) -> Men Senior | H103: =IF(D103="","",VLOOKUP(D103,Master,2,FALSE)) -> Orca Angling Club | J103: Shark Spotted Gully | K103: 106 | L103: =IF(K103="","",IF(I103="",ROUND(HLOOKUP(J103,kgList,K103,FALSE),1),ROUND(HLOOKUP(I103,kgList,K103,FALSE),1))) -> 5.3 | M103: =IF(L103="","",IF(COUNTA(I103:J103)>1,"Edible or Inedible",IF(COUNTA(I103)=1,L103*1,IF(COUNTA(J103)=1,L103*1,"ERROR")))) -> 5.3
... A113: 2021-IC-L1 | B113: 44247 | C113: Zone 5 - Winston | D113: N0119 | E113: =IF(D113="","",VLOOKUP(D113,Master,3,FALSE)) -> Joe | F113: =IF(D113="","",VLOOKUP(D113,Master,4,FALSE)) -> Herman | G113: =IF(D113="","",VLOOKUP(D113,Master,5,FALSE)) -> Men Senior | H113: =IF(D113="","",VLOOKUP(D113,Master,2,FALSE)) -> Orca Angling Club | J113: Skate Spearnose | K113: 83 | L113: =IF(K113="","",IF(I113="",ROUND(HLOOKUP(J113,kgList,K113,FALSE),1),ROUND(HLOOKUP(I113,kgList,K113,FALSE),1))) -> 4.9 | M113: =IF(L113="","",IF(COUNTA(I113:J113)>1,"Edible or Inedible",IF(COUNTA(I113)=1,L113*1,IF(COUNTA(J113)=1,L113*1,"ERROR")))) -> 4.9
A114: 2021-IC-L1 | B114: 44247 | C114: Zone 5 - Winston | D114: N0119 | E114: =IF(D114="","",VLOOKUP(D114,Master,3,FALSE)) -> Joe | F114: =IF(D114="","",VLOOKUP(D114,Master,4,FALSE)) -> Herman | G114: =IF(D114="","",VLOOKUP(D114,Master,5,FALSE)) -> Men Senior | H114: =IF(D114="","",VLOOKUP(D114,Master,2,FALSE)) -> Orca Angling Club | L114: =IF(K114="","",IF(I114="",ROUND(HLOOKUP(J114,kgList,K114,FALSE),1),ROUND(HLOOKUP(I114,kgList,K114,FALSE),1))) | M114: =IF(L114="","",IF(COUNTA(I114:J114)>1,"Edible or Inedible",IF(COUNTA(I114)=1,L114*1,IF(COUNTA(J114)=1,L114*1,"ERROR"))))
A115: 2021-IC-L1 | B115: 44247 | C115: Zone 5 - Winston | D115: N0465 | E115: =IF(D115="","",VLOOKUP(D115,Master,3,FALSE)) -> Jan-Hendrik | F115: =IF(D115="","",VLOOKUP(D115,Master,4,FALSE)) -> Jacobs | G115: =IF(D115="","",VLOOKUP(D115,Master,5,FALSE)) -> Men Senior | H115: =IF(D115="","",VLOOKUP(D115,Master,2,FALSE)) -> Orca Angling Club | L115: =IF(K115="","",IF(I115="",ROUND(HLOOKUP(J115,kgList,K115,FALSE),1),ROUND(HLOOKUP(I115,kgList,K115,FALSE),1))) | M115: =IF(L115="","",IF(COUNTA(I115:J115)>1,"Edible or Inedible",IF(COUNTA(I115)=1,L115*1,IF(COUNTA(J115)=1,L115*1,"ERROR"))))
A116: 2021-IC-L1 | B116: 44247 | C116: Zone 5 - Winston | D116: N0056 | E116: =IF(D116="","",VLOOKUP(D116,Master,3,FALSE)) -> Alec | F116: =IF(D116="","",VLOOKUP(D116,Master,4,FALSE)) -> Landers | G116: =IF(D116="","",VLOOKUP(D116,Master,5,FALSE)) -> Men Senior | H116: =IF(D116="","",VLOOKUP(D116,Master,2,FALSE)) -> Orca Angling Club | J116: Shark Spotted Gully | K116: 138 | L116: =IF(K116="","",IF(I116="",ROUND(HLOOKUP(J116,kgList,K116,FALSE),1),ROUND(HLOOKUP(I116,kgList,K116,FALSE),1))) -> 13.1 | M116: =IF(L116="","",IF(COUNTA(I116:J116)>1,"Edible or Inedible",IF(COUNTA(I116)=1,L116*1,IF(COUNTA(J116)=1,L116*1,"ERROR")))) -> 13.1
A117: 2021-IC-L1 | B117: 44247 | C117: Zone 5 - Winston | D117: N0056 | E117: =IF(D117="","",VLOOKUP(D117,Master,3,FALSE)) -> Alec | F117: =IF(D117="","",VLOOKUP(D117,Master,4,FALSE)) -> Landers | G117: =IF(D117="","",VLOOKUP(D117,Master,5,FALSE)) -> Men Senior | H117: =IF(D117="","",VLOOKUP(D117,Master,2,FALSE)) -> Orca Angling Club | J117: Guitarfish - Lesser | K117: 71 | L117: =IF(K117="","",IF(I117="",ROUND(HLOOKUP(J117,kgList,K117,FALSE),1),ROUND(HLOOKUP(I117,kgList,K117,FALSE),1))) -> 1.3 | M117: =IF(L117="","",IF(COUNTA(I117:J117)>1,"Edible or Inedible",IF(COUNTA(I117)=1,L117*1,IF(COUNTA(J117)=1,L117*1,"ERROR")))) -> 1.3
A118: 2021-IC-L1 | B118: 44247 | C118: Zone 5 - Winston | D118: N0031 | E118: =IF(D118="","",VLOOKUP(D118,Master,3,FALSE)) -> Emil | F118: =IF(D118="","",VLOOKUP(D118,Master,4,FALSE)) -> Prinsloo | G118: =IF(D118="","",VLOOKUP(D118,Master,5,FALSE)) -> Men Veteran | H118: =IF(D118="","",VLOOKUP(D118,Master,2,FALSE)) -> Henties Bay | J118: Shark Hound Smooth | K118: 92 | L118: =IF(K118="","",IF(I118="",ROUND(HLOOKUP(J118,kgList,K118,FALSE),1),ROUND(HLOOKUP(I118,kgList,K118,FALSE),1))) -> 2.8 | M118: =IF(L118="","",IF(COUNTA(I118:J118)>1,"Edible or Inedible",IF(COUNTA(I118)=1,L118*1,IF(COUNTA(J118)=1,L118*1,"ERROR")))) -> 2.8
A119: 2021-IC-L1 | B119: 44247 | C119: Zone 5 - Winston | D119: N0031 | E119: =IF(D119="","",VLOOKUP(D119,Master,3,FALSE)) -> Emil | F119: =IF(D119="","",VLOOKUP(D119,Master,4,FALSE)) -> Prinsloo | G119: =IF(D119="","",VLOOKUP(D119,Master,5,FALSE)) -> Men Veteran | H119: =IF(D119="","",VLOOKUP(D119,Master,2,FALSE)) -> Henties Bay | J119: Shark Spotted Gully | K119: 156 | L119: =IF(K119="","",IF(I119="",ROUND(HLOOKUP(J119,kgList,K119,FALSE),1),ROUND(HLOOKUP(I119,kgList,K119,FALSE),1))) -> 19.9 | M119: =IF(L119="","",IF(COUNTA(I119:J119)>1,"Edible or Inedible",IF(COUNTA(I119)=1,L119*1,IF(COUNTA(J119)=1,L119*1,"ERROR")))) -> 19.9
A120: 2021-IC-L1 | B120: 44247 | C120: Zone 5 - Winston | D120: N0031 | E120: =IF(D120="","",VLOOKUP(D120,Master,3,FALSE)) -> Emil | F120: =IF(D120="","",VLOOKUP(D120,Master,4,FALSE)) -> Prinsloo | G120: =IF(D120="","",VLOOKUP(D120,Master,5,FALSE)) -> Men Veteran | H120: =IF(D120="","",VLOOKUP(D120,Master,2,FALSE)) -> Henties Bay | J120: Shark Spotted Gully | K120: 152 | L120: =IF(K120="","",IF(I120="",ROUND(HLOOKUP(J120,kgList,K120,FALSE),1),ROUND(HLOOKUP(I120,kgList,K120,FALSE),1))) -> 18.2 | M120: =IF(L120="","",IF(COUNTA(I120:J120)>1,"Edible or Inedible",IF(COUNTA(I120)=1,L120*1,IF(COUNTA(J120)=1,L120*1,"ERROR")))) -> 18.2
A121: 2021-IC-L1 | B121: 44247 | C121: Zone 5 - Winston | D121: N0031 | E121: =IF(D121="","",VLOOKUP(D121,Master,3,FALSE)) -> Emil | F121: =IF(D121="","",VLOOKUP(D121,Master,4,FALSE)) -> Prinsloo | G121: =IF(D121="","",VLOOKUP(D121,Master,5,FALSE)) -> Men Veteran | H121: =IF(D121="","",VLOOKUP(D121,Master,2,FALSE)) -> Henties Bay | J121: Shark Spotted Gully | K121: 147 | L121: =IF(K121="","",IF(I121="",ROUND(HLOOKUP(J121,kgList,K121,FALSE),1),ROUND(HLOOKUP(I121,kgList,K121,FALSE),1))) -> 16.2 | M121: =IF(L121="","",IF(COUNTA(I121:J121)>1,"Edible or Inedible",IF(COUNTA(I121)=1,L121*1,IF(COUNTA(J121)=1,L121*1,"ERROR")))) -> 16.2
A122: 2021-IC-L1 | B122: 44247 | C122: Zone 5 - Winston | D122: N0031 | E122: =IF(D122="","",VLOOKUP(D122,Master,3,FALSE)) -> Emil | F122: =IF(D122="","",VLOOKUP(D122,Master,4,FALSE)) -> Prinsloo | G122: =IF(D122="","",VLOOKUP(D122,Master,5,FALSE)) -> Men Veteran | H122: =IF(D122="","",VLOOKUP(D122,Master,2,FALSE)) -> Henties Bay | J122: Shark Spotted Gully | K122: 141 | L122: =IF(K122="","",IF(I122="",ROUND(HLOOKUP(J122,kgList,K122,FALSE),1),ROUND(HLOOKUP(I122,kgList,K122,FALSE),1))) -> 14.1 | M122: =IF(L122="","",IF(COUNTA(I122:J122)>1,"Edible or Inedible",IF(COUNTA(I122)=1,L122*1,IF(COUNTA(J122)=1,L122*1,"ERROR")))) -> 14.1
A123: 2021-IC-L1 | B123: 44247 | C123: Zone 5 - Winston | D123: N0031 | E123: =IF(D123="","",VLOOKUP(D123,Master,3,FALSE)) -> Emil | F123: =IF(D123="","",VLOOKUP(D123,Master,4,FALSE)) -> Prinsloo | G123: =IF(D123="","",VLOOKUP(D123,Master,5,FALSE)) -> Men Veteran | H123: =IF(D123="","",VLOOKUP(D123,Master,2,FALSE)) -> Henties Bay | J123: Shark Spotted Gully | K123: 115 | L123: =IF(K123="","",IF(I123="",ROUND(HLOOKUP(J123,kgList,K123,FALSE),1),ROUND(HLOOKUP(I123,kgList,K123,FALSE),1))) -> 7 | M123: =IF(L123="","",IF(COUNTA(I123:J123)>1,"Edible or Inedible",IF(COUNTA(I123)=1,L123*1,IF(COUNTA(J123)=1,L123*1,"ERROR")))) -> 7
A124: 2021-IC-L1 | B124: 44247 | C124: Zone 5 - Winston | D124: N0031 | E124: =IF(D124="","",VLOOKUP(D124,Master,3,FALSE)) -> Emil | F124: =IF(D124="","",VLOOKUP(D124,Master,4,FALSE)) -> Prinsloo | G124: =IF(D124="","",VLOOKUP(D124,Master,5,FALSE)) -> Men Veteran | H124: =IF(D124="","",VLOOKUP(D124,Master,2,FALSE)) -> Henties Bay | J124: Shark Spotted Gully | K124: 153 | L124: =IF(K124="","",IF(I124="",ROUND(HLOOKUP(J124,kgList,K124,FALSE),1),ROUND(HLOOKUP(I124,kgList,K124,FALSE),1))) -> 18.6 | M124: =IF(L124="","",IF(COUNTA(I124:J124)>1,"Edible or Inedible",IF(COUNTA(I124)=1,L124*1,IF(COUNTA(J124)=1,L124*1,"ERROR")))) -> 18.6
A125: 2021-IC-L1 | B125: 44247 | C125: Zone 5 - Winston | D125: N0031 | E125: =IF(D125="","",VLOOKUP(D125,Master,3,FALSE)) -> Emil | F125: =IF(D125="","",VLOOKUP(D125,Master,4,FALSE)) -> Prinsloo | G125: =IF(D125="","",VLOOKUP(D125,Master,5,FALSE)) -> Men Veteran | H125: =IF(D125="","",VLOOKUP(D125,Master,2,FALSE)) -> Henties Bay | J125: Shark Spotted Gully | K125: 153 | L125: =IF(K125="","",IF(I125="",ROUND(HLOOKUP(J125,kgList,K125,FALSE),1),ROUND(HLOOKUP(I125,kgList,K125,FALSE),1))) -> 18.6 | M125: =IF(L125="","",IF(COUNTA(I125:J125)>1,"Edible or Inedible",IF(COUNTA(I125)=1,L125*1,IF(COUNTA(J125)=1,L125*1,"ERROR")))) -> 18.6
A126: 2021-IC-L1 | B126: 44247 | C126: Zone 5 - Winston | D126: N0793 | E126: =IF(D126="","",VLOOKUP(D126,Master,3,FALSE)) -> Juanne-Louis | F126: =IF(D126="","",VLOOKUP(D126,Master,4,FALSE)) -> Grobler | G126: =IF(D126="","",VLOOKUP(D126,Master,5,FALSE)) -> Men Senior | H126: =IF(D126="","",VLOOKUP(D126,Master,2,FALSE)) -> Orca Angling Club | J126: Shark Spotted Gully | K126: 90 | L126: =IF(K126="","",IF(I126="",ROUND(HLOOKUP(J126,kgList,K126,FALSE),1),ROUND(HLOOKUP(I126,kgList,K126,FALSE),1))) -> 3 | M126: =IF(L126="","",IF(COUNTA(I126:J126)>1,"Edible or Inedible",IF(COUNTA(I126)=1,L126*1,IF(COUNTA(J126)=1,L126*1,"ERROR")))) -> 3
A127: 2021-IC-L1 | B127: 44247 | C127: Zone 5 - Winston | D127: N0793 | E127: =IF(D127="","",VLOOKUP(D127,Master,3,FALSE)) -> Juanne-Louis | F127: =IF(D127="","",VLOOKUP(D127,Master,4,FALSE)) -> Grobler | G127: =IF(D127="","",VLOOKUP(D127,Master,5,FALSE)) -> Men Senior | H127: =IF(D127="","",VLOOKUP(D127,Master,2,FALSE)) -> Orca Angling Club | J127: Shark Spotted Gully | K127: 121 | L127: =IF(K127="","",IF(I127="",ROUND(HLOOKUP(J127,kgList,K127,FALSE),1),ROUND(HLOOKUP(I127,kgList,K127,FALSE),1))) -> 8.3 | M127: =IF(L127="","",IF(COUNTA(I127:J127)>1,"Edible or Inedible",IF(COUNTA(I127)=1,L127*1,IF(COUNTA(J127)=1,L127*1,"ERROR")))) -> 8.3
A128: 2021-IC-L1 | B128: 44247 | C128: Zone 5 - Winston | D128: N0082 | E128: =IF(D128="","",VLOOKUP(D128,Master,3,FALSE)) -> Johan | F128: =IF(D128="","",VLOOKUP(D128,Master,4,FALSE)) -> Potgieter | G128: =IF(D128="","",VLOOKUP(D128,Master,5,FALSE)) -> Men Senior | H128: =IF(D128="","",VLOOKUP(D128,Master,2,FALSE)) -> xOrca Angling Club | I128: Kob | K128: 79 | L128: =IF(K128="","",IF(I128="",ROUND(HLOOKUP(J128,kgList,K128,FALSE),1),ROUND(HLOOKUP(I128,kgList,K128,FALSE),1))) -> 5.2 | M128: =IF(L128="","",IF(COUNTA(I128:J128)>1,"Edible or Inedible",IF(COUNTA(I128)=1,L128*1,IF(COUNTA(J128)=1,L128*1,"ERROR")))) -> 5.2
A129: 2021-IC-L1 | B129: 44247 | C129: Zone 5 - Winston | D129: N0025 | E129: =IF(D129="","",VLOOKUP(D129,Master,3,FALSE)) -> Heini | F129: =IF(D129="","",VLOOKUP(D129,Master,4,FALSE)) -> Zahrt | G129: =IF(D129="","",VLOOKUP(D129,Master,5,FALSE)) -> Men Senior | H129: =IF(D129="","",VLOOKUP(D129,Master,2,FALSE)) -> Orca Angling Club | J129: Shark Spotted Gully | K129: 90 | L129: =IF(K129="","",IF(I129="",ROUND(HLOOKUP(J129,kgList,K129,FALSE),1),ROUND(HLOOKUP(I129,kgList,K129,FALSE),1))) -> 3 | M129: =IF(L129="","",IF(COUNTA(I129:J129)>1,"Edible or Inedible",IF(COUNTA(I129)=1,L129*1,IF(COUNTA(J129)=1,L129*1,"ERROR")))) -> 3
A130: 2021-IC-L1 | B130: 44247 | C130: Zone 5 - Winston | D130: N0025 | E130: =IF(D130="","",VLOOKUP(D130,Master,3,FALSE)) -> Heini | F130: =IF(D130="","",VLOOKUP(D130,Master,4,FALSE)) -> Zahrt | G130: =IF(D130="","",VLOOKUP(D130,Master,5,FALSE)) -> Men Senior | H130: =IF(D130="","",VLOOKUP(D130,Master,2,FALSE)) -> Orca Angling Club | J130: Shark Spotted Gully | K130: 162 | L130: =IF(K130="","",IF(I130="",ROUND(HLOOKUP(J130,kgList,K130,FALSE),1),ROUND(HLOOKUP(I130,kgList,K130,FALSE),1))) -> 22.7 | M130: =IF(L130="","",IF(COUNTA(I130:J130)>1,"Edible or Inedible",IF(COUNTA(I130)=1,L130*1,IF(COUNTA(J130)=1,L130*1,"ERROR")))) -> 22.7
A131: 2021-IC-L1 | B131: 44247 | C131: Zone 5 - Winston | D131: N0025 | E131: =IF(D131="","",VLOOKUP(D131,Master,3,FALSE)) -> Heini | F131: =IF(D131="","",VLOOKUP(D131,Master,4,FALSE)) -> Zahrt | G131: =IF(D131="","",VLOOKUP(D131,Master,5,FALSE)) -> Men Senior | H131: =IF(D131="","",VLOOKUP(D131,Master,2,FALSE)) -> Orca Angling Club | J131: Shark Spotted Gully | K131: 119 | L131: =IF(K131="","",IF(I131="",ROUND(HLOOKUP(J131,kgList,K131,FALSE),1),ROUND(HLOOKUP(I131,kgList,K131,FALSE),1))) -> 7.9 | M131: =IF(L131="","",IF(COUNTA(I131:J131)>1,"Edible or Inedible",IF(COUNTA(I131)=1,L131*1,IF(COUNTA(J131)=1,L131*1,"ERROR")))) -> 7.9
...

Sheet Individuals
D2: INDIVIDUALS LEAGUE | G2: Inter Club 2nd Leg 2022
B3: Competition | C3: 2022-IC-L2 | D3: =$C$4&" "& Individuals!$G$2 -> (All) Inter Club 2nd Leg 2022
B4: Status | C4: (All)
B6: ID | C6: Name | D6: Surname | E6: Team | F6: No. Edibles | G6: No. of Inedibles | H6: Total kg | I6: Total Points | J6: League Points (300)
A7: 1 | B7: N0095 | C7: Simen | D7: Andersen | E7: Henties Bay | G7: 3 | H7: 43.7 | I7: 43.7 | J7: 300 | K7: 1
A8: 2 | B8: N0122 | C8: Immo | D8: Dresselhaus | E8: Orca Angling Club | F8: 1 | G8: 2 | H8: 43.7 | I8: 43.7 | J8: =IF(I8=I7,J7,IF(I8=0,ROUNDDOWN(20,0),J7-K7)) -> 300 | K8: =IF(I8<I7,1,IF(I8=I7,K7+1,0)) -> 2
A9: 3 | B9: N0097 | C9: Christo | D9: Lensing | E9: Penguin | G9: 3 | H9: 41 | I9: 41 | J9: =IF(I9=I8,J8,IF(I9=0,ROUNDDOWN(20,0),J8-K8)) -> 298 | K9: =IF(I9<I8,1,IF(I9=I8,K8+1,0)) -> 1
A10: 4 | B10: N0588 | C10: Lourens | D10: Fourie | E10: Henties Bay | G10: 3 | H10: 34.6 | I10: 34.6 | J10: =IF(I10=I9,J9,IF(I10=0,ROUNDDOWN(20,0),J9-K9)) -> 297 | K10: =IF(I10<I9,1,IF(I10=I9,K9+1,0)) -> 1
A11: 5 | B11: N0401 | C11: Henko | D11: Snyman | E11: Penguin | G11: 2 | H11: 31 | I11: 31 | J11: =IF(I11=I10,J10,IF(I11=0,ROUNDDOWN(20,0),J10-K10)) -> 296 | K11: =IF(I11<I10,1,IF(I11=I10,K10+1,0)) -> 1
A12: 6 | B12: N0123 | C12: Veronica | D12: Nel | E12: Henties Bay | G12: 2 | H12: 30 | I12: 30 | J12: =IF(I12=I11,J11,IF(I12=0,ROUNDDOWN(20,0),J11-K11)) -> 295 | K12: =IF(I12<I11,1,IF(I12=I11,K11+1,0)) -> 1
A13: 7 | B13: N0044 | C13: Leon | D13: Krauze | E13: Orca Angling Club | G13: 3 | H13: 29.7 | I13: 29.7 | J13: =IF(I13=I12,J12,IF(I13=0,ROUNDDOWN(20,0),J12-K12)) -> 294 | K13: =IF(I13<I12,1,IF(I13=I12,K12+1,0)) -> 1
A14: 8 | B14: N0190 | C14: Chris Junior | D14: Orffer | E14: Penguin | G14: 3 | H14: 28.3 | I14: 28.3 | J14: =IF(I14=I13,J13,IF(I14=0,ROUNDDOWN(20,0),J13-K13)) -> 293 | K14: =IF(I14<I13,1,IF(I14=I13,K13+1,0)) -> 1
A15: 9 | B15: N0007 | C15: Brian | D15: Curtis | E15: Orca Angling Club | G15: 3 | H15: 28.1 | I15: 28.1 | J15: =IF(I15=I14,J14,IF(I15=0,ROUNDDOWN(20,0),J14-K14)) -> 292 | K15: =IF(I15<I14,1,IF(I15=I14,K14+1,0)) -> 1
A16: 10 | B16: N0828 | C16: Steyn | D16: Fourie | E16: Henties Bay | G16: 5 | H16: 26.7 | I16: 26.7 | J16: =IF(I16=I15,J15,IF(I16=0,ROUNDDOWN(20,0),J15-K15)) -> 291 | K16: =IF(I16<I15,1,IF(I16=I15,K15+1,0)) -> 1
A17: 11 | B17: N0696 | C17: Stefan | D17: Snyman | E17: Penguin | G17: 1 | H17: 25.7 | I17: 25.7 | J17: =IF(I17=I16,J16,IF(I17=0,ROUNDDOWN(20,0),J16-K16)) -> 290 | K17: =IF(I17<I16,1,IF(I17=I16,K16+1,0)) -> 1
A18: 12 | B18: N0045 | C18: Chrisjan | D18: Potgieter | E18: Seagull Angling Club | G18: 3 | H18: 25.3 | I18: 25.3 | J18: =IF(I18=I17,J17,IF(I18=0,ROUNDDOWN(20,0),J17-K17)) -> 289 | K18: =IF(I18<I17,1,IF(I18=I17,K17+1,0)) -> 1
A19: 13 | B19: N0129 | C19: Pieter | D19: van Aarde | E19: Seagull Angling Club | G19: 2 | H19: 25 | I19: 25 | J19: =IF(I19=I18,J18,IF(I19=0,ROUNDDOWN(20,0),J18-K18)) -> 288 | K19: =IF(I19<I18,1,IF(I19=I18,K18+1,0)) -> 1
A20: 14 | B20: N0580 | C20: Martin | D20: Cordier | E20: Walvis Bay | G20: 2 | H20: 21.9 | I20: 21.9 | J20: =IF(I20=I19,J19,IF(I20=0,ROUNDDOWN(20,0),J19-K19)) -> 287 | K20: =IF(I20<I19,1,IF(I20=I19,K19+1,0)) -> 1
... A23: 17 | B23: N0663 | C23: Allen | D23: Langenstrassen | E23: Penguin | G23: 2 | H23: 18.7 | I23: 18.7 | J23: =IF(I23=I22,J22,IF(I23=0,ROUNDDOWN(20,0),J22-K22)) -> 284 | K23: =IF(I23<I22,1,IF(I23=I22,K22+1,0)) -> 1
A24: 18 | B24: N0622 | C24: Flippie | D24: Scheepers | E24: Walvis Bay | F24: 1 | G24: 1 | H24: 17.7 | I24: 17.7 | J24: =IF(I24=I23,J23,IF(I24=0,ROUNDDOWN(20,0),J23-K23)) -> 283 | K24: =IF(I24<I23,1,IF(I24=I23,K23+1,0)) -> 1
A25: 19 | B25: N0101 | C25: Tertius | D25: Potgieter | E25: Seagull Angling Club | G25: 1 | H25: 17.4 | I25: 17.4 | J25: =IF(I25=I24,J24,IF(I25=0,ROUNDDOWN(20,0),J24-K24)) -> 282 | K25: =IF(I25<I24,1,IF(I25=I24,K24+1,0)) -> 1
A26: 20 | B26: N0790 | C26: Ivan | D26: Kotze | E26: Seagull Angling Club | G26: 2 | H26: 17.1 | I26: 17.1 | J26: =IF(I26=I25,J25,IF(I26=0,ROUNDDOWN(20,0),J25-K25)) -> 281 | K26: =IF(I26<I25,1,IF(I26=I25,K25+1,0)) -> 1
A27: 21 | B27: N0100 | C27: Werner | D27: Van Riet | E27: Walvis Bay | G27: 1 | H27: 16.6 | I27: 16.6 | J27: =IF(I27=I26,J26,IF(I27=0,ROUNDDOWN(20,0),J26-K26)) -> 280 | K27: =IF(I27<I26,1,IF(I27=I26,K26+1,0)) -> 1
A28: 22 | B28: N0031 | C28: Emil | D28: Prinsloo | E28: Henties Bay | G28: 2 | H28: 16.3 | I28: 16.3 | J28: =IF(I28=I27,J27,IF(I28=0,ROUNDDOWN(20,0),J27-K27)) -> 279 | K28: =IF(I28<I27,1,IF(I28=I27,K27+1,0)) -> 1
A29: 23 | B29: N0396 | C29: Raymond | D29: Duvenhage | E29: Walvis Bay | G29: 1 | H29: 16.2 | I29: 16.2 | J29: =IF(I29=I28,J28,IF(I29=0,ROUNDDOWN(20,0),J28-K28)) -> 278 | K29: =IF(I29<I28,1,IF(I29=I28,K28+1,0)) -> 1
A30: 24 | B30: N0867 | C30: Andre | D30: Bezuidehout | E30: Walvis Bay | F30: 1 | G30: 1 | H30: 15.3 | I30: 15.3 | J30: =IF(I30=I29,J29,IF(I30=0,ROUNDDOWN(20,0),J29-K29)) -> 277 | K30: =IF(I30<I29,1,IF(I30=I29,K29+1,0)) -> 1
A31: 25 | B31: N0529 | C31: Anthony | D31: Botha | E31: Benguella | G31: 1 | H31: 15.1 | I31: 15.1 | J31: =IF(I31=I30,J30,IF(I31=0,ROUNDDOWN(20,0),J30-K30)) -> 276 | K31: =IF(I31<I30,1,IF(I31=I30,K30+1,0)) -> 1
A32: 26 | B32: N0259 | C32: Henri | D32: Snyman | E32: Penguin | G32: 2 | H32: 15.1 | I32: 15.1 | J32: =IF(I32=I31,J31,IF(I32=0,ROUNDDOWN(20,0),J31-K31)) -> 276 | K32: =IF(I32<I31,1,IF(I32=I31,K31+1,0)) -> 2
A33: 27 | B33: N0263 | C33: Morne | D33: Human | E33: Orca Angling Club | G33: 1 | H33: 13.7 | I33: 13.7 | J33: =IF(I33=I32,J32,IF(I33=0,ROUNDDOWN(20,0),J32-K32)) -> 274 | K33: =IF(I33<I32,1,IF(I33=I32,K32+1,0)) -> 1
A34: 28 | B34: N0855 | C34: Wenzel | D34: Smal | E34: Welwitschia | F34: 1 | G34: 1 | H34: 13 | I34: 13 | J34: =IF(I34=I33,J33,IF(I34=0,ROUNDDOWN(20,0),J33-K33)) -> 273 | K34: =IF(I34<I33,1,IF(I34=I33,K33+1,0)) -> 1
A35: 29 | B35: N0150 | C35: Lindie | D35: Krauze | E35: Orca Angling Club | G35: 1 | H35: 12.8 | I35: 12.8 | J35: =IF(I35=I34,J34,IF(I35=0,ROUNDDOWN(20,0),J34-K34)) -> 272 | K35: =IF(I35<I34,1,IF(I35=I34,K34+1,0)) -> 1
A36: 30 | B36: N0050 | C36: Sean | D36: Van Den Heuvel | E36: Seagull Angling Club | G36: 2 | H36: 12.3 | I36: 12.3 | J36: =IF(I36=I35,J35,IF(I36=0,ROUNDDOWN(20,0),J35-K35)) -> 271 | K36: =IF(I36<I35,1,IF(I36=I35,K35+1,0)) -> 1
A37: 31 | B37: N0540 | C37: Murray | D37: Lewis | E37: Mako | G37: 1 | H37: 12.1 | I37: 12.1 | J37: =IF(I37=I36,J36,IF(I37=0,ROUNDDOWN(20,0),J36-K36)) -> 270 | K37: =IF(I37<I36,1,IF(I37=I36,K36+1,0)) -> 1
A38: 32 | B38: N0257 | C38: Lu-Andre | D38: Duvenhage | E38: Seagull Angling Club | G38: 1 | H38: 11.8 | I38: 11.8 | J38: =IF(I38=I37,J37,IF(I38=0,ROUNDDOWN(20,0),J37-K37)) -> 269 | K38: =IF(I38<I37,1,IF(I38=I37,K37+1,0)) -> 1
A39: 33 | B39: N0730 | C39: Wikus | D39: Viljoen | E39: Steenbras | G39: 1 | H39: 11.8 | I39: 11.8 | J39: =IF(I39=I38,J38,IF(I39=0,ROUNDDOWN(20,0),J38-K38)) -> 269 | K39: =IF(I39<I38,1,IF(I39=I38,K38+1,0)) -> 2
A40: 34 | B40: N0515 | C40: Johan | D40: Burger | E40: Mako | F40: 1 | G40: 1 | H40: 11.6 | I40: 11.6 | J40: =IF(I40=I39,J39,IF(I40=0,ROUNDDOWN(20,0),J39-K39)) -> 267 | K40: =IF(I40<I39,1,IF(I40=I39,K39+1,0)) -> 1
A41: 35 | B41: N0573 | C41: Rinus | D41: Van Der Westhuizen | E41: Otjiwarongo | G41: 2 | H41: 10.5 | I41: 10.5 | J41: =IF(I41=I40,J40,IF(I41=0,ROUNDDOWN(20,0),J40-K40)) -> 266 | K41: =IF(I41<I40,1,IF(I41=I40,K40+1,0)) -> 1
A42: 36 | B42: N0113 | C42: Shaun | D42: Bothma | E42: Benguella | G42: 1 | H42: 9.8 | I42: 9.8 | J42: =IF(I42=I41,J41,IF(I42=0,ROUNDDOWN(20,0),J41-K41)) -> 265 | K42: =IF(I42<I41,1,IF(I42=I41,K41+1,0)) -> 1
A43: 37 | B43: N0020 | C43: Morne | D43: Horn | E43: Welwitschia | G43: 1 | H43: 8.1 | I43: 8.1 | J43: =IF(I43=I42,J42,IF(I43=0,ROUNDDOWN(20,0),J42-K42)) -> 264 | K43: =IF(I43<I42,1,IF(I43=I42,K42+1,0)) -> 1
A44: 38 | B44: N0195 | C44: Louis | D44: Fenaux | E44: Henties Bay | G44: 2 | H44: 7.7 | I44: 7.7 | J44: =IF(I44=I43,J43,IF(I44=0,ROUNDDOWN(20,0),J43-K43)) -> 263 | K44: =IF(I44<I43,1,IF(I44=I43,K43+1,0)) -> 1
A45: 39 | B45: N0662 | C45: Donavin | D45: Bezuidehout | E45: Walvis Bay | G45: 1 | H45: 7.4 | I45: 7.4 | J45: =IF(I45=I44,J44,IF(I45=0,ROUNDDOWN(20,0),J44-K44)) -> 262 | K45: =IF(I45<I44,1,IF(I45=I44,K44+1,0)) -> 1
A46: 40 | B46: N0496 | C46: Rudi | D46: Swartz | E46: Mako | F46: 5 | H46: 6.1 | I46: 6.1 | J46: =IF(I46=I45,J45,IF(I46=0,ROUNDDOWN(20,0),J45-K45)) -> 261 | K46: =IF(I46<I45,1,IF(I46=I45,K45+1,0)) -> 1
A47: 41 | B47: N0715 | C47: Gerhard | D47: Van Niekerk | E47: Seagull Angling Club | G47: 1 | H47: 5.1 | I47: 5.1 | J47: =IF(I47=I46,J46,IF(I47=0,ROUNDDOWN(20,0),J46-K46)) -> 260 | K47: =IF(I47<I46,1,IF(I47=I46,K46+1,0)) -> 1
A48: 42 | B48: N0399 | C48: Org | D48: Van Rensburg | E48: Mako | G48: 1 | H48: 5 | I48: 5 | J48: =IF(I48=I47,J47,IF(I48=0,ROUNDDOWN(20,0),J47-K47)) -> 259 | K48: =IF(I48<I47,1,IF(I48=I47,K47+1,0)) -> 1
A49: 43 | B49: N0283 | C49: Kevin | D49: Page | E49: Penguin | G49: 1 | H49: 5 | I49: 5 | J49: =IF(I49=I48,J48,IF(I49=0,ROUNDDOWN(20,0),J48-K48)) -> 259 | K49: =IF(I49<I48,1,IF(I49=I48,K48+1,0)) -> 2
A50: 44 | B50: N0783 | C50: Johan | D50: Van Niekerk | E50: Namib Park | F50: 1 | G50: 1 | H50: 4.1 | I50: 4.1 | J50: =IF(I50=I49,J49,IF(I50=0,ROUNDDOWN(20,0),J49-K49)) -> 257 | K50: =IF(I50<I49,1,IF(I50=I49,K49+1,0)) -> 1
A51: 45 | B51: N0539 | C51: Kallie | D51: Langeveld | E51: Mako | G51: 1 | H51: 4 | I51: 4 | J51: =IF(I51=I50,J50,IF(I51=0,ROUNDDOWN(20,0),J50-K50)) -> 256 | K51: =IF(I51<I50,1,IF(I51=I50,K50+1,0)) -> 1
A52: 46 | B52: N0657 | C52: Johan Spyker | D52: Kotze | E52: Okahandja | G52: 1 | H52: 3.6 | I52: 3.6 | J52: =IF(I52=I51,J51,IF(I52=0,ROUNDDOWN(20,0),J51-K51)) -> 255 | K52: =IF(I52<I51,1,IF(I52=I51,K51+1,0)) -> 1
A53: 47 | B53: N0008 | C53: Andre | D53: Coetzee | E53: Namib Park | F53: 2 | H53: 3.4 | I53: 3.4 | J53: =IF(I53=I52,J52,IF(I53=0,ROUNDDOWN(20,0),J52-K52)) -> 254 | K53: =IF(I53<I52,1,IF(I53=I52,K52+1,0)) -> 1
A54: 48 | B54: N0672 | C54: Frank | D54: Burusso | E54: Walvis Bay | F54: 3 | H54: 3.1 | I54: 3.1 | J54: =IF(I54=I53,J53,IF(I54=0,ROUNDDOWN(20,0),J53-K53)) -> 253 | K54: =IF(I54<I53,1,IF(I54=I53,K53+1,0)) -> 1
A55: 49 | B55: N0108 | C55: Dian | D55: Neethling | E55: Walvis Bay | F55: 3 | H55: 2.5 | I55: 2.5 | J55: =IF(I55=I54,J54,IF(I55=0,ROUNDDOWN(20,0),J54-K54)) -> 252 | K55: =IF(I55<I54,1,IF(I55=I54,K54+1,0)) -> 1
A56: 50 | B56: N0224 | C56: Morne | D56: Du Plessis | E56: Orca Angling Club | F56: 2 | H56: 2.4 | I56: 2.4 | J56: =IF(I56=I55,J55,IF(I56=0,ROUNDDOWN(20,0),J55-K55)) -> 251 | K56: =IF(I56<I55,1,IF(I56=I55,K55+1,0)) -> 1
A57: 51 | B57: N0849 | C57: Ryno | D57: Enslin | E57: Namib Park | F57: 3 | H57: 2.3 | I57: 2.3 | J57: =IF(I57=I56,J56,IF(I57=0,ROUNDDOWN(20,0),J56-K56)) -> 250 | K57: =IF(I57<I56,1,IF(I57=I56,K56+1,0)) -> 1
A58: 52 | B58: N0297 | C58: David | D58: Smith | E58: Steenbras | F58: 2 | H58: 2.1 | I58: 2.1 | J58: =IF(I58=I57,J57,IF(I58=0,ROUNDDOWN(20,0),J57-K57)) -> 249 | K58: =IF(I58<I57,1,IF(I58=I57,K57+1,0)) -> 1
A59: 53 | B59: N0046 | C59: Marius | D59: Kruger | E59: Penguin | F59: 1 | H59: 2.1 | I59: 2.1 | J59: =IF(I59=I58,J58,IF(I59=0,ROUNDDOWN(20,0),J58-K58)) -> 249 | K59: =IF(I59<I58,1,IF(I59=I58,K58+1,0)) -> 2
A60: 54 | B60: N0850 | C60: Wanda | D60: Enslin | E60: Namib Park | F60: 3 | H60: 2.1 | I60: 2.1 | J60: =IF(I60=I59,J59,IF(I60=0,ROUNDDOWN(20,0),J59-K59)) -> 249 | K60: =IF(I60<I59,1,IF(I60=I59,K59+1,0)) -> 3
A61: 55 | B61: N0180 | C61: Elaine | D61: Vorster | E61: Orca Angling Club | F61: 2 | H61: 1.9 | I61: 1.9 | J61: =IF(I61=I60,J60,IF(I61=0,ROUNDDOWN(20,0),J60-K60)) -> 246 | K61: =IF(I61<I60,1,IF(I61=I60,K60+1,0)) -> 1
A62: 56 | B62: N0389 | C62: Manfred | D62: Weise | E62: Seagull Angling Club | F62: 1 | H62: 1.8 | I62: 1.8 | J62: =IF(I62=I61,J61,IF(I62=0,ROUNDDOWN(20,0),J61-K61)) -> 245 | K62: =IF(I62<I61,1,IF(I62=I61,K61+1,0)) -> 1
A63: 57 | B63: N0201 | C63: Chris | D63: Vorster | E63: Orca Angling Club | F63: 1 | H63: 1.8 | I63: 1.8 | J63: =IF(I63=I62,J62,IF(I63=0,ROUNDDOWN(20,0),J62-K62)) -> 245 | K63: =IF(I63<I62,1,IF(I63=I62,K62+1,0)) -> 2
A64: 58 | B64: N0689 | C64: Stanley | D64: Van Zyl | E64: Benguella | F64: 1 | H64: 1.6 | I64: 1.6 | J64: =IF(I64=I63,J63,IF(I64=0,ROUNDDOWN(20,0),J63-K63)) -> 243 | K64: =IF(I64<I63,1,IF(I64=I63,K63+1,0)) -> 1
... A68: 62 | B68: N0093 | C68: Burger | D68: Van Taak | E68: Steenbras | F68: 1 | H68: 1.4 | I68: 1.4 | J68: =IF(I68=I67,J67,IF(I68=0,ROUNDDOWN(20,0),J67-K67)) -> 240 | K68: =IF(I68<I67,1,IF(I68=I67,K67+1,0)) -> 2
A69: 63 | B69: N0709 | C69: Tiaan | D69: Fourie | E69: Henties Bay | G69: 1 | H69: 1.4 | I69: 1.4 | J69: =IF(I69=I68,J68,IF(I69=0,ROUNDDOWN(20,0),J68-K68)) -> 240 | K69: =IF(I69<I68,1,IF(I69=I68,K68+1,0)) -> 3
A70: 64 | B70: N0165 | C70: John | D70: Moody | E70: Benguella | F70: 1 | H70: 1.4 | I70: 1.4 | J70: =IF(I70=I69,J69,IF(I70=0,ROUNDDOWN(20,0),J69-K69)) -> 240 | K70: =IF(I70<I69,1,IF(I70=I69,K69+1,0)) -> 4
A71: 65 | B71: N0023 | C71: Jörg | D71: Walter | E71: Atlantic Angling Club | F71: 1 | H71: 1.2 | I71: 1.2 | J71: =IF(I71=I70,J70,IF(I71=0,ROUNDDOWN(20,0),J70-K70)) -> 236 | K71: =IF(I71<I70,1,IF(I71=I70,K70+1,0)) -> 1
A72: 66 | B72: N0144 | C72: Sarah | D72: Coetzee | E72: Atlantic Angling Club | F72: 2 | H72: 1.2 | I72: 1.2 | J72: =IF(I72=I71,J71,IF(I72=0,ROUNDDOWN(20,0),J71-K71)) -> 236 | K72: =IF(I72<I71,1,IF(I72=I71,K71+1,0)) -> 2
A73: 67 | B73: N0525 | C73: Cornelius | D73: Kruger | E73: Walvis Bay | F73: 2 | H73: 1.2 | I73: 1.2 | J73: =IF(I73=I72,J72,IF(I73=0,ROUNDDOWN(20,0),J72-K72)) -> 236 | K73: =IF(I73<I72,1,IF(I73=I72,K72+1,0)) -> 3
A74: 68 | B74: N0307 | C74: Herman | D74: Krauze | E74: Orca Angling Club | F74: 1 | H74: 1.2 | I74: 1.2 | J74: =IF(I74=I73,J73,IF(I74=0,ROUNDDOWN(20,0),J73-K73)) -> 236 | K74: =IF(I74<I73,1,IF(I74=I73,K73+1,0)) -> 4
A75: 69 | B75: N0169 | C75: Morne | D75: Janse v Rensburg | E75: Walvis Bay | F75: 1 | H75: 1.1 | I75: 1.1 | J75: =IF(I75=I74,J74,IF(I75=0,ROUNDDOWN(20,0),J74-K74)) -> 232 | K75: =IF(I75<I74,1,IF(I75=I74,K74+1,0)) -> 1
A76: 70 | B76: N0056 | C76: Alec | D76: Landers | E76: Orca Angling Club | F76: 1 | H76: 1 | I76: 1 | J76: =IF(I76=I75,J75,IF(I76=0,ROUNDDOWN(20,0),J75-K75)) -> 231 | K76: =IF(I76<I75,1,IF(I76=I75,K75+1,0)) -> 1
A77: 71 | B77: N0531 | C77: Rudi(Jnr.) | D77: Swartz | E77: Mako | F77: 1 | H77: 1 | I77: 1 | J77: =IF(I77=I76,J76,IF(I77=0,ROUNDDOWN(20,0),J76-K76)) -> 231 | K77: =IF(I77<I76,1,IF(I77=I76,K76+1,0)) -> 2
A78: 72 | B78: N0162 | C78: Coennie | D78: Steyn | E78: Namib Park | F78: 1 | H78: 0.9 | I78: 0.9 | J78: =IF(I78=I77,J77,IF(I78=0,ROUNDDOWN(20,0),J77-K77)) -> 229 | K78: =IF(I78<I77,1,IF(I78=I77,K77+1,0)) -> 1
A79: 73 | B79: N0300 | C79: Danie | D79: Smith | E79: Seagull Angling Club | F79: 1 | H79: 0.7 | I79: 0.7 | J79: =IF(I79=I78,J78,IF(I79=0,ROUNDDOWN(20,0),J78-K78)) -> 228 | K79: =IF(I79<I78,1,IF(I79=I78,K78+1,0)) -> 1
A80: 74 | B80: N0006 | C80: Nico | D80: Kotze | E80: Penguin | F80: 1 | H80: 0.7 | I80: 0.7 | J80: =IF(I80=I79,J79,IF(I80=0,ROUNDDOWN(20,0),J79-K79)) -> 228 | K80: =IF(I80<I79,1,IF(I80=I79,K79+1,0)) -> 2
A81: 75 | B81: N0228 | C81: Corne | D81: Kruger | E81: Orca Angling Club | F81: 1 | H81: 0.7 | I81: 0.7 | J81: =IF(I81=I80,J80,IF(I81=0,ROUNDDOWN(20,0),J80-K80)) -> 228 | K81: =IF(I81<I80,1,IF(I81=I80,K80+1,0)) -> 3
... A89: 83 | B89: N0777 | C89: Frank | D89: Oberholster | E89: Steenbras | F89: 1 | H89: 0.5 | I89: 0.5 | J89: =IF(I89=I88,J88,IF(I89=0,ROUNDDOWN(20,0),J88-K88)) -> 221 | K89: =IF(I89<I88,1,IF(I89=I88,K88+1,0)) -> 4
A90: 84 | B90: N0530 | C90: Fanie | D90: Van Vuuren | E90: Okahandja | H90: 0 | I90: 0 | J90: =IF(I90=I89,J89,IF(I90=0,ROUNDDOWN(20,0),J89-K89)) -> 20 | K90: =IF(I90<I89,1,IF(I90=I89,K89+1,0)) -> 1
A91: 85 | B91: N0773 | C91: Breggie | D91: Ferreira | E91: Walvis Bay | H91: 0 | I91: 0 | J91: =IF(I91=I90,J90,IF(I91=0,ROUNDDOWN(20,0),J90-K90)) -> 20 | K91: =IF(I91<I90,1,IF(I91=I90,K90+1,0)) -> 2
A92: 86 | B92: N0091 | C92: Deon | D92: Jacobs | E92: Benguella | H92: 0 | I92: 0 | J92: =IF(I92=I91,J91,IF(I92=0,ROUNDDOWN(20,0),J91-K91)) -> 20 | K92: =IF(I92<I91,1,IF(I92=I91,K91+1,0)) -> 3
A93: 87 | B93: N0815 | C93: Lindie | D93: Barnhard | E93: Henties Bay | H93: 0 | I93: 0 | J93: =IF(I93=I92,J92,IF(I93=0,ROUNDDOWN(20,0),J92-K92)) -> 20 | K93: =IF(I93<I92,1,IF(I93=I92,K92+1,0)) -> 4
A94: 88 | B94: N0235 | C94: Herbert | D94: Schmidlin | E94: Mako | H94: 0 | I94: 0 | J94: =IF(I94=I93,J93,IF(I94=0,ROUNDDOWN(20,0),J93-K93)) -> 20 | K94: =IF(I94<I93,1,IF(I94=I93,K93+1,0)) -> 5
A95: 89 | B95: N0814 | C95: Clinton | D95: Barnhard | E95: Henties Bay | H95: 0 | I95: 0 | J95: =IF(I95=I94,J94,IF(I95=0,ROUNDDOWN(20,0),J94-K94)) -> 20 | K95: =IF(I95<I94,1,IF(I95=I94,K94+1,0)) -> 6
A96: 90 | B96: N0628 | C96: Ryan | D96: Wolmarans | E96: Atlantic Angling Club | H96: 0 | I96: 0 | J96: =IF(I96=I95,J95,IF(I96=0,ROUNDDOWN(20,0),J95-K95)) -> 20 | K96: =IF(I96<I95,1,IF(I96=I95,K95+1,0)) -> 7
A97: 91 | B97: N0410 | C97: Jaco | D97: Mac Gillicuddy | E97: Atlantic Angling Club | H97: 0 | I97: 0 | J97: =IF(I97=I96,J96,IF(I97=0,ROUNDDOWN(20,0),J96-K96)) -> 20 | K97: =IF(I97<I96,1,IF(I97=I96,K96+1,0)) -> 8
A98: 92 | B98: N0157 | C98: Gerrit | D98: Viljoen | E98: Okahandja | H98: 0 | I98: 0 | J98: =IF(I98=I97,J97,IF(I98=0,ROUNDDOWN(20,0),J97-K97)) -> 20 | K98: =IF(I98<I97,1,IF(I98=I97,K97+1,0)) -> 9
A99: 93 | B99: N0851 | C99: Eric | D99: Mans | E99: Henties Bay | H99: 0 | I99: 0 | J99: =IF(I99=I98,J98,IF(I99=0,ROUNDDOWN(20,0),J98-K98)) -> 20 | K99: =IF(I99<I98,1,IF(I99=I98,K98+1,0)) -> 10
A100: 94 | B100: N0147 | C100: Alex | D100: Thompson | E100: Seagull Angling Club | H100: 0 | I100: 0 | J100: =IF(I100=I99,J99,IF(I100=0,ROUNDDOWN(20,0),J99-K99)) -> 20 | K100: =IF(I100<I99,1,IF(I100=I99,K99+1,0)) -> 11
A101: 95 | B101: N0032 | C101: Jaco | D101: Mertens | E101: Seagull Angling Club | H101: 0 | I101: 0 | J101: =IF(I101=I100,J100,IF(I101=0,ROUNDDOWN(20,0),J100-K100)) -> 20 | K101: =IF(I101<I100,1,IF(I101=I100,K100+1,0)) -> 12
... A189: 183 | B189: N0835 | C189: Jacobus | D189: Steyl | E189: Atlantic Angling Club | H189: 0 | I189: 0 | J189: =IF(I189=I188,J188,IF(I189=0,ROUNDDOWN(20,0),J188-K188)) -> 20 | K189: =IF(I189<I188,1,IF(I189=I188,K188+1,0)) -> 100
A190: 184 | J190: =IF(I190=I189,J189,IF(I190=0,ROUNDDOWN(20,0),J189-K189)) -> 20 | K190: =IF(I190<I189,1,IF(I190=I189,K189+1,0)) -> 101
A191: 185 | J191: =IF(I191=I190,J190,IF(I191=0,ROUNDDOWN(20,0),J190-K190)) -> 20 | K191: =IF(I191<I190,1,IF(I191=I190,K190+1,0)) -> 102
A192: 186 | J192: =IF(I192=I191,J191,IF(I192=0,ROUNDDOWN(20,0),J191-K191)) -> 20 | K192: =IF(I192<I191,1,IF(I192=I191,K191+1,0)) -> 103
A193: 187 | J193: =IF(I193=I192,J192,IF(I193=0,ROUNDDOWN(20,0),J192-K192)) -> 20 | K193: =IF(I193<I192,1,IF(I193=I192,K192+1,0)) -> 104
A194: 188 | J194: =IF(I194=I193,J193,IF(I194=0,ROUNDDOWN(20,0),J193-K193)) -> 20 | K194: =IF(I194<I193,1,IF(I194=I193,K193+1,0)) -> 105
A195: 189 | J195: =IF(I195=I194,J194,IF(I195=0,ROUNDDOWN(20,0),J194-K194)) -> 20 | K195: =IF(I195<I194,1,IF(I195=I194,K194+1,0)) -> 106
A196: 190 | J196: =IF(I196=I195,J195,IF(I196=0,ROUNDDOWN(20,0),J195-K195)) -> 20 | K196: =IF(I196<I195,1,IF(I196=I195,K195+1,0)) -> 107
A197: 191 | J197: =IF(I197=I196,J196,IF(I197=0,ROUNDDOWN(20,0),J196-K196)) -> 20 | K197: =IF(I197<I196,1,IF(I197=I196,K196+1,0)) -> 108
A198: 192 | J198: =IF(I198=I197,J197,IF(I198=0,ROUNDDOWN(20,0),J197-K197)) -> 20 | K198: =IF(I198<I197,1,IF(I198=I197,K197+1,0)) -> 109
A199: 193 | J199: =IF(I199=I198,J198,IF(I199=0,ROUNDDOWN(20,0),J198-K198)) -> 20 | K199: =IF(I199<I198,1,IF(I199=I198,K198+1,0)) -> 110
A200: 194 | J200: =IF(I200=I199,J199,IF(I200=0,ROUNDDOWN(20,0),J199-K199)) -> 20 | K200: =IF(I200<I199,1,IF(I200=I199,K199+1,0)) -> 111
A201: 195 | J201: =IF(I201=I200,J200,IF(I201=0,ROUNDDOWN(20,0),J200-K200)) -> 20 | K201: =IF(I201<I200,1,IF(I201=I200,K200+1,0)) -> 112
...

Sheet TOP6
B2: TOP 6 ANGLERS | D2: =#REF! -> #REF!
A4: ID | B4: Name | C4: Surname | D4: Status | E4: Club | F4: No. Edibles | G4: No. Inedibles | H4: Sum of kg | I4: Sum of Points | K4: kg Top6 | L4: Top 6 Points
A5: N0390 | B5: Wikus | C5: Pinaar | E5: Atlantic Angling Club | F5: 1 | H5: 1.4 | I5: 1.4 | J5: 240 | K5: =IF(H5>0,H5,0)+IF(H6>0,H6,0)+IF(H7>0,H7,0)+IF(H8>0,H8,0)+IF(H9>0,H9,0)+IF(H10>0,H10,0) -> 5 | L5: =IF(H5>0,J5,0)+IF(H6>0,J6,0)+IF(H7>0,J7,0)+IF(H8>0,J8,0)+IF(H9>0,J9,0)+IF(H10>0,J10,0) -> 1160 | M5: a | N5: b | O5: Copy data from Individuals
A6: N0144 | B6: Sarah | C6: Coetzee | E6: Atlantic Angling Club | F6: 2 | H6: 1.2 | I6: 1.2 | J6: 236 | M6: a | O6: Mombakkies not counting towards top6 points
A7: N0023 | B7: Jörg | C7: Walter | E7: Atlantic Angling Club | F7: 1 | H7: 1.2 | I7: 1.2 | J7: 236 | M7: a
A8: N0761 | B8: Stefano | C8: Strappazzon | E8: Atlantic Angling Club | F8: 1 | H8: 0.6 | I8: 0.6 | J8: 224 | M8: a
A9: N0769 | B9: Sven | C9: Welzig | E9: Atlantic Angling Club | F9: 1 | H9: 0.6 | I9: 0.6 | J9: 224 | M9: a
E10: Atlantic Angling Club | M10: a
A11: N0529 | B11: Anthony | C11: Botha | E11: Benguella | G11: 1 | H11: 15.1 | I11: 15.1 | J11: 276 | K11: =IF(H11>0,H11,0)+IF(H12>0,H12,0)+IF(H13>0,H13,0)+IF(H14>0,H14,0)+IF(H15>0,H15,0)+IF(H16>0,H16,0) -> 27.9 | L11: =IF(H11>0,J11,0)+IF(H12>0,J12,0)+IF(H13>0,J13,0)+IF(H14>0,J14,0)+IF(H15>0,J15,0)+IF(H16>0,J16,0) -> 1024 | M11: a | N11: b
A12: N0113 | B12: Shaun | C12: Bothma | E12: Benguella | G12: 1 | H12: 9.8 | I12: 9.8 | J12: 265 | M12: a
A13: N0689 | B13: Stanley | C13: Van Zyl | E13: Benguella | F13: 1 | H13: 1.6 | I13: 1.6 | J13: 243 | M13: a
A14: N0165 | B14: John | C14: Moody | E14: Benguella | F14: 1 | H14: 1.4 | I14: 1.4 | J14: 240 | M14: a
E15: Benguella | M15: a
E16: Benguella | M16: a
A17: N0095 | B17: Simen | C17: Andersen | E17: Henties Bay | G17: 3 | H17: 43.7 | I17: 43.7 | J17: 300 | K17: =IF(H17>0,H17,0)+IF(H18>0,H18,0)+IF(H19>0,H19,0)+IF(H20>0,H20,0)+IF(H21>0,H21,0)+IF(H22>0,H22,0) -> 159 | L17: =IF(H17>0,J17,0)+IF(H18>0,J18,0)+IF(H19>0,J19,0)+IF(H20>0,J20,0)+IF(H21>0,J21,0)+IF(H22>0,J22,0) -> 1725 | M17: a | N17: b
A18: N0588 | B18: Lourens | C18: Fourie | E18: Henties Bay | G18: 3 | H18: 34.6 | I18: 34.6 | J18: 297 | M18: a
A19: N0123 | B19: Veronica | C19: Nel | E19: Henties Bay | G19: 2 | H19: 30 | I19: 30 | J19: 295 | M19: a
A20: N0828 | B20: Steyn | C20: Fourie | E20: Henties Bay | G20: 5 | H20: 26.7 | I20: 26.7 | J20: 291 | M20: a
A21: N0031 | B21: Emil | C21: Prinsloo | E21: Henties Bay | G21: 2 | H21: 16.3 | I21: 16.3 | J21: 279 | M21: a
A22: N0195 | B22: Louis | C22: Fenaux | E22: Henties Bay | G22: 2 | H22: 7.7 | I22: 7.7 | J22: 263 | M22: a
A23: N0156 | B23: Gerard | C23: Hough | E23: Mako | G23: 1 | H23: 19.5 | I23: 19.5 | J23: 285 | K23: =IF(H23>0,H23,0)+IF(H24>0,H24,0)+IF(H25>0,H25,0)+IF(H26>0,H26,0)+IF(H27>0,H27,0)+IF(H28>0,H28,0) -> 58.3 | L23: =IF(H23>0,J23,0)+IF(H24>0,J24,0)+IF(H25>0,J25,0)+IF(H26>0,J26,0)+IF(H27>0,J27,0)+IF(H28>0,J28,0) -> 1598 | M23: a | N23: b
A24: N0540 | B24: Murray | C24: Lewis | E24: Mako | G24: 1 | H24: 12.1 | I24: 12.1 | J24: 270 | M24: a
A25: N0515 | B25: Johan | C25: Burger | E25: Mako | F25: 1 | G25: 1 | H25: 11.6 | I25: 11.6 | J25: 267 | M25: a
A26: N0496 | B26: Rudi | C26: Swartz | E26: Mako | F26: 5 | H26: 6.1 | I26: 6.1 | J26: 261 | M26: a
A27: N0399 | B27: Org | C27: Van Rensburg | E27: Mako | G27: 1 | H27: 5 | I27: 5 | J27: 259 | M27: a
A28: N0539 | B28: Kallie | C28: Langeveld | E28: Mako | G28: 1 | H28: 4 | I28: 4 | J28: 256 | M28: a
A29: N0783 | B29: Johan | C29: Van Niekerk | E29: Namib Park | F29: 1 | G29: 1 | H29: 4.1 | I29: 4.1 | J29: 257 | K29: =IF(H29>0,H29,0)+IF(H30>0,H30,0)+IF(H31>0,H31,0)+IF(H32>0,H32,0)+IF(H33>0,H33,0)+IF(H34>0,H34,0) -> 12.8 | L29: =IF(H29>0,J29,0)+IF(H30>0,J30,0)+IF(H31>0,J31,0)+IF(H32>0,J32,0)+IF(H33>0,J33,0)+IF(H34>0,J34,0) -> 1239 | M29: a | N29: b
A30: N0008 | B30: Andre | C30: Coetzee | E30: Namib Park | F30: 2 | H30: 3.4 | I30: 3.4 | J30: 254 | M30: a
A31: N0849 | B31: Ryno | C31: Enslin | E31: Namib Park | F31: 3 | H31: 2.3 | I31: 2.3 | J31: 250 | M31: a
A32: N0850 | B32: Wanda | C32: Enslin | E32: Namib Park | F32: 3 | H32: 2.1 | I32: 2.1 | J32: 249 | M32: a
A33: N0162 | B33: Coennie | C33: Steyn | E33: Namib Park | F33: 1 | H33: 0.9 | I33: 0.9 | J33: 229 | M33: a
E34: Namib Park | M34: a
A35: N0657 | B35: Johan Spyker | C35: Kotze | E35: Okahandja | G35: 1 | H35: 3.6 | I35: 3.6 | J35: 255 | K35: =IF(H35>0,H35,0)+IF(H36>0,H36,0)+IF(H37>0,H37,0)+IF(H38>0,H38,0)+IF(H39>0,H39,0)+IF(H40>0,H40,0) -> 3.6 | L35: =IF(H35>0,J35,0)+IF(H36>0,J36,0)+IF(H37>0,J37,0)+IF(H38>0,J38,0)+IF(H39>0,J39,0)+IF(H40>0,J40,0) -> 255 | M35: a | N35: b
E36: Okahandja | M36: a
E37: Okahandja | M37: a
E38: Okahandja | M38: a
E39: Okahandja | M39: a
E40: Okahandja | M40: a
A41: N0122 | B41: Immo | C41: Dresselhaus | E41: Orca Angling Club | F41: 1 | G41: 2 | H41: 43.7 | I41: 43.7 | J41: 300 | K41: =IF(H41>0,H41,0)+IF(H42>0,H42,0)+IF(H43>0,H43,0)+IF(H44>0,H44,0)+IF(H45>0,H45,0)+IF(H46>0,H46,0) -> 130.4 | L41: =IF(H41>0,J41,0)+IF(H42>0,J42,0)+IF(H43>0,J43,0)+IF(H44>0,J44,0)+IF(H45>0,J45,0)+IF(H46>0,J46,0) -> 1683 | M41: a | N41: b
A42: N0044 | B42: Leon | C42: Krauze | E42: Orca Angling Club | G42: 3 | H42: 29.7 | I42: 29.7 | J42: 294 | M42: a
A43: N0007 | B43: Brian | C43: Curtis | E43: Orca Angling Club | G43: 3 | H43: 28.1 | I43: 28.1 | J43: 292 | M43: a
A44: N0263 | B44: Morne | C44: Human | E44: Orca Angling Club | G44: 1 | H44: 13.7 | I44: 13.7 | J44: 274 | M44: a
A45: N0150 | B45: Lindie | C45: Krauze | E45: Orca Angling Club | G45: 1 | H45: 12.8 | I45: 12.8 | J45: 272 | M45: a
A46: N0224 | B46: Morne | C46: Du Plessis | E46: Orca Angling Club | F46: 2 | H46: 2.4 | I46: 2.4 | J46: 251 | M46: a
A47: N0573 | B47: Rinus | C47: Van Der Westhuizen | E47: Otjiwarongo | G47: 2 | H47: 10.5 | I47: 10.5 | J47: 266 | K47: =IF(H47>0,H47,0)+IF(H48>0,H48,0)+IF(H49>0,H49,0)+IF(H50>0,H50,0)+IF(H51>0,H51,0)+IF(H52>0,H52,0) -> 11 | L47: =IF(H47>0,J47,0)+IF(H48>0,J48,0)+IF(H49>0,J49,0)+IF(H50>0,J50,0)+IF(H51>0,J51,0)+IF(H52>0,J52,0) -> 487 | M47: a | N47: b
A48: N0610 | B48: Martinus | C48: Venter | E48: Otjiwarongo | F48: 1 | H48: 0.5 | I48: 0.5 | J48: 221 | M48: a
E49: Otjiwarongo | M49: a
E50: Otjiwarongo | M50: a
E51: Otjiwarongo | M51: a
E52: Otjiwarongo | M52: a
A53: N0097 | B53: Christo | C53: Lensing | E53: Penguin | G53: 3 | H53: 41 | I53: 41 | J53: 298 | K53: =IF(H53>0,H53,0)+IF(H54>0,H54,0)+IF(H55>0,H55,0)+IF(H56>0,H56,0)+IF(H57>0,H57,0)+IF(H58>0,H58,0) -> 165.5 | L53: =IF(H53>0,J53,0)+IF(H54>0,J54,0)+IF(H55>0,J55,0)+IF(H56>0,J56,0)+IF(H57>0,J57,0)+IF(H58>0,J58,0) -> 1747 | M53: a | N53: b
A54: N0401 | B54: Henko | C54: Snyman | E54: Penguin | G54: 2 | H54: 31 | I54: 31 | J54: 296 | M54: a
A55: N0190 | B55: Chris Junior | C55: Orffer | E55: Penguin | G55: 3 | H55: 28.3 | I55: 28.3 | J55: 293 | M55: a
A56: N0696 | B56: Stefan | C56: Snyman | E56: Penguin | G56: 1 | H56: 25.7 | I56: 25.7 | J56: 290 | M56: a
A57: N0009 | B57: Henry | C57: Loubser | E57: Penguin | G57: 1 | H57: 20.8 | I57: 20.8 | J57: 286 | M57: a
A58: N0663 | B58: Allen | C58: Langenstrassen | E58: Penguin | G58: 2 | H58: 18.7 | I58: 18.7 | J58: 284 | M58: a
A59: N0045 | B59: Chrisjan | C59: Potgieter | E59: Seagull Angling Club | G59: 3 | H59: 25.3 | I59: 25.3 | J59: 289 | K59: =IF(H59>0,H59,0)+IF(H60>0,H60,0)+IF(H61>0,H61,0)+IF(H62>0,H62,0)+IF(H63>0,H63,0)+IF(H64>0,H64,0) -> 108.9 | L59: =IF(H59>0,J59,0)+IF(H60>0,J60,0)+IF(H61>0,J61,0)+IF(H62>0,J62,0)+IF(H63>0,J63,0)+IF(H64>0,J64,0) -> 1680 | M59: a | N59: b
A60: N0129 | B60: Pieter | C60: van Aarde | E60: Seagull Angling Club | G60: 2 | H60: 25 | I60: 25 | J60: 288 | M60: a
A61: N0101 | B61: Tertius | C61: Potgieter | E61: Seagull Angling Club | G61: 1 | H61: 17.4 | I61: 17.4 | J61: 282 | M61: a
A62: N0790 | B62: Ivan | C62: Kotze | E62: Seagull Angling Club | G62: 2 | H62: 17.1 | I62: 17.1 | J62: 281 | M62: a
A63: N0050 | B63: Sean | C63: Van Den Heuvel | E63: Seagull Angling Club | G63: 2 | H63: 12.3 | I63: 12.3 | J63: 271 | M63: a
A64: N0257 | B64: Lu-Andre | C64: Duvenhage | E64: Seagull Angling Club | G64: 1 | H64: 11.8 | I64: 11.8 | J64: 269 | M64: a
A65: N0730 | B65: Wikus | C65: Viljoen | E65: Steenbras | G65: 1 | H65: 11.8 | I65: 11.8 | J65: 269 | K65: =IF(H65>0,H65,0)+IF(H66>0,H66,0)+IF(H67>0,H67,0)+IF(H68>0,H68,0)+IF(H69>0,H69,0)+IF(H70>0,H70,0) -> 15.8 | L65: =IF(H65>0,J65,0)+IF(H66>0,J66,0)+IF(H67>0,J67,0)+IF(H68>0,J68,0)+IF(H69>0,J69,0)+IF(H70>0,J70,0) -> 979 | M65: a | N65: b
A66: N0297 | B66: David | C66: Smith | E66: Steenbras | F66: 2 | H66: 2.1 | I66: 2.1 | J66: 249 | M66: a
A67: N0093 | B67: Burger | C67: Van Taak | E67: Steenbras | F67: 1 | H67: 1.4 | I67: 1.4 | J67: 240 | M67: a
A68: N0777 | B68: Frank | C68: Oberholster | E68: Steenbras | F68: 1 | H68: 0.5 | I68: 0.5 | J68: 221 | M68: a
E69: Steenbras | M69: a
E70: Steenbras | M70: a
A71: N0580 | B71: Martin | C71: Cordier | E71: Walvis Bay | G71: 2 | H71: 21.9 | I71: 21.9 | J71: 287 | K71: =IF(H71>0,H71,0)+IF(H72>0,H72,0)+IF(H73>0,H73,0)+IF(H74>0,H74,0)+IF(H75>0,H75,0)+IF(H76>0,H76,0) -> 95.1 | L71: =IF(H71>0,J71,0)+IF(H72>0,J72,0)+IF(H73>0,J73,0)+IF(H74>0,J74,0)+IF(H75>0,J75,0)+IF(H76>0,J76,0) -> 1667 | M71: a | N71: b
A72: N0622 | B72: Flippie | C72: Scheepers | E72: Walvis Bay | F72: 1 | G72: 1 | H72: 17.7 | I72: 17.7 | J72: 283 | M72: a
A73: N0100 | B73: Werner | C73: van Riet | E73: Walvis Bay | G73: 1 | H73: 16.6 | I73: 16.6 | J73: 280 | M73: a
A74: N0396 | B74: Raymond | C74: Duvenhage | E74: Walvis Bay | G74: 1 | H74: 16.2 | I74: 16.2 | J74: 278 | M74: a
A75: N0867 | B75: Andre | C75: Bezuidehout | E75: Walvis Bay | F75: 1 | G75: 1 | H75: 15.3 | I75: 15.3 | J75: 277 | M75: a
A76: N0662 | B76: Donavin | C76: Bezuidehout | E76: Walvis Bay | G76: 1 | H76: 7.4 | I76: 7.4 | J76: 262 | M76: a
A77: N0148 | B77: Gunther | C77: Krauer | D77: Men Veteran | E77: Walvis Bay | H77: 0 | I77: 0 | J77: 48
A78: N0627 | B78: Justin | C78: Smith | D78: Men U/21 | E78: Walvis Bay | H78: 0 | I78: 0 | J78: 48
A79: N0855 | B79: Wenzel | C79: Smal | E79: Welwitschia | F79: 1 | G79: 1 | H79: 13 | I79: 13 | J79: 273 | K79: =IF(H79>0,H79,0)+IF(H80>0,H80,0)+IF(H81>0,H81,0)+IF(H82>0,H82,0)+IF(H83>0,H83,0)+IF(H84>0,H84,0) -> 21.6 | L79: =IF(H79>0,J79,0)+IF(H80>0,J80,0)+IF(H81>0,J81,0)+IF(H82>0,J82,0)+IF(H83>0,J83,0)+IF(H84>0,J84,0) -> 758 | M79: a | N79: b
A80: N0020 | B80: Morne | C80: Horn | E80: Welwitschia | G80: 1 | H80: 8.1 | I80: 8.1 | J80: 264 | M80: a
A81: N0295 | B81: Bradd | C81: Biller | E81: Welwitschia | F81: 1 | H81: 0.5 | I81: 0.5 | J81: 221 | M81: a
E82: Welwitschia | M82: a
E83: Welwitschia | M83: a
E84: Welwitschia | M84: a

Sheet Clubs
A2: CLUB POSITION | C2: =Individuals!G2 -> Inter Club 2nd Leg 2022
C4: =C2 -> Inter Club 2nd Leg 2022
B5: Team | C5: Top 6 kg | D5: Top 6 Points | E5: Club Points
A6: 1 | B6: ='TOP6'!E53 -> Penguin | C6: ='TOP6'!K53 -> 165.5 | D6: ='TOP6'!L53 -> 1747 | E6: 50
A7: 2 | B7: ='TOP6'!E17 -> Henties Bay | C7: ='TOP6'!K17 -> 159 | D7: ='TOP6'!L17 -> 1725 | E7: 49
A8: 3 | B8: ='TOP6'!E41 -> Orca Angling Club | C8: ='TOP6'!K41 -> 130.4 | D8: ='TOP6'!L41 -> 1683 | E8: 48
A9: 4 | B9: ='TOP6'!E59 -> Seagull Angling Club | C9: ='TOP6'!K59 -> 108.9 | D9: ='TOP6'!L59 -> 1680 | E9: 47
A10: 5 | B10: ='TOP6'!E71 -> Walvis Bay | C10: ='TOP6'!K71 -> 95.1 | D10: ='TOP6'!L71 -> 1667 | E10: 46
A11: 6 | B11: ='TOP6'!E23 -> Mako | C11: ='TOP6'!K23 -> 58.3 | D11: ='TOP6'!L23 -> 1598 | E11: 45
A12: 7 | B12: ='TOP6'!E29 -> Namib Park | C12: ='TOP6'!K29 -> 12.8 | D12: ='TOP6'!L29 -> 1239 | E12: 44
A13: 8 | B13: ='TOP6'!E5 -> Atlantic Angling Club | C13: ='TOP6'!K5 -> 5 | D13: ='TOP6'!L5 -> 1160 | E13: 43
A14: 9 | B14: ='TOP6'!E11 -> Benguella | C14: ='TOP6'!K11 -> 27.9 | D14: ='TOP6'!L11 -> 1024 | E14: 42
A15: 10 | B15: ='TOP6'!E65 -> Steenbras | C15: ='TOP6'!K65 -> 15.8 | D15: ='TOP6'!L65 -> 979 | E15: 41
A16: 11 | B16: ='TOP6'!E79 -> Welwitschia | C16: ='TOP6'!K79 -> 21.6 | D16: ='TOP6'!L79 -> 758 | E16: 40
A17: 12 | B17: ='TOP6'!E47 -> Otjiwarongo | C17: ='TOP6'!K47 -> 11 | D17: ='TOP6'!L47 -> 487 | E17: 39
A18: 13 | B18: ='TOP6'!E35 -> Okahandja | C18: ='TOP6'!K35 -> 3.6 | D18: ='TOP6'!L35 -> 255 | E18: 38
A19: 15
C21: Total 2022 | F21: 1st Interclub | I21: 2nd Interclub | L21: 3rd interclub | O21: 4th interclub | R21: 5th interclub
B22: Team | C22: Top 6 kg | D22: Top 6 Points | E22: Club Points | F22: Top 6 kg | G22: Top 6 Points | H22: Club Points | I22: Top 6 kg | J22: Top 6 Points | K22: Club Points | L22: Top 6 kg | M22: Top 6 Points | N22: Club Points | O22: Top 6 kg | P22: Top 6 Points | Q22: Club Points | R22: Top 6 kg | S22: Top 6 Points | T22: Club Points
A23: 1 | B23: Penguin | C23: =SUM(F23,I23,L23,O23,R23) -> 382.3 | D23: =SUM(G23,J23,M23,P23,S23) -> 3417 | E23: =SUM(H23,K23,N23,Q23,T23) -> 99 | F23: 216.8 | G23: 1670 | H23: 49 | I23: 165.5 | J23: 1747 | K23: 50
A24: 2 | B24: Walvis Bay | C24: =SUM(F24,I24,L24,O24,R24) -> 368.5 | D24: =SUM(G24,J24,M24,P24,S24) -> 3374 | E24: =SUM(H24,K24,N24,Q24,T24) -> 96 | F24: 273.4 | G24: 1707 | H24: 50 | I24: 95.1 | J24: 1667 | K24: 46
A25: 3 | B25: Orca Angling Club | C25: =SUM(F25,I25,L25,O25,R25) -> 355.7 | D25: =SUM(G25,J25,M25,P25,S25) -> 3344 | E25: =SUM(H25,K25,N25,Q25,T25) -> 96 | F25: 225.3 | G25: 1661 | H25: 48 | I25: 130.4 | J25: 1683 | K25: 48
A26: 4 | B26: Henties Bay | C26: =SUM(F26,I26,L26,O26,R26) -> 347.1 | D26: =SUM(G26,J26,M26,P26,S26) -> 3308 | E26: =SUM(H26,K26,N26,Q26,T26) -> 94 | F26: 188.1 | G26: 1583 | H26: 45 | I26: 159 | J26: 1725 | K26: 49
A27: 5 | B27: Mako | C27: =SUM(F27,I27,L27,O27,R27) -> 249 | D27: =SUM(G27,J27,M27,P27,S27) -> 3258 | E27: =SUM(H27,K27,N27,Q27,T27) -> 92 | F27: 190.7 | G27: 1660 | H27: 47 | I27: 58.3 | J27: 1598 | K27: 45
A28: 6 | B28: Seagull Angling Club | C28: =SUM(F28,I28,L28,O28,R28) -> 269.8 | D28: =SUM(G28,J28,M28,P28,S28) -> 3255 | E28: =SUM(H28,K28,N28,Q28,T28) -> 91 | F28: 160.9 | G28: 1575 | H28: 44 | I28: 108.9 | J28: 1680 | K28: 47
A29: 7 | B29: Atlantic Angling Club | C29: =SUM(F29,I29,L29,O29,R29) -> 200.4 | D29: =SUM(G29,J29,M29,P29,S29) -> 2770 | E29: =SUM(H29,K29,N29,Q29,T29) -> 89 | F29: 195.4 | G29: 1610 | H29: 46 | I29: 5 | J29: 1160 | K29: 43
A30: 8 | B30: Welwitschia | C30: =SUM(F30,I30,L30,O30,R30) -> 117.7 | D30: =SUM(G30,J30,M30,P30,S30) -> 2162 | E30: =SUM(H30,K30,N30,Q30,T30) -> 83 | F30: 96.1 | G30: 1404 | H30: 43 | I30: 21.6 | J30: 758 | K30: 40
A31: 9 | B31: Benguella | C31: =SUM(F31,I31,L31,O31,R31) -> 91.8 | D31: =SUM(G31,J31,M31,P31,S31) -> 2332 | E31: =SUM(H31,K31,N31,Q31,T31) -> 83 | F31: 63.9 | G31: 1308 | H31: 41 | I31: 27.9 | J31: 1024 | K31: 42
A32: 10 | B32: Namib Park | C32: =SUM(F32,I32,L32,O32,R32) -> 68.7 | D32: =SUM(G32,J32,M32,P32,S32) -> 2463 | E32: =SUM(H32,K32,N32,Q32,T32) -> 83 | F32: 55.9 | G32: 1224 | H32: 39 | I32: 12.8 | J32: 1239 | K32: 44
A33: 11 | B33: Otjiwarongo | C33: =SUM(F33,I33,L33,O33,R33) -> 134.4 | D33: =SUM(G33,J33,M33,P33,S33) -> 1868 | E33: =SUM(H33,K33,N33,Q33,T33) -> 81 | F33: 123.4 | G33: 1381 | H33: 42 | I33: 11 | J33: 487 | K33: 39
A34: 12 | B34: Steenbras | C34: =SUM(F34,I34,L34,O34,R34) -> 62.8 | D34: =SUM(G34,J34,M34,P34,S34) -> 2175 | E34: =SUM(H34,K34,N34,Q34,T34) -> 79 | F34: 47 | G34: 1196 | H34: 38 | I34: 15.8 | J34: 979 | K34: 41
A35: 13 | B35: Okahandja | C35: =SUM(F35,I35,L35,O35,R35) -> 56.7 | D35: =SUM(G35,J35,M35,P35,S35) -> 1484 | E35: =SUM(H35,K35,N35,Q35,T35) -> 78 | F35: 53.1 | G35: 1229 | H35: 40 | I35: 3.6 | J35: 255 | K35: 38
A36: 15 | B36: Welwitschia | C36: =SUM(F36,I36,L36,O36,R36) -> 0 | D36: =SUM(G36,J36,M36,P36,S36) -> 0 | E36: =SUM(H36,K36,N36,Q36,T36) -> 0

Sheet MenSenior
A2: Competition | B2: 2022-IC-L2 | C2: =$B$3&" "& Individuals!$D$3 -> Men Senior (All) Inter Club 2nd Leg 2022
A3: Status | B3: Men Senior | D3: LEAGUE
A5: ID | B5: Name | C5: Surname | D5: Team | E5: No. Edibles | F5: No. of Inedibles | G5: Total kg | H5: Total Points | I5: Category Points (200)
A6: N0122 | B6: Immo | C6: Dresselhaus | D6: Orca Angling Club | E6: 1 | F6: 2 | G6: 43.7 | H6: 43.7 | I6: 200 | J6: 1
A7: N0097 | B7: Christo | C7: Lensing | D7: Penguin | F7: 3 | G7: 41 | H7: 41 | I7: =IF(H7=H6,I6,IF(H7=0,ROUNDDOWN(20,0),I6-J6)) -> 199 | J7: =IF(H7<H6,1,IF(H7=H6,J6+1,0)) -> 1 | N7: 1 | O7: Atlantic | Q7: x | R7: x
A8: N0190 | B8: Chris Junior | C8: Orffer | D8: Penguin | F8: 3 | G8: 28.3 | H8: 28.3 | I8: =IF(H8=H7,I7,IF(H8=0,ROUNDDOWN(20,0),I7-J7)) -> 198 | J8: =IF(H8<H7,1,IF(H8=H7,J7+1,0)) -> 1 | N8: 2 | O8: Benqualla
A9: N0007 | B9: Brian | C9: Curtis | D9: Orca Angling Club | F9: 3 | G9: 28.1 | H9: 28.1 | I9: =IF(H9=H8,I8,IF(H9=0,ROUNDDOWN(20,0),I8-J8)) -> 197 | J9: =IF(H9<H8,1,IF(H9=H8,J8+1,0)) -> 1 | N9: 3 | O9: Hentiesbay | Q9: x | R9: x
A10: N0828 | B10: Steyn | C10: Fourie | D10: Henties Bay | F10: 5 | G10: 26.7 | H10: 26.7 | I10: =IF(H10=H9,I9,IF(H10=0,ROUNDDOWN(20,0),I9-J9)) -> 196 | J10: =IF(H10<H9,1,IF(H10=H9,J9+1,0)) -> 1 | N10: 4 | O10: Mako | Q10: x | R10: x
A11: N0045 | B11: Chrisjan | C11: Potgieter | D11: Seagull Angling Club | F11: 3 | G11: 25.3 | H11: 25.3 | I11: =IF(H11=H10,I10,IF(H11=0,ROUNDDOWN(20,0),I10-J10)) -> 195 | J11: =IF(H11<H10,1,IF(H11=H10,J10+1,0)) -> 1 | N11: 5 | O11: Namibpark | Q11: x | R11: x
A12: N0129 | B12: Pieter | C12: van Aarde | D12: Seagull Angling Club | F12: 2 | G12: 25 | H12: 25 | I12: =IF(H12=H11,I11,IF(H12=0,ROUNDDOWN(20,0),I11-J11)) -> 194 | J12: =IF(H12<H11,1,IF(H12=H11,J11+1,0)) -> 1 | N12: 6 | O12: Okahndja | Q12: x | R12: x
A13: N0156 | B13: Gerard | C13: Hough | D13: Mako | F13: 1 | G13: 19.5 | H13: 19.5 | I13: =IF(H13=H12,I12,IF(H13=0,ROUNDDOWN(20,0),I12-J12)) -> 193 | J13: =IF(H13<H12,1,IF(H13=H12,J12+1,0)) -> 1 | N13: 7 | O13: orca | Q13: x | R13: x
A14: N0101 | B14: Tertius | C14: Potgieter | D14: Seagull Angling Club | F14: 1 | G14: 17.4 | H14: 17.4 | I14: =IF(H14=H13,I13,IF(H14=0,ROUNDDOWN(20,0),I13-J13)) -> 192 | J14: =IF(H14<H13,1,IF(H14=H13,J13+1,0)) -> 1 | N14: 8 | O14: Otjiwaringo | Q14: x | R14: x
A15: N0790 | B15: Ivan | C15: Kotze | D15: Seagull Angling Club | F15: 2 | G15: 17.1 | H15: 17.1 | I15: =IF(H15=H14,I14,IF(H15=0,ROUNDDOWN(20,0),I14-J14)) -> 191 | J15: =IF(H15<H14,1,IF(H15=H14,J14+1,0)) -> 1 | N15: 9 | O15: Penquin | Q15: x | R15: x
A16: N0529 | B16: Anthony | C16: Botha | D16: Benguella | F16: 1 | G16: 15.1 | H16: 15.1 | I16: =IF(H16=H15,I15,IF(H16=0,ROUNDDOWN(20,0),I15-J15)) -> 190 | J16: =IF(H16<H15,1,IF(H16=H15,J15+1,0)) -> 1 | N16: 10 | O16: Seagulls whk | Q16: x | R16: x
A17: N0263 | B17: Morne | C17: Human | D17: Orca Angling Club | F17: 1 | G17: 13.7 | H17: 13.7 | I17: =IF(H17=H16,I16,IF(H17=0,ROUNDDOWN(20,0),I16-J16)) -> 189 | J17: =IF(H17<H16,1,IF(H17=H16,J16+1,0)) -> 1 | N17: 11 | O17: Seaguls coast | Q17: x | R17: x
A18: N0855 | B18: Wenzel | C18: Smal | D18: Welwitschia | E18: 1 | F18: 1 | G18: 13 | H18: 13 | I18: =IF(H18=H17,I17,IF(H18=0,ROUNDDOWN(20,0),I17-J17)) -> 188 | J18: =IF(H18<H17,1,IF(H18=H17,J17+1,0)) -> 1 | N18: 12 | O18: Steeanbras | Q18: x | R18: x
A19: N0257 | B19: Lu-Andre | C19: Duvenhage | D19: Seagull Angling Club | F19: 1 | G19: 11.8 | H19: 11.8 | I19: =IF(H19=H18,I18,IF(H19=0,ROUNDDOWN(20,0),I18-J18)) -> 187 | J19: =IF(H19<H18,1,IF(H19=H18,J18+1,0)) -> 1 | N19: 13 | O19: Walvis | Q19: x | R19: x
A20: N0573 | B20: Rinus | C20: Van Der Westhuizen | D20: Otjiwarongo | F20: 2 | G20: 10.5 | H20: 10.5 | I20: =IF(H20=H19,I19,IF(H20=0,ROUNDDOWN(20,0),I19-J19)) -> 186 | J20: =IF(H20<H19,1,IF(H20=H19,J19+1,0)) -> 1 | N20: 14 | O20: Welwitchia | Q20: x | R20: x
A21: N0662 | B21: Donavin | C21: Bezuidehout | D21: Walvis Bay | F21: 1 | G21: 7.4 | H21: 7.4 | I21: =IF(H21=H20,I20,IF(H21=0,ROUNDDOWN(20,0),I20-J20)) -> 185 | J21: =IF(H21<H20,1,IF(H21=H20,J20+1,0)) -> 1
A22: N0715 | B22: Gerhard | C22: Van Niekerk | D22: Seagull Angling Club | F22: 1 | G22: 5.1 | H22: 5.1 | I22: =IF(H22=H21,I21,IF(H22=0,ROUNDDOWN(20,0),I21-J21)) -> 184 | J22: =IF(H22<H21,1,IF(H22=H21,J21+1,0)) -> 1
A23: N0399 | B23: Org | C23: Van Rensburg | D23: Mako | F23: 1 | G23: 5 | H23: 5 | I23: =IF(H23=H22,I22,IF(H23=0,ROUNDDOWN(20,0),I22-J22)) -> 183 | J23: =IF(H23<H22,1,IF(H23=H22,J22+1,0)) -> 1
A24: N0783 | B24: Johan | C24: Van Niekerk | D24: Namib Park | E24: 1 | F24: 1 | G24: 4.1 | H24: 4.1 | I24: =IF(H24=H23,I23,IF(H24=0,ROUNDDOWN(20,0),I23-J23)) -> 182 | J24: =IF(H24<H23,1,IF(H24=H23,J23+1,0)) -> 1
A25: N0657 | B25: Johan Spyker | C25: Kotze | D25: Okahandja | F25: 1 | G25: 3.6 | H25: 3.6 | I25: =IF(H25=H24,I24,IF(H25=0,ROUNDDOWN(20,0),I24-J24)) -> 181 | J25: =IF(H25<H24,1,IF(H25=H24,J24+1,0)) -> 1
A26: N0224 | B26: Morne | C26: Du Plessis | D26: Orca Angling Club | E26: 2 | G26: 2.4 | H26: 2.4 | I26: =IF(H26=H25,I25,IF(H26=0,ROUNDDOWN(20,0),I25-J25)) -> 180 | J26: =IF(H26<H25,1,IF(H26=H25,J25+1,0)) -> 1
A27: N0849 | B27: Ryno | C27: Enslin | D27: Namib Park | E27: 3 | G27: 2.3 | H27: 2.3 | I27: =IF(H27=H26,I26,IF(H27=0,ROUNDDOWN(20,0),I26-J26)) -> 179 | J27: =IF(H27<H26,1,IF(H27=H26,J26+1,0)) -> 1
A28: N0504 | B28: Herman | C28: Klem | D28: Orca Angling Club | E28: 1 | G28: 1.5 | H28: 1.5 | I28: =IF(H28=H27,I27,IF(H28=0,ROUNDDOWN(20,0),I27-J27)) -> 178 | J28: =IF(H28<H27,1,IF(H28=H27,J27+1,0)) -> 1
A29: N0093 | B29: Burger | C29: Van Taak | D29: Steenbras | E29: 1 | G29: 1.4 | H29: 1.4 | I29: =IF(H29=H28,I28,IF(H29=0,ROUNDDOWN(20,0),I28-J28)) -> 177 | J29: =IF(H29<H28,1,IF(H29=H28,J28+1,0)) -> 1
A30: N0709 | B30: Tiaan | C30: Fourie | D30: Henties Bay | F30: 1 | G30: 1.4 | H30: 1.4 | I30: =IF(H30=H29,I29,IF(H30=0,ROUNDDOWN(20,0),I29-J29)) -> 177 | J30: =IF(H30<H29,1,IF(H30=H29,J29+1,0)) -> 2
A31: N0525 | B31: Cornelius | C31: Kruger | D31: Walvis Bay | E31: 2 | G31: 1.2 | H31: 1.2 | I31: =IF(H31=H30,I30,IF(H31=0,ROUNDDOWN(20,0),I30-J30)) -> 175 | J31: =IF(H31<H30,1,IF(H31=H30,J30+1,0)) -> 1
A32: N0056 | B32: Alec | C32: Landers | D32: Orca Angling Club | E32: 1 | G32: 1 | H32: 1 | I32: =IF(H32=H31,I31,IF(H32=0,ROUNDDOWN(20,0),I31-J31)) -> 174 | J32: =IF(H32<H31,1,IF(H32=H31,J31+1,0)) -> 1
A33: N0228 | B33: Corne | C33: Kruger | D33: Orca Angling Club | E33: 1 | G33: 0.7 | H33: 0.7 | I33: =IF(H33=H32,I32,IF(H33=0,ROUNDDOWN(20,0),I32-J32)) -> 173 | J33: =IF(H33<H32,1,IF(H33=H32,J32+1,0)) -> 1
A34: N0427 | B34: Richard | C34: Punzul | D34: Orca Angling Club | E34: 1 | G34: 0.7 | H34: 0.7 | I34: =IF(H34=H33,I33,IF(H34=0,ROUNDDOWN(20,0),I33-J33)) -> 173 | J34: =IF(H34<H33,1,IF(H34=H33,J33+1,0)) -> 2
A35: N0333 | B35: Gelhar | C35: Slabbert | D35: Orca Angling Club | E35: 1 | G35: 0.6 | H35: 0.6 | I35: =IF(H35=H34,I34,IF(H35=0,ROUNDDOWN(20,0),I34-J34)) -> 171 | J35: =IF(H35<H34,1,IF(H35=H34,J34+1,0)) -> 1
A36: N0777 | B36: Frank | C36: Oberholster | D36: Steenbras | E36: 1 | G36: 0.5 | H36: 0.5 | I36: =IF(H36=H35,I35,IF(H36=0,ROUNDDOWN(20,0),I35-J35)) -> 170 | J36: =IF(H36<H35,1,IF(H36=H35,J35+1,0)) -> 1
A37: N0295 | B37: Bradd | C37: Biller | D37: Welwitschia | E37: 1 | G37: 0.5 | H37: 0.5 | I37: =IF(H37=H36,I36,IF(H37=0,ROUNDDOWN(20,0),I36-J36)) -> 170 | J37: =IF(H37<H36,1,IF(H37=H36,J36+1,0)) -> 2
A38: N0744 | B38: Tinus | C38: Du Plessis | D38: Okahandja | G38: 0 | H38: 0 | I38: =IF(H38=H37,I37,IF(H38=0,ROUNDDOWN(20,0),I37-J37)) -> 20 | J38: =IF(H38<H37,1,IF(H38=H37,J37+1,0)) -> 1
A39: N0792 | B39: William | C39: Schickerling | D39: Orca Angling Club | G39: 0 | H39: 0 | I39: =IF(H39=H38,I38,IF(H39=0,ROUNDDOWN(20,0),I38-J38)) -> 20 | J39: =IF(H39<H38,1,IF(H39=H38,J38+1,0)) -> 2
A40: N0560 | B40: Christo | C40: Senekal | D40: Okahandja | G40: 0 | H40: 0 | I40: =IF(H40=H39,I39,IF(H40=0,ROUNDDOWN(20,0),I39-J39)) -> 20 | J40: =IF(H40<H39,1,IF(H40=H39,J39+1,0)) -> 3
A41: N0546 | B41: Tian | C41: Mostert | D41: Seagull Angling Club | G41: 0 | H41: 0 | I41: =IF(H41=H40,I40,IF(H41=0,ROUNDDOWN(20,0),I40-J40)) -> 20 | J41: =IF(H41<H40,1,IF(H41=H40,J40+1,0)) -> 4
A42: N0856 | B42: Franco | C42: Horn | D42: Orca Angling Club | G42: 0 | H42: 0 | I42: =IF(H42=H41,I41,IF(H42=0,ROUNDDOWN(20,0),I41-J41)) -> 20 | J42: =IF(H42<H41,1,IF(H42=H41,J41+1,0)) -> 5
A43: N0861 | B43: Norman | C43: Campbell | D43: Benguella | G43: 0 | H43: 0 | I43: =IF(H43=H42,I42,IF(H43=0,ROUNDDOWN(20,0),I42-J42)) -> 20 | J43: =IF(H43<H42,1,IF(H43=H42,J42+1,0)) -> 6
A44: N0465 | B44: Jan-Hendrik | C44: Jacobs | D44: Orca Angling Club | G44: 0 | H44: 0 | I44: =IF(H44=H43,I43,IF(H44=0,ROUNDDOWN(20,0),I43-J43)) -> 20 | J44: =IF(H44<H43,1,IF(H44=H43,J43+1,0)) -> 7
A45: N0447 | B45: Martin | C45: Gouws | D45: Seagull Angling Club | G45: 0 | H45: 0 | I45: =IF(H45=H44,I44,IF(H45=0,ROUNDDOWN(20,0),I44-J44)) -> 20 | J45: =IF(H45<H44,1,IF(H45=H44,J44+1,0)) -> 8
A46: N0324 | B46: Johnny | C46: Van Der Westhuizen | D46: Steenbras | G46: 0 | H46: 0 | I46: =IF(H46=H45,I45,IF(H46=0,ROUNDDOWN(20,0),I45-J45)) -> 20 | J46: =IF(H46<H45,1,IF(H46=H45,J45+1,0)) -> 9
A47: N0002 | B47: Marco | C47: Klein | D47: Mako | G47: 0 | H47: 0 | I47: =IF(H47=H46,I46,IF(H47=0,ROUNDDOWN(20,0),I46-J46)) -> 20 | J47: =IF(H47<H46,1,IF(H47=H46,J46+1,0)) -> 10
A48: N0417 | B48: Francois | C48: Marais | D48: Benguella | G48: 0 | H48: 0 | I48: =IF(H48=H47,I47,IF(H48=0,ROUNDDOWN(20,0),I47-J47)) -> 20 | J48: =IF(H48<H47,1,IF(H48=H47,J47+1,0)) -> 11
A49: N0836 | B49: Hendrik JNR | C49: Cloete | D49: Benguella | G49: 0 | H49: 0 | I49: =IF(H49=H48,I48,IF(H49=0,ROUNDDOWN(20,0),I48-J48)) -> 20 | J49: =IF(H49<H48,1,IF(H49=H48,J48+1,0)) -> 12
... A70: N0118 | B70: Olaf | C70: Coetzee | D70: Namib Park | G70: 0 | H70: 0 | I70: =IF(H70=H69,I69,IF(H70=0,ROUNDDOWN(20,0),I69-J69)) -> 20 | J70: =IF(H70<H69,1,IF(H70=H69,J69+1,0)) -> 33
I71: =IF(H71=H70,I70,IF(H71=0,ROUNDDOWN(20,0),I70-J70)) -> 20 | J71: =IF(H71<H70,1,IF(H71=H70,J70+1,0)) -> 34
I72: =IF(H72=H71,I71,IF(H72=0,ROUNDDOWN(20,0),I71-J71)) -> 20 | J72: =IF(H72<H71,1,IF(H72=H71,J71+1,0)) -> 35
I73: =IF(H73=H72,I72,IF(H73=0,ROUNDDOWN(20,0),I72-J72)) -> 20 | J73: =IF(H73<H72,1,IF(H73=H72,J72+1,0)) -> 36
I74: =IF(H74=H73,I73,IF(H74=0,ROUNDDOWN(20,0),I73-J73)) -> 20 | J74: =IF(H74<H73,1,IF(H74=H73,J73+1,0)) -> 37
I75: =IF(H75=H74,I74,IF(H75=0,ROUNDDOWN(20,0),I74-J74)) -> 20 | J75: =IF(H75<H74,1,IF(H75=H74,J74+1,0)) -> 38
I76: =IF(H76=H75,I75,IF(H76=0,ROUNDDOWN(20,0),I75-J75)) -> 20 | J76: =IF(H76<H75,1,IF(H76=H75,J75+1,0)) -> 39
I77: =IF(H77=H76,I76,IF(H77=0,ROUNDDOWN(20,0),I76-J76)) -> 20 | J77: =IF(H77<H76,1,IF(H77=H76,J76+1,0)) -> 40
I78: =IF(H78=H77,I77,IF(H78=0,ROUNDDOWN(20,0),I77-J77)) -> 20 | J78: =IF(H78<H77,1,IF(H78=H77,J77+1,0)) -> 41
I79: =IF(H79=H78,I78,IF(H79=0,ROUNDDOWN(20,0),I78-J78)) -> 20 | J79: =IF(H79<H78,1,IF(H79=H78,J78+1,0)) -> 42
I80: =IF(H80=H79,I79,IF(H80=0,ROUNDDOWN(20,0),I79-J79)) -> 20 | J80: =IF(H80<H79,1,IF(H80=H79,J79+1,0)) -> 43
I81: =IF(H81=H80,I80,IF(H81=0,ROUNDDOWN(20,0),I80-J80)) -> 20 | J81: =IF(H81<H80,1,IF(H81=H80,J80+1,0)) -> 44
I82: =IF(H82=H81,I81,IF(H82=0,ROUNDDOWN(20,0),I81-J81)) -> 20 | J82: =IF(H82<H81,1,IF(H82=H81,J81+1,0)) -> 45
... I267: =IF(H267=H266,I266,IF(H267=0,ROUNDDOWN(20,0),I266-J266)) -> 20 | J267: =IF(H267<H266,1,IF(H267=H266,J266+1,0)) -> 230

Sheet MenGrandMasters
A2: Competition | B2: 2022-IC-L2 | C2: =$B$3&" "& Individuals!$G$2 -> Men Grand Masters Inter Club 2nd Leg 2022
A3: Status | B3: Men Grand Masters | D3: LEAGUE
A5: ID | B5: Name | C5: Surname | D5: Team | E5: No. Edibles | F5: No. of Inedibles | G5: Total kg | H5: Total Points | I5: Category Points (50)
A6: N0009 | B6: Henry | C6: Loubser | D6: Penguin | F6: 1 | G6: 20.8 | H6: 20.8 | I6: 50 | J6: 1
A7: N0008 | B7: Andre | C7: Coetzee | D7: Namib Park | E7: 2 | G7: 3.4 | H7: 3.4 | I7: =IF(H7=H6,I6,IF(H7=0,ROUNDDOWN(20,0),I6-J6)) -> 49 | J7: =IF(H7<H6,1,IF(H7=H6,J6+1,0)) -> 1
A8: N0689 | B8: Stanley | C8: Van Zyl | D8: Benguella | E8: 1 | G8: 1.6 | H8: 1.6 | I8: =IF(H8=H7,I7,IF(H8=0,ROUNDDOWN(20,0),I7-J7)) -> 48 | J8: =IF(H8<H7,1,IF(H8=H7,J7+1,0)) -> 1
A9: N0023 | B9: Jörg | C9: Walter | D9: Atlantic Angling Club | E9: 1 | G9: 1.2 | H9: 1.2 | I9: =IF(H9=H8,I8,IF(H9=0,ROUNDDOWN(20,0),I8-J8)) -> 47 | J9: =IF(H9<H8,1,IF(H9=H8,J8+1,0)) -> 1
A10: N0162 | B10: Coennie | C10: Steyn | D10: Namib Park | E10: 1 | G10: 0.9 | H10: 0.9 | I10: =IF(H10=H9,I9,IF(H10=0,ROUNDDOWN(20,0),I9-J9)) -> 46 | J10: =IF(H10<H9,1,IF(H10=H9,J9+1,0)) -> 1
A11: N0530 | B11: Fanie | C11: Van Vuuren | D11: Okahandja | G11: 0 | H11: 0 | I11: =IF(H11=H10,I10,IF(H11=0,ROUNDDOWN(20,0),I10-J10)) -> 20 | J11: =IF(H11<H10,1,IF(H11=H10,J10+1,0)) -> 1
A12: N0078 | B12: Richard | C12: Kotze | D12: Seagull Angling Club | G12: 0 | H12: 0 | I12: =IF(H12=H11,I11,IF(H12=0,ROUNDDOWN(20,0),I11-J11)) -> 20 | J12: =IF(H12<H11,1,IF(H12=H11,J11+1,0)) -> 2
A13: N0835 | B13: Jacobus | C13: Steyl | D13: Atlantic Angling Club | G13: 0 | H13: 0 | I13: =IF(H13=H12,I12,IF(H13=0,ROUNDDOWN(20,0),I12-J12)) -> 20 | J13: =IF(H13<H12,1,IF(H13=H12,J12+1,0)) -> 3
A14: N0134 | B14: Hennie | C14: Cloete | D14: Benguella | G14: 0 | H14: 0 | I14: =IF(H14=H13,I13,IF(H14=0,ROUNDDOWN(20,0),I13-J13)) -> 20 | J14: =IF(H14<H13,1,IF(H14=H13,J13+1,0)) -> 4
A15: N0091 | B15: Deon | C15: Jacobs | D15: Benguella | G15: 0 | H15: 0 | I15: =IF(H15=H14,I14,IF(H15=0,ROUNDDOWN(20,0),I14-J14)) -> 20 | J15: =IF(H15<H14,1,IF(H15=H14,J14+1,0)) -> 5
A16: N0157 | B16: Gerrit | C16: Viljoen | D16: Okahandja | G16: 0 | H16: 0 | I16: =IF(H16=H15,I15,IF(H16=0,ROUNDDOWN(20,0),I15-J15)) -> 20 | J16: =IF(H16<H15,1,IF(H16=H15,J15+1,0)) -> 6
A17: N0061 | B17: Frans | C17: Klimas | D17: Penguin | G17: 0 | H17: 0 | I17: =IF(H17=H16,I16,IF(H17=0,ROUNDDOWN(20,0),I16-J16)) -> 20 | J17: =IF(H17<H16,1,IF(H17=H16,J16+1,0)) -> 7
A18: N0003 | B18: Bertie | C18: Diedericks | D18: Welwitschia | G18: 0 | H18: 0 | I18: =IF(H18=H17,I17,IF(H18=0,ROUNDDOWN(20,0),I17-J17)) -> 20 | J18: =IF(H18<H17,1,IF(H18=H17,J17+1,0)) -> 8
A19: N0041 | B19: Terence | C19: Clark | D19: Walvis Bay | G19: 0 | H19: 0 | I19: =IF(H19=H18,I18,IF(H19=0,ROUNDDOWN(20,0),I18-J18)) -> 20 | J19: =IF(H19<H18,1,IF(H19=H18,J18+1,0)) -> 9
A20: N0199 | B20: Karel | C20: Van Der Bank | D20: Benguella | G20: 0 | H20: 0 | I20: =IF(H20=H19,I19,IF(H20=0,ROUNDDOWN(20,0),I19-J19)) -> 20 | J20: =IF(H20<H19,1,IF(H20=H19,J19+1,0)) -> 10
A21: N0304 | B21: Johan | C21: Loubser | D21: Atlantic Angling Club | G21: 0 | H21: 0 | I21: =IF(H21=H20,I20,IF(H21=0,ROUNDDOWN(20,0),I20-J20)) -> 20 | J21: =IF(H21<H20,1,IF(H21=H20,J20+1,0)) -> 11
A22: N0269 | B22: Heinz | C22: Bresele | D22: Atlantic Angling Club | G22: 0 | H22: 0 | I22: =IF(H22=H21,I21,IF(H22=0,ROUNDDOWN(20,0),I21-J21)) -> 20 | J22: =IF(H22<H21,1,IF(H22=H21,J21+1,0)) -> 12
A23: N0510 | B23: Lawrence | C23: Durant | D23: Steenbras | G23: 0 | H23: 0 | I23: =IF(H23=H22,I22,IF(H23=0,ROUNDDOWN(20,0),I22-J22)) -> 20 | J23: =IF(H23<H22,1,IF(H23=H22,J22+1,0)) -> 13
I24: =IF(H24=H23,I23,IF(H24=0,ROUNDDOWN(20,0),I23-J23)) -> 20 | J24: =IF(H24<H23,1,IF(H24=H23,J23+1,0)) -> 14
I25: =IF(H25=H24,I24,IF(H25=0,ROUNDDOWN(20,0),I24-J24)) -> 20 | J25: =IF(H25<H24,1,IF(H25=H24,J24+1,0)) -> 15
I26: =IF(H26=H25,I25,IF(H26=0,ROUNDDOWN(20,0),I25-J25)) -> 20 | J26: =IF(H26<H25,1,IF(H26=H25,J25+1,0)) -> 16
I27: =IF(H27=H26,I26,IF(H27=0,ROUNDDOWN(20,0),I26-J26)) -> 20 | J27: =IF(H27<H26,1,IF(H27=H26,J26+1,0)) -> 17
I28: =IF(H28=H27,I27,IF(H28=0,ROUNDDOWN(20,0),I27-J27)) -> 20 | J28: =IF(H28<H27,1,IF(H28=H27,J27+1,0)) -> 18
I29: =IF(H29=H28,I28,IF(H29=0,ROUNDDOWN(20,0),I28-J28)) -> 20 | J29: =IF(H29<H28,1,IF(H29=H28,J28+1,0)) -> 19
I30: =IF(H30=H29,I29,IF(H30=0,ROUNDDOWN(20,0),I29-J29)) -> 20 | J30: =IF(H30<H29,1,IF(H30=H29,J29+1,0)) -> 20
I31: =IF(H31=H30,I30,IF(H31=0,ROUNDDOWN(20,0),I30-J30)) -> 20 | J31: =IF(H31<H30,1,IF(H31=H30,J30+1,0)) -> 21
I32: =IF(H32=H31,I31,IF(H32=0,ROUNDDOWN(20,0),I31-J31)) -> 20 | J32: =IF(H32<H31,1,IF(H32=H31,J31+1,0)) -> 22
I33: =IF(H33=H32,I32,IF(H33=0,ROUNDDOWN(20,0),I32-J32)) -> 20 | J33: =IF(H33<H32,1,IF(H33=H32,J32+1,0)) -> 23
I34: =IF(H34=H33,I33,IF(H34=0,ROUNDDOWN(20,0),I33-J33)) -> 20 | J34: =IF(H34<H33,1,IF(H34=H33,J33+1,0)) -> 24
I35: =IF(H35=H34,I34,IF(H35=0,ROUNDDOWN(20,0),I34-J34)) -> 20 | J35: =IF(H35<H34,1,IF(H35=H34,J34+1,0)) -> 25
... I68: =IF(H68=H67,I67,IF(H68=0,ROUNDDOWN(20,0),I67-J67)) -> 20 | J68: =IF(H68<H67,1,IF(H68=H67,J67+1,0)) -> 58

Sheet MenMasters
A2: Competition | B2: 2022-IC-L2 | C2: =$B$3&" "& Individuals!$G$2 -> Men Master Inter Club 2nd Leg 2022
A3: Status | B3: Men Master | D3: LEAGUE
A5: ID | B5: Name | C5: Surname | D5: Team | E5: No. Edibles | F5: No. of Inedibles | G5: Total kg | H5: Total Points | I5: Category Points (50)
A6: N0095 | B6: Simen | C6: Andersen | D6: Henties Bay | F6: 3 | G6: 43.7 | H6: 43.7 | I6: 50 | J6: 1
A7: N0588 | B7: Lourens | C7: Fourie | D7: Henties Bay | F7: 3 | G7: 34.6 | H7: 34.6 | I7: =IF(H7=H6,I6,IF(H7=0,ROUNDDOWN(20,0),I6-J6)) -> 49 | J7: =IF(H7<H6,1,IF(H7=H6,J6+1,0)) -> 1
A8: N0867 | B8: Andre | C8: Bezuidehout | D8: Walvis Bay | E8: 1 | F8: 1 | G8: 15.3 | H8: 15.3 | I8: =IF(H8=H7,I7,IF(H8=0,ROUNDDOWN(20,0),I7-J7)) -> 48 | J8: =IF(H8<H7,1,IF(H8=H7,J7+1,0)) -> 1
A9: N0515 | B9: Johan | C9: Burger | D9: Mako | E9: 1 | F9: 1 | G9: 11.6 | H9: 11.6 | I9: =IF(H9=H8,I8,IF(H9=0,ROUNDDOWN(20,0),I8-J8)) -> 47 | J9: =IF(H9<H8,1,IF(H9=H8,J8+1,0)) -> 1
A10: N0672 | B10: Frank | C10: Burusso | D10: Walvis Bay | E10: 3 | G10: 3.1 | H10: 3.1 | I10: =IF(H10=H9,I9,IF(H10=0,ROUNDDOWN(20,0),I9-J9)) -> 46 | J10: =IF(H10<H9,1,IF(H10=H9,J9+1,0)) -> 1
A11: N0389 | B11: Manfred | C11: Weise | D11: Seagull Angling Club | E11: 1 | G11: 1.8 | H11: 1.8 | I11: =IF(H11=H10,I10,IF(H11=0,ROUNDDOWN(20,0),I10-J10)) -> 45 | J11: =IF(H11<H10,1,IF(H11=H10,J10+1,0)) -> 1
A12: N0107 | B12: Lance | C12: Mills | D12: Namib Park | G12: 0 | H12: 0 | I12: =IF(H12=H11,I11,IF(H12=0,ROUNDDOWN(20,0),I11-J11)) -> 20 | J12: =IF(H12<H11,1,IF(H12=H11,J11+1,0)) -> 1
A13: N0147 | B13: Alex | C13: Thompson | D13: Seagull Angling Club | G13: 0 | H13: 0 | I13: =IF(H13=H12,I12,IF(H13=0,ROUNDDOWN(20,0),I12-J12)) -> 20 | J13: =IF(H13<H12,1,IF(H13=H12,J12+1,0)) -> 2
A14: N0234 | B14: Henning | C14: Du Plessis | D14: Atlantic Angling Club | G14: 0 | H14: 0 | I14: =IF(H14=H13,I13,IF(H14=0,ROUNDDOWN(20,0),I13-J13)) -> 20 | J14: =IF(H14<H13,1,IF(H14=H13,J13+1,0)) -> 3
A15: N0033 | B15: Kobus | C15: Nel | D15: Henties Bay | G15: 0 | H15: 0 | I15: =IF(H15=H14,I14,IF(H15=0,ROUNDDOWN(20,0),I14-J14)) -> 20 | J15: =IF(H15<H14,1,IF(H15=H14,J14+1,0)) -> 4
A16: N0287 | B16: Jorg | C16: Walder | D16: Mako | G16: 0 | H16: 0 | I16: =IF(H16=H15,I15,IF(H16=0,ROUNDDOWN(20,0),I15-J15)) -> 20 | J16: =IF(H16<H15,1,IF(H16=H15,J15+1,0)) -> 5
A17: N0461 | B17: Andries | C17: Burger | D17: Atlantic Angling Club | G17: 0 | H17: 0 | I17: =IF(H17=H16,I16,IF(H17=0,ROUNDDOWN(20,0),I16-J16)) -> 20 | J17: =IF(H17<H16,1,IF(H17=H16,J16+1,0)) -> 6
A18: N0030 | B18: Etienne | C18: Stipp | D18: Benguella | G18: 0 | H18: 0 | I18: =IF(H18=H17,I17,IF(H18=0,ROUNDDOWN(20,0),I17-J17)) -> 20 | J18: =IF(H18<H17,1,IF(H18=H17,J17+1,0)) -> 7
A19: N0643 | B19: Frikkie | C19: Ferreira | D19: Walvis Bay | G19: 0 | H19: 0 | I19: =IF(H19=H18,I18,IF(H19=0,ROUNDDOWN(20,0),I18-J18)) -> 20 | J19: =IF(H19<H18,1,IF(H19=H18,J18+1,0)) -> 8
A20: N0208 | B20: Adri | C20: Roets | D20: Atlantic Angling Club | G20: 0 | H20: 0 | I20: =IF(H20=H19,I19,IF(H20=0,ROUNDDOWN(20,0),I19-J19)) -> 20 | J20: =IF(H20<H19,1,IF(H20=H19,J19+1,0)) -> 9
A21: N0703 | B21: Andi | C21: Bachran | D21: Atlantic Angling Club | G21: 0 | H21: 0 | I21: =IF(H21=H20,I20,IF(H21=0,ROUNDDOWN(20,0),I20-J20)) -> 20 | J21: =IF(H21<H20,1,IF(H21=H20,J20+1,0)) -> 10
A22: N0235 | B22: Herbert | C22: Schmidlin | D22: Mako | G22: 0 | H22: 0 | I22: =IF(H22=H21,I21,IF(H22=0,ROUNDDOWN(20,0),I21-J21)) -> 20 | J22: =IF(H22<H21,1,IF(H22=H21,J21+1,0)) -> 11
A23: N0833 | B23: Andy | C23: Welzig | D23: Atlantic Angling Club | G23: 0 | H23: 0 | I23: =IF(H23=H22,I22,IF(H23=0,ROUNDDOWN(20,0),I22-J22)) -> 20 | J23: =IF(H23<H22,1,IF(H23=H22,J22+1,0)) -> 12
... A30: N0026 | B30: Johan | C30: Agenbag | D30: Henties Bay | G30: 0 | H30: 0 | I30: =IF(H30=H29,I29,IF(H30=0,ROUNDDOWN(20,0),I29-J29)) -> 20 | J30: =IF(H30<H29,1,IF(H30=H29,J29+1,0)) -> 19
I31: =IF(H31=H30,I30,IF(H31=0,ROUNDDOWN(20,0),I30-J30)) -> 20 | J31: =IF(H31<H30,1,IF(H31=H30,J30+1,0)) -> 20
I32: =IF(H32=H31,I31,IF(H32=0,ROUNDDOWN(20,0),I31-J31)) -> 20 | J32: =IF(H32<H31,1,IF(H32=H31,J31+1,0)) -> 21
I33: =IF(H33=H32,I32,IF(H33=0,ROUNDDOWN(20,0),I32-J32)) -> 20 | J33: =IF(H33<H32,1,IF(H33=H32,J32+1,0)) -> 22
I34: =IF(H34=H33,I33,IF(H34=0,ROUNDDOWN(20,0),I33-J33)) -> 20 | J34: =IF(H34<H33,1,IF(H34=H33,J33+1,0)) -> 23
I35: =IF(H35=H34,I34,IF(H35=0,ROUNDDOWN(20,0),I34-J34)) -> 20 | J35: =IF(H35<H34,1,IF(H35=H34,J34+1,0)) -> 24
I36: =IF(H36=H35,I35,IF(H36=0,ROUNDDOWN(20,0),I35-J35)) -> 20 | J36: =IF(H36<H35,1,IF(H36=H35,J35+1,0)) -> 25
I37: =IF(H37=H36,I36,IF(H37=0,ROUNDDOWN(20,0),I36-J36)) -> 20 | J37: =IF(H37<H36,1,IF(H37=H36,J36+1,0)) -> 26
I38: =IF(H38=H37,I37,IF(H38=0,ROUNDDOWN(20,0),I37-J37)) -> 20 | J38: =IF(H38<H37,1,IF(H38=H37,J37+1,0)) -> 27
I39: =IF(H39=H38,I38,IF(H39=0,ROUNDDOWN(20,0),I38-J38)) -> 20 | J39: =IF(H39<H38,1,IF(H39=H38,J38+1,0)) -> 28
I40: =IF(H40=H39,I39,IF(H40=0,ROUNDDOWN(20,0),I39-J39)) -> 20 | J40: =IF(H40<H39,1,IF(H40=H39,J39+1,0)) -> 29
I41: =IF(H41=H40,I40,IF(H41=0,ROUNDDOWN(20,0),I40-J40)) -> 20 | J41: =IF(H41<H40,1,IF(H41=H40,J40+1,0)) -> 30
I42: =IF(H42=H41,I41,IF(H42=0,ROUNDDOWN(20,0),I41-J41)) -> 20 | J42: =IF(H42<H41,1,IF(H42=H41,J41+1,0)) -> 31
... I68: =IF(H68=H67,I67,IF(H68=0,ROUNDDOWN(20,0),I67-J67)) -> 20 | J68: =IF(H68<H67,1,IF(H68=H67,J67+1,0)) -> 57

Sheet MenVeterans
A2: Competition | B2: 2022-IC-L2 | C2: =$B$3&" "& Individuals!$G$2 -> Men Veteran Inter Club 2nd Leg 2022
A3: Status | B3: Men Veteran | D3: LEAGUE
A5: ID | B5: Name | C5: Surname | D5: Team | E5: No. Edibles | F5: No. of Inedibles | G5: Total kg | H5: Total Points | I5: Category Points (100)
A6: N0044 | B6: Leon | C6: Krauze | D6: Orca Angling Club | F6: 3 | G6: 29.7 | H6: 29.7 | I6: 100 | J6: 1
A7: N0580 | B7: Martin | C7: Cordier | D7: Walvis Bay | F7: 2 | G7: 21.9 | H7: 21.9 | I7: =IF(H7=H6,I6,IF(H7=0,ROUNDDOWN(20,0),I6-J6)) -> 99 | J7: =IF(H7<H6,1,IF(H7=H6,J6+1,0)) -> 1
A8: N0663 | B8: Allen | C8: Langenstrassen | D8: Penguin | F8: 2 | G8: 18.7 | H8: 18.7 | I8: =IF(H8=H7,I7,IF(H8=0,ROUNDDOWN(20,0),I7-J7)) -> 98 | J8: =IF(H8<H7,1,IF(H8=H7,J7+1,0)) -> 1
A9: N0622 | B9: Flippie | C9: Scheepers | D9: Walvis Bay | E9: 1 | F9: 1 | G9: 17.7 | H9: 17.7 | I9: =IF(H9=H8,I8,IF(H9=0,ROUNDDOWN(20,0),I8-J8)) -> 97 | J9: =IF(H9<H8,1,IF(H9=H8,J8+1,0)) -> 1
A10: N0100 | B10: Werner | C10: Van Riet | D10: Walvis Bay | F10: 1 | G10: 16.6 | H10: 16.6 | I10: =IF(H10=H9,I9,IF(H10=0,ROUNDDOWN(20,0),I9-J9)) -> 96 | J10: =IF(H10<H9,1,IF(H10=H9,J9+1,0)) -> 1
A11: N0031 | B11: Emil | C11: Prinsloo | D11: Henties Bay | F11: 2 | G11: 16.3 | H11: 16.3 | I11: =IF(H11=H10,I10,IF(H11=0,ROUNDDOWN(20,0),I10-J10)) -> 95 | J11: =IF(H11<H10,1,IF(H11=H10,J10+1,0)) -> 1
A12: N0396 | B12: Raymond | C12: Duvenhage | D12: Walvis Bay | F12: 1 | G12: 16.2 | H12: 16.2 | I12: =IF(H12=H11,I11,IF(H12=0,ROUNDDOWN(20,0),I11-J11)) -> 94 | J12: =IF(H12<H11,1,IF(H12=H11,J11+1,0)) -> 1
A13: N0259 | B13: Henri | C13: Snyman | D13: Penguin | F13: 2 | G13: 15.1 | H13: 15.1 | I13: =IF(H13=H12,I12,IF(H13=0,ROUNDDOWN(20,0),I12-J12)) -> 93 | J13: =IF(H13<H12,1,IF(H13=H12,J12+1,0)) -> 1
A14: N0050 | B14: Sean | C14: Van Den Heuvel | D14: Seagull Angling Club | F14: 2 | G14: 12.3 | H14: 12.3 | I14: =IF(H14=H13,I13,IF(H14=0,ROUNDDOWN(20,0),I13-J13)) -> 92 | J14: =IF(H14<H13,1,IF(H14=H13,J13+1,0)) -> 1
A15: N0540 | B15: Murray | C15: Lewis | D15: Mako | F15: 1 | G15: 12.1 | H15: 12.1 | I15: =IF(H15=H14,I14,IF(H15=0,ROUNDDOWN(20,0),I14-J14)) -> 91 | J15: =IF(H15<H14,1,IF(H15=H14,J14+1,0)) -> 1
A16: N0730 | B16: Wikus | C16: Viljoen | D16: Steenbras | F16: 1 | G16: 11.8 | H16: 11.8 | I16: =IF(H16=H15,I15,IF(H16=0,ROUNDDOWN(20,0),I15-J15)) -> 90 | J16: =IF(H16<H15,1,IF(H16=H15,J15+1,0)) -> 1
A17: N0113 | B17: Shaun | C17: Bothma | D17: Benguella | F17: 1 | G17: 9.8 | H17: 9.8 | I17: =IF(H17=H16,I16,IF(H17=0,ROUNDDOWN(20,0),I16-J16)) -> 89 | J17: =IF(H17<H16,1,IF(H17=H16,J16+1,0)) -> 1
A18: N0020 | B18: Morne | C18: Horn | D18: Welwitschia | F18: 1 | G18: 8.1 | H18: 8.1 | I18: =IF(H18=H17,I17,IF(H18=0,ROUNDDOWN(20,0),I17-J17)) -> 88 | J18: =IF(H18<H17,1,IF(H18=H17,J17+1,0)) -> 1
A19: N0195 | B19: Louis | C19: Fenaux | D19: Henties Bay | F19: 2 | G19: 7.7 | H19: 7.7 | I19: =IF(H19=H18,I18,IF(H19=0,ROUNDDOWN(20,0),I18-J18)) -> 87 | J19: =IF(H19<H18,1,IF(H19=H18,J18+1,0)) -> 1
A20: N0496 | B20: Rudi | C20: Swartz | D20: Mako | E20: 5 | G20: 6.1 | H20: 6.1 | I20: =IF(H20=H19,I19,IF(H20=0,ROUNDDOWN(20,0),I19-J19)) -> 86 | J20: =IF(H20<H19,1,IF(H20=H19,J19+1,0)) -> 1
A21: N0539 | B21: Kallie | C21: Langeveld | D21: Mako | F21: 1 | G21: 4 | H21: 4 | I21: =IF(H21=H20,I20,IF(H21=0,ROUNDDOWN(20,0),I20-J20)) -> 85 | J21: =IF(H21<H20,1,IF(H21=H20,J20+1,0)) -> 1
A22: N0297 | B22: David | C22: Smith | D22: Steenbras | E22: 2 | G22: 2.1 | H22: 2.1 | I22: =IF(H22=H21,I21,IF(H22=0,ROUNDDOWN(20,0),I21-J21)) -> 84 | J22: =IF(H22<H21,1,IF(H22=H21,J21+1,0)) -> 1
A23: N0046 | B23: Marius | C23: Kruger | D23: Penguin | E23: 1 | G23: 2.1 | H23: 2.1 | I23: =IF(H23=H22,I22,IF(H23=0,ROUNDDOWN(20,0),I22-J22)) -> 84 | J23: =IF(H23<H22,1,IF(H23=H22,J22+1,0)) -> 2
A24: N0201 | B24: Chris | C24: Vorster | D24: Orca Angling Club | E24: 1 | G24: 1.8 | H24: 1.8 | I24: =IF(H24=H23,I23,IF(H24=0,ROUNDDOWN(20,0),I23-J23)) -> 82 | J24: =IF(H24<H23,1,IF(H24=H23,J23+1,0)) -> 1
A25: N0710 | B25: Fanie | C25: Terblanche | D25: Walvis Bay | E25: 2 | G25: 1.6 | H25: 1.6 | I25: =IF(H25=H24,I24,IF(H25=0,ROUNDDOWN(20,0),I24-J24)) -> 81 | J25: =IF(H25<H24,1,IF(H25=H24,J24+1,0)) -> 1
A26: N0390 | B26: Wikus | C26: Pinaar | D26: Atlantic Angling Club | E26: 1 | G26: 1.4 | H26: 1.4 | I26: =IF(H26=H25,I25,IF(H26=0,ROUNDDOWN(20,0),I25-J25)) -> 80 | J26: =IF(H26<H25,1,IF(H26=H25,J25+1,0)) -> 1
A27: N0165 | B27: John | C27: Moody | D27: Benguella | E27: 1 | G27: 1.4 | H27: 1.4 | I27: =IF(H27=H26,I26,IF(H27=0,ROUNDDOWN(20,0),I26-J26)) -> 80 | J27: =IF(H27<H26,1,IF(H27=H26,J26+1,0)) -> 2
A28: N0169 | B28: Morne | C28: Janse v Rensburg | D28: Walvis Bay | E28: 1 | G28: 1.1 | H28: 1.1 | I28: =IF(H28=H27,I27,IF(H28=0,ROUNDDOWN(20,0),I27-J27)) -> 78 | J28: =IF(H28<H27,1,IF(H28=H27,J27+1,0)) -> 1
A29: N0300 | B29: Danie | C29: Smith | D29: Seagull Angling Club | E29: 1 | G29: 0.7 | H29: 0.7 | I29: =IF(H29=H28,I28,IF(H29=0,ROUNDDOWN(20,0),I28-J28)) -> 77 | J29: =IF(H29<H28,1,IF(H29=H28,J28+1,0)) -> 1
A30: N0006 | B30: Nico | C30: Kotze | D30: Penguin | E30: 1 | G30: 0.7 | H30: 0.7 | I30: =IF(H30=H29,I29,IF(H30=0,ROUNDDOWN(20,0),I29-J29)) -> 77 | J30: =IF(H30<H29,1,IF(H30=H29,J29+1,0)) -> 2
A31: N0761 | B31: Stefano | C31: Strappazzon | D31: Atlantic Angling Club | E31: 1 | G31: 0.6 | H31: 0.6 | I31: =IF(H31=H30,I30,IF(H31=0,ROUNDDOWN(20,0),I30-J30)) -> 75 | J31: =IF(H31<H30,1,IF(H31=H30,J30+1,0)) -> 1
A32: N0610 | B32: Martinus | C32: Venter | D32: Otjiwarongo | E32: 1 | G32: 0.5 | H32: 0.5 | I32: =IF(H32=H31,I31,IF(H32=0,ROUNDDOWN(20,0),I31-J31)) -> 74 | J32: =IF(H32<H31,1,IF(H32=H31,J31+1,0)) -> 1
A33: N0148 | B33: Gunther | C33: Krauer | D33: Walvis Bay | G33: 0 | H33: 0 | I33: =IF(H33=H32,I32,IF(H33=0,ROUNDDOWN(20,0),I32-J32)) -> 20 | J33: =IF(H33<H32,1,IF(H33=H32,J32+1,0)) -> 1
A34: N0018 | B34: Garreth | C34: Wolfaardt | D34: Walvis Bay | G34: 0 | H34: 0 | I34: =IF(H34=H33,I33,IF(H34=0,ROUNDDOWN(20,0),I33-J33)) -> 20 | J34: =IF(H34<H33,1,IF(H34=H33,J33+1,0)) -> 2
A35: N0410 | B35: Jaco | C35: Mac Gillicuddy | D35: Atlantic Angling Club | G35: 0 | H35: 0 | I35: =IF(H35=H34,I34,IF(H35=0,ROUNDDOWN(20,0),I34-J34)) -> 20 | J35: =IF(H35<H34,1,IF(H35=H34,J34+1,0)) -> 3
A36: N0014 | B36: Willem | C36: Steyn | D36: Welwitschia | G36: 0 | H36: 0 | I36: =IF(H36=H35,I35,IF(H36=0,ROUNDDOWN(20,0),I35-J35)) -> 20 | J36: =IF(H36<H35,1,IF(H36=H35,J35+1,0)) -> 4
A37: N0360 | B37: Maree | C37: Van Heerden | D37: Okahandja | G37: 0 | H37: 0 | I37: =IF(H37=H36,I36,IF(H37=0,ROUNDDOWN(20,0),I36-J36)) -> 20 | J37: =IF(H37<H36,1,IF(H37=H36,J36+1,0)) -> 5
A38: N0344 | B38: Morne | C38: Hugo | D38: Walvis Bay | G38: 0 | H38: 0 | I38: =IF(H38=H37,I37,IF(H38=0,ROUNDDOWN(20,0),I37-J37)) -> 20 | J38: =IF(H38<H37,1,IF(H38=H37,J37+1,0)) -> 6
A39: N0485 | B39: Johan | C39: Herbst | D39: Okahandja | G39: 0 | H39: 0 | I39: =IF(H39=H38,I38,IF(H39=0,ROUNDDOWN(20,0),I38-J38)) -> 20 | J39: =IF(H39<H38,1,IF(H39=H38,J38+1,0)) -> 7
A40: N0407 | B40: Renier | C40: Van Zyl | D40: Benguella | G40: 0 | H40: 0 | I40: =IF(H40=H39,I39,IF(H40=0,ROUNDDOWN(20,0),I39-J39)) -> 20 | J40: =IF(H40<H39,1,IF(H40=H39,J39+1,0)) -> 8
A41: N0439 | B41: Wessel | C41: Swart | D41: Seagull Angling Club | G41: 0 | H41: 0 | I41: =IF(H41=H40,I40,IF(H41=0,ROUNDDOWN(20,0),I40-J40)) -> 20 | J41: =IF(H41<H40,1,IF(H41=H40,J40+1,0)) -> 9
A42: N0132 | B42: Chris | C42: Scholtz | D42: Henties Bay | G42: 0 | H42: 0 | I42: =IF(H42=H41,I41,IF(H42=0,ROUNDDOWN(20,0),I41-J41)) -> 20 | J42: =IF(H42<H41,1,IF(H42=H41,J41+1,0)) -> 10
A43: N0086 | B43: Hendrik | C43: Dry | D43: Mako | G43: 0 | H43: 0 | I43: =IF(H43=H42,I42,IF(H43=0,ROUNDDOWN(20,0),I42-J42)) -> 20 | J43: =IF(H43<H42,1,IF(H43=H42,J42+1,0)) -> 11
A44: N0127 | B44: Kiepie | C44: Burger | D44: Mako | G44: 0 | H44: 0 | I44: =IF(H44=H43,I43,IF(H44=0,ROUNDDOWN(20,0),I43-J43)) -> 20 | J44: =IF(H44<H43,1,IF(H44=H43,J43+1,0)) -> 12
I45: =IF(H45=H44,I44,IF(H45=0,ROUNDDOWN(20,0),I44-J44)) -> 20 | J45: =IF(H45<H44,1,IF(H45=H44,J44+1,0)) -> 13
I46: =IF(H46=H45,I45,IF(H46=0,ROUNDDOWN(20,0),I45-J45)) -> 20 | J46: =IF(H46<H45,1,IF(H46=H45,J45+1,0)) -> 14
I47: =IF(H47=H46,I46,IF(H47=0,ROUNDDOWN(20,0),I46-J46)) -> 20 | J47: =IF(H47<H46,1,IF(H47=H46,J46+1,0)) -> 15
I48: =IF(H48=H47,I47,IF(H48=0,ROUNDDOWN(20,0),I47-J47)) -> 20 | J48: =IF(H48<H47,1,IF(H48=H47,J47+1,0)) -> 16
I49: =IF(H49=H48,I48,IF(H49=0,ROUNDDOWN(20,0),I48-J48)) -> 20 | J49: =IF(H49<H48,1,IF(H49=H48,J48+1,0)) -> 17
I50: =IF(H50=H49,I49,IF(H50=0,ROUNDDOWN(20,0),I49-J49)) -> 20 | J50: =IF(H50<H49,1,IF(H50=H49,J49+1,0)) -> 18
I51: =IF(H51=H50,I50,IF(H51=0,ROUNDDOWN(20,0),I50-J50)) -> 20 | J51: =IF(H51<H50,1,IF(H51=H50,J50+1,0)) -> 19
I52: =IF(H52=H51,I51,IF(H52=0,ROUNDDOWN(20,0),I51-J51)) -> 20 | J52: =IF(H52<H51,1,IF(H52=H51,J51+1,0)) -> 20
I53: =IF(H53=H52,I52,IF(H53=0,ROUNDDOWN(20,0),I52-J52)) -> 20 | J53: =IF(H53<H52,1,IF(H53=H52,J52+1,0)) -> 21
I54: =IF(H54=H53,I53,IF(H54=0,ROUNDDOWN(20,0),I53-J53)) -> 20 | J54: =IF(H54<H53,1,IF(H54=H53,J53+1,0)) -> 22
I55: =IF(H55=H54,I54,IF(H55=0,ROUNDDOWN(20,0),I54-J54)) -> 20 | J55: =IF(H55<H54,1,IF(H55=H54,J54+1,0)) -> 23
I56: =IF(H56=H55,I55,IF(H56=0,ROUNDDOWN(20,0),I55-J55)) -> 20 | J56: =IF(H56<H55,1,IF(H56=H55,J55+1,0)) -> 24
... I68: =IF(H68=H67,I67,IF(H68=0,ROUNDDOWN(20,0),I67-J67)) -> 20 | J68: =IF(H68<H67,1,IF(H68=H67,J67+1,0)) -> 36

Sheet Men U16
A2: Competition | B2: 2022-IC-L2 | C2: =$B$3&" "& Individuals!$G$2 -> Men U/16 Inter Club 2nd Leg 2022
A3: Status | B3: Men U/16 | D3: LEAGUE
A5: ID | B5: Name | C5: Surname | D5: Team | E5: No. Edibles | F5: No. of Inedibles | G5: Total kg | H5: Total Points | I5: Category Points (50)
A6: N0696 | B6: Stefan | C6: Snyman | D6: Penguin | F6: 1 | G6: 25.7 | H6: 25.7 | I6: 50 | J6: 1
A7: N0531 | B7: Rudi(Jnr.) | C7: Swartz | D7: Mako | E7: 1 | G7: 1 | H7: 1 | I7: =IF(H7=H6,I6,IF(H7=0,ROUNDDOWN(20,0),I6-J6)) -> 49 | J7: =IF(H7<H6,1,IF(H7=H6,J6+1,0)) -> 1
A8: n0637 | B8: Helmut | C8: Dobberstein | D8: Benguella | G8: 0 | H8: 0 | I8: =IF(H8=H7,I7,IF(H8=0,ROUNDDOWN(20,0),I7-J7)) -> 20 | J8: =IF(H8<H7,1,IF(H8=H7,J7+1,0)) -> 1
A9: N0270 | B9: Christiaan | C9: Potgieter | D9: Seagull Angling Club | G9: 0 | H9: 0 | I9: =IF(H9=H8,I8,IF(H9=0,ROUNDDOWN(20,0),I8-J8)) -> 20 | J9: =IF(H9<H8,1,IF(H9=H8,J8+1,0)) -> 2
A10: N0517 | B10: Luigi | C10: Strappazzon | D10: Atlantic Angling Club | G10: 0 | H10: 0 | I10: =IF(H10=H9,I9,IF(H10=0,ROUNDDOWN(20,0),I9-J9)) -> 20 | J10: =IF(H10<H9,1,IF(H10=H9,J9+1,0)) -> 3
I11: =IF(H11=H10,I10,IF(H11=0,ROUNDDOWN(20,0),I10-J10)) -> 20 | J11: =IF(H11<H10,1,IF(H11=H10,J10+1,0)) -> 4
I12: =IF(H12=H11,I11,IF(H12=0,ROUNDDOWN(20,0),I11-J11)) -> 20 | J12: =IF(H12<H11,1,IF(H12=H11,J11+1,0)) -> 5
I13: =IF(H13=H12,I12,IF(H13=0,ROUNDDOWN(20,0),I12-J12)) -> 20 | J13: =IF(H13<H12,1,IF(H13=H12,J12+1,0)) -> 6
I14: =IF(H14=H13,I13,IF(H14=0,ROUNDDOWN(20,0),I13-J13)) -> 20 | J14: =IF(H14<H13,1,IF(H14=H13,J13+1,0)) -> 7
I15: =IF(H15=H14,I14,IF(H15=0,ROUNDDOWN(20,0),I14-J14)) -> 20 | J15: =IF(H15<H14,1,IF(H15=H14,J14+1,0)) -> 8
I16: =IF(H16=H15,I15,IF(H16=0,ROUNDDOWN(20,0),I15-J15)) -> 20 | J16: =IF(H16<H15,1,IF(H16=H15,J15+1,0)) -> 9
I17: =IF(H17=H16,I16,IF(H17=0,ROUNDDOWN(20,0),I16-J16)) -> 20 | J17: =IF(H17<H16,1,IF(H17=H16,J16+1,0)) -> 10
I18: =IF(H18=H17,I17,IF(H18=0,ROUNDDOWN(20,0),I17-J17)) -> 20 | J18: =IF(H18<H17,1,IF(H18=H17,J17+1,0)) -> 11
I19: =IF(H19=H18,I18,IF(H19=0,ROUNDDOWN(20,0),I18-J18)) -> 20 | J19: =IF(H19<H18,1,IF(H19=H18,J18+1,0)) -> 12
I20: =IF(H20=H19,I19,IF(H20=0,ROUNDDOWN(20,0),I19-J19)) -> 20 | J20: =IF(H20<H19,1,IF(H20=H19,J19+1,0)) -> 13
I21: =IF(H21=H20,I20,IF(H21=0,ROUNDDOWN(20,0),I20-J20)) -> 20 | J21: =IF(H21<H20,1,IF(H21=H20,J20+1,0)) -> 14
I22: =IF(H22=H21,I21,IF(H22=0,ROUNDDOWN(20,0),I21-J21)) -> 20 | J22: =IF(H22<H21,1,IF(H22=H21,J21+1,0)) -> 15
... I68: =IF(H68=H67,I67,IF(H68=0,ROUNDDOWN(20,0),I67-J67)) -> 20 | J68: =IF(H68<H67,1,IF(H68=H67,J67+1,0)) -> 61

Sheet Men U21
A2: Competition | B2: 2022-IC-L2 | C2: =$B$3&" "& Individuals!$G$2 -> Men U/21 Inter Club 2nd Leg 2022
A3: Status | B3: Men U/21 | D3: LEAGUE
A5: ID | B5: Name | C5: Surname | D5: Team | E5: No. Edibles | F5: No. of Inedibles | G5: Total kg | H5: Total Points | I5: Category Points (50)
A6: N0401 | B6: Henko | C6: Snyman | D6: Penguin | F6: 2 | G6: 31 | H6: 31 | I6: 50 | J6: 1
A7: N0283 | B7: Kevin | C7: Page | D7: Penguin | F7: 1 | G7: 5 | H7: 5 | I7: =IF(H7=H6,I6,IF(H7=0,ROUNDDOWN(20,0),I6-J6)) -> 49 | J7: =IF(H7<H6,1,IF(H7=H6,J6+1,0)) -> 1
A8: N0108 | B8: Dian | C8: Neethling | D8: Walvis Bay | E8: 3 | G8: 2.5 | H8: 2.5 | I8: =IF(H8=H7,I7,IF(H8=0,ROUNDDOWN(20,0),I7-J7)) -> 48 | J8: =IF(H8<H7,1,IF(H8=H7,J7+1,0)) -> 1
A9: N0307 | B9: Herman | C9: Krauze | D9: Orca Angling Club | E9: 1 | G9: 1.2 | H9: 1.2 | I9: =IF(H9=H8,I8,IF(H9=0,ROUNDDOWN(20,0),I8-J8)) -> 47 | J9: =IF(H9<H8,1,IF(H9=H8,J8+1,0)) -> 1
A10: N0769 | B10: Sven | C10: Welzig | D10: Atlantic Angling Club | E10: 1 | G10: 0.6 | H10: 0.6 | I10: =IF(H10=H9,I9,IF(H10=0,ROUNDDOWN(20,0),I9-J9)) -> 46 | J10: =IF(H10<H9,1,IF(H10=H9,J9+1,0)) -> 1
A11: N0438 | B11: Gerhard | C11: De Jager | D11: Seagull Angling Club | G11: 0 | H11: 0 | I11: =IF(H11=H10,I10,IF(H11=0,ROUNDDOWN(20,0),I10-J10)) -> 20 | J11: =IF(H11<H10,1,IF(H11=H10,J10+1,0)) -> 1
A12: N0762 | B12: Pierre | C12: Nel | D12: Mako | G12: 0 | H12: 0 | I12: =IF(H12=H11,I11,IF(H12=0,ROUNDDOWN(20,0),I11-J11)) -> 20 | J12: =IF(H12<H11,1,IF(H12=H11,J11+1,0)) -> 2
A13: N0183 | B13: Ray | C13: Moody | D13: Benguella | G13: 0 | H13: 0 | I13: =IF(H13=H12,I12,IF(H13=0,ROUNDDOWN(20,0),I12-J12)) -> 20 | J13: =IF(H13<H12,1,IF(H13=H12,J12+1,0)) -> 3
A14: N0409 | B14: Andre-Louis | C14: Stipp | D14: Benguella | G14: 0 | H14: 0 | I14: =IF(H14=H13,I13,IF(H14=0,ROUNDDOWN(20,0),I13-J13)) -> 20 | J14: =IF(H14<H13,1,IF(H14=H13,J13+1,0)) -> 4
A15: N0879 | B15: Morne | C15: Riekert | D15: Walvis Bay | G15: 0 | H15: 0 | I15: =IF(H15=H14,I14,IF(H15=0,ROUNDDOWN(20,0),I14-J14)) -> 20 | J15: =IF(H15<H14,1,IF(H15=H14,J14+1,0)) -> 5
A16: N0495 | B16: Eduard | C16: Janse v Rensburg | D16: Walvis Bay | G16: 0 | H16: 0 | I16: =IF(H16=H15,I15,IF(H16=0,ROUNDDOWN(20,0),I15-J15)) -> 20 | J16: =IF(H16<H15,1,IF(H16=H15,J15+1,0)) -> 6
I17: =IF(H17=H16,I16,IF(H17=0,ROUNDDOWN(20,0),I16-J16)) -> 20 | J17: =IF(H17<H16,1,IF(H17=H16,J16+1,0)) -> 7
I18: =IF(H18=H17,I17,IF(H18=0,ROUNDDOWN(20,0),I17-J17)) -> 20 | J18: =IF(H18<H17,1,IF(H18=H17,J17+1,0)) -> 8
I19: =IF(H19=H18,I18,IF(H19=0,ROUNDDOWN(20,0),I18-J18)) -> 20 | J19: =IF(H19<H18,1,IF(H19=H18,J18+1,0)) -> 9
I20: =IF(H20=H19,I19,IF(H20=0,ROUNDDOWN(20,0),I19-J19)) -> 20 | J20: =IF(H20<H19,1,IF(H20=H19,J19+1,0)) -> 10
I21: =IF(H21=H20,I20,IF(H21=0,ROUNDDOWN(20,0),I20-J20)) -> 20 | J21: =IF(H21<H20,1,IF(H21=H20,J20+1,0)) -> 11
I22: =IF(H22=H21,I21,IF(H22=0,ROUNDDOWN(20,0),I21-J21)) -> 20 | J22: =IF(H22<H21,1,IF(H22=H21,J21+1,0)) -> 12
I23: =IF(H23=H22,I22,IF(H23=0,ROUNDDOWN(20,0),I22-J22)) -> 20 | J23: =IF(H23<H22,1,IF(H23=H22,J22+1,0)) -> 13
I24: =IF(H24=H23,I23,IF(H24=0,ROUNDDOWN(20,0),I23-J23)) -> 20 | J24: =IF(H24<H23,1,IF(H24=H23,J23+1,0)) -> 14
I25: =IF(H25=H24,I24,IF(H25=0,ROUNDDOWN(20,0),I24-J24)) -> 20 | J25: =IF(H25<H24,1,IF(H25=H24,J24+1,0)) -> 15
I26: =IF(H26=H25,I25,IF(H26=0,ROUNDDOWN(20,0),I25-J25)) -> 20 | J26: =IF(H26<H25,1,IF(H26=H25,J25+1,0)) -> 16
I27: =IF(H27=H26,I26,IF(H27=0,ROUNDDOWN(20,0),I26-J26)) -> 20 | J27: =IF(H27<H26,1,IF(H27=H26,J26+1,0)) -> 17
I28: =IF(H28=H27,I27,IF(H28=0,ROUNDDOWN(20,0),I27-J27)) -> 20 | J28: =IF(H28<H27,1,IF(H28=H27,J27+1,0)) -> 18
... I68: =IF(H68=H67,I67,IF(H68=0,ROUNDDOWN(20,0),I67-J67)) -> 20 | J68: =IF(H68<H67,1,IF(H68=H67,J67+1,0)) -> 58

Sheet Ladies
A2: Competition | B2: 2022-IC-L2 | C2: ="Ladies "& Individuals!$G$2 -> Ladies Inter Club 2nd Leg 2022
A3: Status | B3: (Multiple Items) | D3: LEAGUE
A5: ID | B5: Name | C5: Surname | D5: Team | E5: No. Edibles | F5: No. of Inedibles | G5: Total kg | H5: Total Points | I5: Category Points (50)
A6: N0123 | B6: Veronica | C6: Nel | D6: Henties Bay | F6: 2 | G6: 30 | H6: 30 | I6: 50 | J6: 1
A7: N0150 | B7: Lindie | C7: Krauze | D7: Orca Angling Club | F7: 1 | G7: 12.8 | H7: 12.8 | I7: =IF(H7=H6,I6,IF(H7=0,ROUNDDOWN(20,0),I6-J6)) -> 49 | J7: =IF(H7<H6,1,IF(H7=H6,J6+1,0)) -> 1
A8: N0850 | B8: Wanda | C8: Enslin | D8: Namib Park | E8: 3 | G8: 2.1 | H8: 2.1 | I8: =IF(H8=H7,I7,IF(H8=0,ROUNDDOWN(20,0),I7-J7)) -> 48 | J8: =IF(H8<H7,1,IF(H8=H7,J7+1,0)) -> 1
A9: N0180 | B9: Elaine | C9: Vorster | D9: Orca Angling Club | E9: 2 | G9: 1.9 | H9: 1.9 | I9: =IF(H9=H8,I8,IF(H9=0,ROUNDDOWN(20,0),I8-J8)) -> 47 | J9: =IF(H9<H8,1,IF(H9=H8,J8+1,0)) -> 1
A10: N0144 | B10: Sarah | C10: Coetzee | D10: Atlantic Angling Club | E10: 2 | G10: 1.2 | H10: 1.2 | I10: =IF(H10=H9,I9,IF(H10=0,ROUNDDOWN(20,0),I9-J9)) -> 46 | J10: =IF(H10<H9,1,IF(H10=H9,J9+1,0)) -> 1
A11: N0194 | B11: Cecilia | C11: Brandt | D11: Seagull Angling Club | E11: 1 | G11: 0.5 | H11: 0.5 | I11: =IF(H11=H10,I10,IF(H11=0,ROUNDDOWN(20,0),I10-J10)) -> 45 | J11: =IF(H11<H10,1,IF(H11=H10,J10+1,0)) -> 1
A12: N0873 | B12: Nicolette | C12: Schreuder | D12: Walvis Bay | G12: 0 | H12: 0 | I12: =IF(H12=H11,I11,IF(H12=0,ROUNDDOWN(20,0),I11-J11)) -> 20 | J12: =IF(H12<H11,1,IF(H12=H11,J11+1,0)) -> 1
A13: N0404 | B13: Renate | C13: Gruttemeyer | D13: Okahandja | G13: 0 | H13: 0 | I13: =IF(H13=H12,I12,IF(H13=0,ROUNDDOWN(20,0),I12-J12)) -> 20 | J13: =IF(H13<H12,1,IF(H13=H12,J12+1,0)) -> 2
A14: N0697 | B14: Annelien | C14: Langenstrassen | D14: Penguin | G14: 0 | H14: 0 | I14: =IF(H14=H13,I13,IF(H14=0,ROUNDDOWN(20,0),I13-J13)) -> 20 | J14: =IF(H14<H13,1,IF(H14=H13,J13+1,0)) -> 3
A15: N0678 | B15: Jacomien | C15: Heath | D15: Henties Bay | G15: 0 | H15: 0 | I15: =IF(H15=H14,I14,IF(H15=0,ROUNDDOWN(20,0),I14-J14)) -> 20 | J15: =IF(H15<H14,1,IF(H15=H14,J14+1,0)) -> 4
A16: N0084 | B16: Sarah-Ann | C16: Mills | D16: Namib Park | G16: 0 | H16: 0 | I16: =IF(H16=H15,I15,IF(H16=0,ROUNDDOWN(20,0),I15-J15)) -> 20 | J16: =IF(H16<H15,1,IF(H16=H15,J15+1,0)) -> 5
A17: N0200 | B17: Abriana | C17: Koberzig | D17: Namib Park | G17: 0 | H17: 0 | I17: =IF(H17=H16,I16,IF(H17=0,ROUNDDOWN(20,0),I16-J16)) -> 20 | J17: =IF(H17<H16,1,IF(H17=H16,J16+1,0)) -> 6
A18: N0071 | B18: Carlien | C18: Steyn | D18: Welwitschia | G18: 0 | H18: 0 | I18: =IF(H18=H17,I17,IF(H18=0,ROUNDDOWN(20,0),I17-J17)) -> 20 | J18: =IF(H18<H17,1,IF(H18=H17,J17+1,0)) -> 7
A19: N0667 | B19: Nadine | C19: Downing | D19: Henties Bay | G19: 0 | H19: 0 | I19: =IF(H19=H18,I18,IF(H19=0,ROUNDDOWN(20,0),I18-J18)) -> 20 | J19: =IF(H19<H18,1,IF(H19=H18,J18+1,0)) -> 8
A20: N0114 | B20: Michele | C20: Andersen | D20: Henties Bay | G20: 0 | H20: 0 | I20: =IF(H20=H19,I19,IF(H20=0,ROUNDDOWN(20,0),I19-J19)) -> 20 | J20: =IF(H20<H19,1,IF(H20=H19,J19+1,0)) -> 9
A21: N0773 | B21: Breggie | C21: Ferreira | D21: Walvis Bay | G21: 0 | H21: 0 | I21: =IF(H21=H20,I20,IF(H21=0,ROUNDDOWN(20,0),I20-J20)) -> 20 | J21: =IF(H21<H20,1,IF(H21=H20,J20+1,0)) -> 10
A22: N0815 | B22: Lindie | C22: Barnhard | D22: Henties Bay | G22: 0 | H22: 0 | I22: =IF(H22=H21,I21,IF(H22=0,ROUNDDOWN(20,0),I21-J21)) -> 20 | J22: =IF(H22<H21,1,IF(H22=H21,J21+1,0)) -> 11
I23: =IF(H23=H22,I22,IF(H23=0,ROUNDDOWN(20,0),I22-J22)) -> 20 | J23: =IF(H23<H22,1,IF(H23=H22,J22+1,0)) -> 12
I24: =IF(H24=H23,I23,IF(H24=0,ROUNDDOWN(20,0),I23-J23)) -> 20 | J24: =IF(H24<H23,1,IF(H24=H23,J23+1,0)) -> 13
I25: =IF(H25=H24,I24,IF(H25=0,ROUNDDOWN(20,0),I24-J24)) -> 20 | J25: =IF(H25<H24,1,IF(H25=H24,J24+1,0)) -> 14
I26: =IF(H26=H25,I25,IF(H26=0,ROUNDDOWN(20,0),I25-J25)) -> 20 | J26: =IF(H26<H25,1,IF(H26=H25,J25+1,0)) -> 15
I27: =IF(H27=H26,I26,IF(H27=0,ROUNDDOWN(20,0),I26-J26)) -> 20 | J27: =IF(H27<H26,1,IF(H27=H26,J26+1,0)) -> 16
I28: =IF(H28=H27,I27,IF(H28=0,ROUNDDOWN(20,0),I27-J27)) -> 20 | J28: =IF(H28<H27,1,IF(H28=H27,J27+1,0)) -> 17
